Workbook
Name ProtectBlockBuilder: #REF!,#REF!,#REF!,#REF!,#REF!,#REF!,#REF!,#REF!,#REF!
Name ProtectBlockBuilder: #REF!,#REF!,#REF!,#REF!,#REF!,#REF!,#REF!,#REF!,#REF!
Name ProtectBlockBuilder: #REF!,#REF!,#REF!,#REF!,#REF!,#REF!,#REF!,#REF!,#REF!
Name ProtectBlockBuilder: #REF!,#REF!,#REF!,#REF!,#REF!,#REF!,#REF!,#REF!,#REF!
Name ProtectBlockBuilder: #REF!,#REF!,#REF!,#REF!,#REF!,#REF!,#REF!,#REF!,#REF!
Name ProtectBlockBuilder: #REF!,#REF!,#REF!,#REF!,#REF!,#REF!,#REF!,#REF!,#REF!
Name ProtectBlockBuilder: #REF!,#REF!,#REF!,#REF!,#REF!,#REF!,#REF!,#REF!,#REF!
Name ProtectBlockBuilder: #REF!,#REF!,#REF!,#REF!,#REF!,#REF!,#REF!,#REF!,#REF!
Name ProtectSummary: Summary!$C$4:$C$6
Name ProtectUseAllocation: #REF!,#REF!,#REF!,#REF!,#REF!,#REF!,#REF!,#REF!,#REF!,#REF!,#REF!,#REF!
Name ProtectUseAllocation: #REF!,#REF!,#REF!,#REF!,#REF!,#REF!,#REF!,#REF!,#REF!,#REF!,#REF!,#REF!
Name ProtectUseAllocation: #REF!,#REF!,#REF!,#REF!,#REF!,#REF!,#REF!,#REF!,#REF!,#REF!,#REF!,#REF!
Name ProtectUseAllocation: #REF!,#REF!,#REF!,#REF!,#REF!,#REF!,#REF!,#REF!,#REF!,#REF!,#REF!,#REF!
Name ProtectUseAllocation: #REF!,#REF!,#REF!,#REF!,#REF!,#REF!,#REF!,#REF!,#REF!,#REF!,#REF!,#REF!
Name ProtectUseAllocation: #REF!,#REF!,#REF!,#REF!,#REF!,#REF!,#REF!,#REF!,#REF!,#REF!,#REF!,#REF!
Name ProtectUseAllocation: #REF!,#REF!,#REF!,#REF!,#REF!,#REF!,#REF!,#REF!,#REF!,#REF!,#REF!,#REF!
Name ProtectUseAllocation: #REF!,#REF!,#REF!,#REF!,#REF!,#REF!,#REF!,#REF!,#REF!,#REF!,#REF!,#REF!
Name sBuilding: #REF!
Name sBuilding: #REF!
Name sBuilding: #REF!
Name sBuilding: #REF!
Name sBuilding: #REF!
Name sBuilding: #REF!
Name sBuilding: #REF!
Name sBuilding: #REF!
Name sBuilding: 'Building Summary'!$A$2:$A$22
Name sBuilding_Cost: #REF!
Name sBuilding_Cost: #REF!
Name sBuilding_Cost: #REF!
Name sBuilding_Cost: #REF!
Name sBuilding_Cost: #REF!
Name sBuilding_Cost: #REF!
Name sBuilding_Cost: #REF!
Name sBuilding_Cost: #REF!
Name sBuilding_Cost: 'Building Summary'!$AD$2:$AD$22
Name sCommunity_Commercial_SF: #REF!
Name sCommunity_Commercial_SF: #REF!
Name sCommunity_Commercial_SF: #REF!
Name sCommunity_Commercial_SF: #REF!
Name sCommunity_Commercial_SF: #REF!
Name sCommunity_Commercial_SF: #REF!
Name sCommunity_Commercial_SF: #REF!
Name sCommunity_Commercial_SF: #REF!
Name sCommunity_Commercial_SF: 'Building Summary'!$I$2:$I$22
Name sCommunitySF: #REF!
Name sCommunitySF: #REF!
Name sCommunitySF: #REF!
Name sCommunitySF: #REF!
Name sCommunitySF: #REF!
Name sCommunitySF: #REF!
Name sCommunitySF: #REF!
Name sCommunitySF: #REF!
Name sCommunitySF: 'Building Summary'!$H$2:$H$22
Name sOfficeSF: #REF!
Name sOfficeSF: #REF!
Name sOfficeSF: #REF!
Name sOfficeSF: #REF!
Name sOfficeSF: #REF!
Name sOfficeSF: #REF!
Name sOfficeSF: #REF!

Sheet Block Builder
A1: URBANPLAN: BLOCK BUILDER
B3: BLOCK BUILDER
B4: Building Type | C4: Block 1 | D4: Block 2 | E4: Block 3 | F4: Block 4 | G4: Block 5 | H4: Block 6 | K4: Building Information
B5: Residential | M5: Site Coverage | N5: Housing Units | O5: Retail SF
B6: Townhouses | C6: 0 | D6: 3 | E6: 3 | F6: 0 | G6: 0 | H6: 3 | K6: 8 units, 10k SF footprint | M6: =Model!I25*Model!J25 -> 90000 | N6: =Model!AD25 -> 72
B7: Podium Apartments 1 | C7: 0 | D7: 0 | E7: 0 | F7: 2 | G7: 0 | H7: 0 | K7: 60 units, 20k SF footprint | M7: =Model!I26*Model!J26 -> 40000 | N7: =Model!AD26 -> 120
B8: Podium Apartments 2 (Mixed Use) | C8: 0 | D8: 1 | E8: 0 | F8: 0 | G8: 0 | H8: 0 | K8: 60 units, 5k retail, 20k SF footprint | M8: =Model!I27*Model!J27 -> 20000 | N8: =Model!AD27 -> 60 | O8: =Model!AH27 -> 5000
B9: Luxury Condo 1 | C9: 0 | D9: 0 | E9: 0 | F9: 0 | G9: 0 | H9: 0 | K9: 56 units, 20k SF footprint | M9: =Model!I28*Model!J28 -> 0 | N9: =Model!AD28 -> 0
B10: Luxury Condo 2 (Mixed Use) | C10: 0 | D10: 1 | E10: 0 | F10: 0 | G10: 0 | H10: 0 | K10: 56 units, 5k retail, 20k SF footprint | M10: =Model!I29*Model!J29 -> 20000 | N10: =Model!AD29 -> 56 | O10: =Model!AH29 -> 5000
B11: Office | M11: Site Coverage | O11: Retail SF | P11: Office SF
B12: Low-Rise Office 1 | C12: 0 | D12: 0 | E12: 1 | F12: 0 | G12: 0 | H12: 0 | K12: 45k SF, 30k SF footprint | M12: =Model!I31*Model!J31 -> 30000 | P12: =Model!AE31 -> 45000
B13: Low-Rise Office 2 | C13: 1 | D13: 0 | E13: 0 | F13: 0 | G13: 0 | H13: 0 | K13: 60k SF, 40k SF footprint | M13: =Model!I32*Model!J32 -> 40000 | P13: =Model!AE32 -> 60000
B14: Mid-Rise Office 1 | C14: 0 | D14: 0 | E14: 0 | F14: 0 | G14: 0 | H14: 0 | K14: 120k SF, 40k footprint | M14: =Model!I33*Model!J33 -> 0 | P14: =Model!AE33 -> 0
B15: Mid-Rise Office 2 (Mixed Use) | C15: 1 | D15: 0 | E15: 0 | F15: 0 | G15: 0 | H15: 0 | K15: 120k SF, 5k retail, 20k footprint | M15: =Model!I34*Model!J34 -> 20000 | O15: =Model!AH34 -> 5000 | P15: =Model!AE34 -> 120000
B16: Retail | M16: Site Coverage | O16: Retail SF
B17: Retail 1 | C17: 0 | D17: 0 | E17: 0 | F17: 0 | G17: 0 | H17: 0 | K17: 5k SF, 10k SF footprint | M17: =Model!I35*Model!J35 -> 0 | O17: =Model!AH35 -> 0
B18: Retail 2 | C18: 2 | D18: 2 | E18: 0 | F18: 0 | G18: 0 | H18: 0 | K18: 10k SF, 20k SF footprint | M18: =Model!I36*Model!J36 -> 80000 | O18: =Model!AH36 -> 40000
B19: Supermarket | C19: 0 | D19: 0 | E19: 0 | F19: 0 | G19: 1 | K19: 40k SF, 50k SF footprint | M19: =Model!I37*Model!J37 -> 50000 | O19: =Model!AH37 -> 40000
B20: Q-Mart | C20: 0 | D20: 0 | K20: 80k SF, 100k SF footprint | M20: =Model!I38*Model!J38 -> 0 | O20: =Model!AH38 -> 0
B21: Rehab | M21: Site Coverage | N21: Housing Units | O21: Retail SF | P21: Office SF | Q21: Subsidized Community | R21: Rent Free Community
B22: Phoenix Hotel | D22: Demolish | I22: GO TO USE ALLOCATION | K22: 60k SF, 20k SF footprint | M22: =Model!I40*Model!J40 -> 0 | N22: =Model!AD40 -> 0 | O22: =Model!AH40 -> 0 | P22: =Model!AE40 -> 0 | Q22: =Model!AI40 -> 0 | R22: =Model!AJ40 -> 0
B23: York Dry Goods | E23: Rehab | I23: GO TO USE ALLOCATION | K23: 48k SF, 20K SF footprint | M23: =Model!I41*Model!J41 -> 20000 | N23: =Model!AD41 -> 30 | O23: =Model!AH41 -> 5000 | P23: =Model!AE41 -> 3500 | Q23: =Model!AI41 -> 3500 | R23: =Model!AJ41 -> 0
B24: Victorian Row | F24: Rehab | I24: GO TO USE ALLOCATION | K24: 75k SF, 40k SF footprint | M24: =Model!I42*Model!J42 -> 40000 | N24: =Model!AD42 -> 40 | O24: =Model!AH42 -> 5000 | P24: =Model!AE42 -> 10000 | Q24: =Model!AI42 -> 0 | R24: =Model!AJ42 -> 10000
B25: New Homeless Shelter | M25: Site Coverage | O25: Retail SF
B26: New Homeless Shelter | C26: 1 | D26: 0 | E26: 0 | F26: 0 | G26: 0 | H26: 0 | K26: 60k SF, 20k SF footprint | M26: =Model!I30*Model!J30 -> 20000
B27: Open Space | M27: Site Coverage | O27: Retail SF
B28: Park/Plaza | C28: 0 | D28: 2 | E28: 0 | F28: 0 | G28: 0 | H28: 2 | K28: 5k SF footprint | M28: =Model!I43*Model!J43 -> 20000
B29: Sports Courts | C29: 0 | D29: 0 | E29: 0 | F29: 0 | G29: 1 | H29: 0 | K29: 10k SF footprint | M29: =Model!I44*Model!J44 -> 10000
B30: Skate Park | C30: 0 | D30: 0 | E30: 0 | F30: 0 | G30: 0 | H30: 0 | K30: 10k SF footprint | M30: =Model!I45*Model!J45 -> 0
B32: FOOTPRINT USED
C33: Block 1 | D33: Block 2 | E33: Block 3 | F33: Block 4 | G33: Block 5 | H33: Block 6 | I33: Total
B34: Block Size | C34: 120000 | D34: 120000 | E34: 80000 | F34: 80000 | G34: 60000 | H34: 40000 | I34: =SUM(C34:H34) -> 500000
B35: Planned | C35: =Model!C15 -> 120000 | D35: =Model!D15 -> 120000 | E35: =Model!E15 -> 80000 | F35: =Model!F15 -> 80000 | G35: =Model!G15 -> 60000 | H35: =Model!H15 -> 40000 | I35: =SUM(C35:H35) -> 500000 | M35: =SUM(M6:M30) -> 500000 | N35: =SUM(N6:N30) -> 378 | O35: =SUM(O6:O30) -> 105000 | P35: =SUM(P6:P30) -> 238500 | Q35: =SUM(Q6:Q30) -> 3500 | R35: =SUM(R6:R30) -> 10000 | S35: =SUM(S6:S30) -> 0
B36: Overbuilt/(Underbuilt) | C36: =C35-C34 -> 0 | D36: =D35-D34 -> 0 | E36: =E35-E34 -> 0 | F36: =F35-F34 -> 0 | G36: =G35-G34 -> 0 | H36: =H35-H34 -> 0 | I36: =SUM(C36:H36) -> 0
C37: =IF(C36>0,"OVERBUILT","") | D37: =IF(D36>0,"OVERBUILT","") | E37: =IF(E36>0,"OVERBUILT","") | F37: =IF(F36>0,"OVERBUILT","") | G37: =IF(G36>0,"OVERBUILT","") | H37: =IF(H36>0,"OVERBUILT","") | I37: =IF(I36>0,"OVERBUILT","")
B38: BLOCK USAGE
C39: Block 1 | D39: Block 2 | E39: Block 3 | F39: Block 4 | G39: Block 5 | H39: Block 6 | I39: Total
B40: Building Footprint | C40: =C35-C41 -> 80000 | D40: =D35-D41 -> 100000 | E40: =E35-E41 -> 65000 | F40: =F35-F41 -> 80000 | G40: =G35-G41 -> 50000 | H40: =H35-H41 -> 40000 | I40: =SUM(C40:H40) -> 415000
B41: Parking Footprint | C41: =Model!C20 -> 40000 | D41: =Model!D20 -> 20000 | E41: =Model!E20 -> 15000 | F41: =Model!F20 -> 0 | G41: =Model!G20 -> 10000 | H41: =Model!H20 -> 0 | I41: =SUM(C41:H41) -> 85000
B42: Total Planned | C42: =SUM(C40:C41) -> 120000 | D42: =SUM(D40:D41) -> 120000 | E42: =SUM(E40:E41) -> 80000 | F42: =SUM(F40:F41) -> 80000 | G42: =SUM(G40:G41) -> 60000 | H42: =SUM(H40:H41) -> 40000 | I42: =SUM(C42:H42) -> 500000

Sheet List
A1: 0 | B1: 0 | C1: 0 | D1: 0 | E1: 0 | F1: 0 | G1: 0 | H1: 0 | I1: 0 | J1: 0 | K1: 0 | L1: 0 | M1: 0 | N1: 0 | O1: 0
A2: 0.25 | B2: 5000 | C2: 10000 | D2: 15000 | E2: 2500 | F2: 7000 | G2: 2000 | H2: 3500 | I2: 1500 | J2: 5000 | K2: 6000 | L2: 4000 | M2: 5000 | N2: 5500 | O2: 7500
A3: 0.5 | B3: 10000
A4: 0.75 | B4: 15000
A5: 1 | B5: 20000

Sheet Use Allocation
A1: URBANPLAN: USE ALLOCATION
B3: AFFORDABLE HOUSING CREATION | G3: NET ZERO BUILDING %
B4: Product Type | E4: % Affordable | G4: Total Construction Costs | J4: =Costs!H40 -> 2.49865e+08
B5: Townhouses (Moderate Income) | E5: 0.05 | G5: Cost for 100% of buildings to achieve Net Zero | J5: =J4*0.03 -> 7495950
B6: Podium Apartments (Low Income) | E6: 0.2 | G6: % of buildings that will be Net Zero (0 to 100%) | J6: 0.2
B7: Rehab (Very Low Income) | E7: 0.05 | G7: Total Net Zero Building Cost | J7: =J5*J6 -> 1499190
B9: PHOENIX HOTEL REHAB
B10: Choice | E10: ='Block Builder'!D22 -> Demolish | F10: CHOOSE IN BLOCK BUILDER
B11: Use: Mixed-Use or Shelter | E11: Mixed Use | F11: OVERRIDEN IN MODEL IF DEMOLISHED ABOVE
B12: Location | F12: Shelter SF | G12: Retail SF | H12: Office SF | I12: Residential Units | J12: Residential SF | K12: Total SF
B13: Floor 1 (15,000 SF) | G13: 0
B14: Floor 2 (15,000 SF) | I14: 0 | J14: =(IFERROR(I14/12,I14/12)*15000)*Model!$D$40 -> 0
B15: Floor 3 (15,000 SF) | I15: 0 | J15: =(IFERROR(I15/12,I15/12)*15000)*Model!$D$40 -> 0
B16: Floor 4 (15,000 SF) | I16: 0 | J16: =(IFERROR(I16/12,I16/12)*15000)*Model!$D$40 -> 0
B17: Office (Remainder) | H17: =(60000-SUM(G19,J19))*Model!I40 -> 0
B18: Shelter | F18: =Model!I39*Model!AM39 -> 0
B19: Total Phoenix Hotel Rehab | F19: =SUM(F13:F18) -> 0 | G19: =SUM(G13:G18)*Model!I40 -> 0 | H19: =H17 -> 0 | I19: =SUM(I14:I16)*Model!I40 -> 0 | J19: =SUM(J13:J18) -> 0 | K19: =G19+H19+J19+F19 -> 0
B21: YORK DRY GOODS
B22: Location | E22: Subsidized Community SF | F22: Rent-Free Community SF | G22: Retail SF | H22: Office SF | I22: Residential Units | J22: Residential SF | K22: Total SF
B23: Floor 1 (12,000 SF) | G23: 5000
B24: Floor 2 (12,000 SF) | I24: 10 | J24: =IFERROR(I24/10,I24/10)*12000 -> 12000
B25: Floor 3 (12,000 SF) | I25: 10 | J25: =IFERROR(I25/10,I25/10)*12000 -> 12000
B26: Floor 4 (12,000 SF) | I26: 10 | J26: =IFERROR(I26/10,I26/10)*12000 -> 12000
B27: Branch Library (7,500 SF) | E27: 0
B28: Community Art Space (2,500 SF) | E28: 0
B29: Community Space with Resilience Hub (7,000 SF) | E29: 0
B30: Day Care Center (3,500 SF) | E30: 3500
B31: Drug Treatment Center (1,500 SF) | E31: 0
B32: Police Sub-Station (1,500 SF) | E32: 0
B33: Public Health Clinic (5,000 SF) | E33: 0
B34: Senior Center (6,000 SF) | E34: 0
B35: Small Business Incubator (4,000 SF) | E35: 0
B36: Teen Center (5,000 SF) | E36: 0
B37: Yorktown Bike Share (5,500 SF) | E37: 0
B38: Artist Studios (10,000 SF) | F38: 0
B39: University Classrooms (15,000 SF) | F39: 0
B40: Office (Remainder) | H40: =(48000-SUM(G41,J41,E41,F41))*Model!I41 -> 3500
B41: Total | E41: =SUM(E23:E40) -> 3500 | F41: =SUM(F23:F40) -> 0 | G41: =SUM(G23:G40) -> 5000 | H41: =IF(H40<0,"OVERALLOCATED",H40) -> 3500 | I41: =SUM(I23:I40) -> 30 | J41: =SUM(J23:J40) -> 36000 | K41: =G41+H41+J41+E41+F41 -> 48000
B43: VICTORIAN ROW REHAB
B44: Is Victorian Row Rehabbed? | E44: ='Block Builder'!F24 -> Rehab | F44: CHOOSE FROM BLOCK BUILDER | H44: =IF(E44="demolish","ALL INPUTS BELOW ADD TO ZERO","")
B45: Location | F45: Rent-Free Community SF | G45: Retail SF | H45: Office SF | I45: Residential Units | J45: Residential SF | K45: Total SF
B46: Floor 1 (25,000 SF) | G46: 5000
B47: Floor 2 (25,000 SF) | I47: 20 | J47: =(IFERROR(I47/20,I47/20)*25000)*Model!$F$42 -> 25000
B48: Floor 3 (25,000 SF) | I48: 20 | J48: =(IFERROR(I48/20,I48/20)*25000)*Model!$F$42 -> 25000
B49: Artist Studios (10,000 SF) | F49: 10000
B50: University Classrooms (15,000 SF) | F50: 0
B51: Office (Remainder) | H51: =(75000-SUM(G52,J52,F52))*Model!I42 -> 10000
B52: Total | F52: =SUM(F46:F51)*Model!I42 -> 10000 | G52: =SUM(G46:G51)*Model!I42 -> 5000 | H52: =IF(H51<0,"OVERALLOCATED",H51) -> 10000 | I52: =SUM(I46:I51)*Model!I42 -> 40 | J52: =SUM(J46:J51) -> 50000 | K52: =G52+H52+J52+F52 -> 75000
B54: Notes:
B55: (1) Units will be rounded to the closest whole number based upon percentage entered.

Sheet Summary
A1: URBANPLAN: SUMMARY
B3: Team Information
B4: Team Name | C4: Name
B5: Team Number | C5: Number
B6: Location | C6: Location
B8: Footprint and Use Allocation Check | F8: Developer Return Summary
B9: Is any block overbuilt? Yes/No | C9: =IF(COUNTIF('Block Builder'!C37:H37,"overbuilt"),"Yes","No") -> No | D9: =IF(C9="No","","<=GO TO BLOCK BUILDER") | F9: Market Value | H9: =Value!L40 -> 308611000
B10: Are existing buildings overallocated? Yes/No | C10: =IF(OR('Use Allocation'!H40<0,'Use Allocation'!H51<0),"Yes","No") -> No | D10: =IF(C10="No","","<=GO TO USE ALLOCATION") | F10: Costs/Subsidies
F11: - Construction Costs | H11: =-Costs!H40 -> -2.49865e+08
B12: Affordable Housing Creation | C12: Total Units | D12: % | F12: - Land Payment | H12: =-Model!H5 -> -20000000
B13: Townhouses (Moderate Income) | C13: =Costs!D6 -> 4 | D13: ='Use Allocation'!E5 -> 0.05 | F13: - Absorption Penalty | H13: =Value!P40 -> 0
B14: Podium Apartments (Low Income) | C14: =Costs!D7+Costs!D8 -> 36 | D14: ='Use Allocation'!E6 -> 0.2 | F14: + City Construction Cost Subsidy | H14: =Costs!L40 -> 3162000
B15: Rehab (Very Low Income) | C15: =SUM(Costs!D11:D13) -> 4 | D15: ='Use Allocation'!E7 -> 0.05 | F15: - Net Zero Building Cost | H15: =-'Use Allocation'!J7 -> -1499190
B16: Luxury Condominium | C16: 0 | D16: 0 | F16: - Shelter: Relocation Fee | H16: =Model!L4 -> 0
B17: Total Affordable Housing Units | C17: =SUM(C13:C16) -> 44 | D17: =H52 -> 0.11640212 | F17: Total Costs/Subsidies | H17: =SUM(H11:H16) -> -268202190
F18: Developer Net Profit | H18: =H9+H17 -> 40408810
C19: Total Units/SF | D19: Years to | F19: Rate of Return | H19: =H18/-H17 -> 0.15066547
D20: Absorb
B21: Market-Rate Residential | C21: Total Units | F21: City Revenue Summary
B22: Phoenix Hotel | C22: =Market!C6 -> 0 | D22: In Podium | F22: City Revenue | H22: $
B23: York Dry Goods | C23: =Market!C7 -> 28 | D23: In Podium | F23: + City Tax Revenue (10-Year) | H23: ='City Revenue'!N45 -> 22170000
B24: Victorian Row | C24: =Market!C8 -> 38 | D24: In Podium | F24: - City Operating Costs (10-Year) | H24: ='City Revenue'!N46 -> -1203250
B25: Townhouses | C25: =Market!C9 -> 68 | D25: =Market!G9 -> 2.8333333 | F25: + Sale of Land to Developer | H25: ='City Revenue'!N48 -> 20000000
B26: Podium Apartments | C26: =Market!C10 -> 144 | D26: =Market!G10 -> 2.1 | F26: - Cost of Land Acquisition | H26: ='City Revenue'!N49 -> -25000000
B27: Luxury Condos | C27: =Market!C11 -> 56 | D27: =Market!G11 -> 1.6 | F27: - City Construction Cost Subsidy | H27: ='City Revenue'!N50 -> -3162000
B28: Office | C28: Total SF | F28: City Net Revenue | H28: =SUM(H23:H27) -> 12804750
B29: Phoenix Hotel | C29: =Market!C13 -> 0 | D29: In Low Rise
B30: York Dry Goods | C30: =Market!C14 -> 3500 | D30: In Low Rise | F30: City Fee Summary
B31: Victorian Row | C31: =Market!C15 -> 10000 | D31: In Low Rise | F31: Fee to City for relocating shelter | H31: =Costs!H45 -> 0
B32: Low-Rise Office | C32: =Market!C16 -> 105000 | D32: =Market!G16 -> 1.48125
B33: Mid-Rise Office | C33: =Market!C17 -> 120000 | D33: =Market!G17 -> 1.7142857 | F33: Open Space | G33: SF | H33: % of Site Area
B34: Retail | C34: Total SF | F34: Park/Plaza | G34: =Costs!E37 -> 20000 | H34: =G34/TotalSiteArea -> 0.04
B35: Phoenix Hotel | C35: =Market!C19 -> 0 | D35: In Neigh. Ret. | F35: Sports Courts | G35: =Costs!E38 -> 10000 | H35: =G35/TotalSiteArea -> 0.02
B36: York Dry Goods | C36: =Market!C20 -> 5000 | D36: In Neigh. Ret. | F36: Skate Park | G36: =Costs!E39 -> 0 | H36: =G36/TotalSiteArea -> 0
B37: Victorian Row | C37: =Market!C21 -> 5000 | D37: In Neigh. Ret. | F37: Total Open Space | G37: =SUM(G34:G36) -> 30000 | H37: =G37/TotalSiteArea -> 0.06
B38: Mid-Rise Office 2 | C38: =Market!C22 -> 5000 | D38: In Neigh. Ret.
B39: Podium Apartments 2 | C39: =Market!C23 -> 5000 | D39: In Neigh. Ret. | F39: Net Zero
B40: Luxury Condos 2 | C40: =Market!C24 -> 5000 | D40: In Neigh. Ret. | F40: Fee | G40: ='Use Allocation'!J6 -> 0.2 | H40: ='Use Allocation'!J7 -> 1499190
B41: Neighborhood Retail | C41: =Market!C25 -> 40000 | D41: =Market!G25 -> 2.9545455
B42: Supermarket | C42: =Market!C26 -> 40000 | D42: =Market!G26 -> 2.6666667 | F42: Jobs Creation Summary
B43: Q-Mart | C43: =Market!C27 -> 0 | D43: =Market!G27 -> 0 | F43: Job Creation | H43: # of Jobs
F44: Part-Time Entry Level | H44: =Jobs!D45 -> 231
B45: Community Facilities | C45: Subsidized SF | D45: Rent-Free SF | F45: Full-Time Entry Level | H45: =Jobs!E45 -> 404
B46: York Dry Goods | F46: Mid-Paying | H46: =Jobs!F45 -> 454
B47: Branch Library (7,500 SF) | C47: ='Use Allocation'!E27 -> 0 | F47: High-Paying | H47: =Jobs!G45 -> 81
B48: Community Art Space (2,500 SF) | C48: ='Use Allocation'!E28 -> 0 | F48: Total Jobs | H48: =SUM(H44:H47) -> 1170
B49: Community Space with Resilience Hub (7,000 SF) | C49: ='Use Allocation'!E29 -> 0
B50: Day Care Center (3,500 SF) | C50: ='Use Allocation'!E30 -> 3500 | F50: Total Housing Summary | G50: Units | H50: %
B51: Drug Treatment Center (1,500 SF) | C51: ='Use Allocation'!E31 -> 0 | F51: Market-Rate Housing Creation | G51: =Model!AB47 -> 334 | H51: =IFERROR(G51/$G$53,0) -> 0.88359788
B52: Police Sub-Station (1,500 SF) | C52: ='Use Allocation'!E32 -> 0 | F52: Affordable Housing Creation | G52: =Model!AC47 -> 44 | H52: =IFERROR(G52/$G$53,0) -> 0.11640212
B53: Public Health Clinic (5,000 SF) | C53: ='Use Allocation'!E33 -> 0 | F53: Total Housing Units | G53: =SUM(G51:G52) -> 378 | H53: =SUM(H51:H52) -> 1
B54: Senior Center (6,000 SF) | C54: ='Use Allocation'!E34 -> 0
B55: Small Business Incubator (4,000 SF) | C55: ='Use Allocation'!E35 -> 0 | F55: Jobs to Housing Ratio
B56: Teen Center (5,000 SF) | C56: ='Use Allocation'!E36 -> 0 | F56: Total Number of Jobs | H56: =H48 -> 1170
B57: Yorktown Bike Share (5,500 SF) | C57: ='Use Allocation'!E37 -> 0 | F57: Total Number of Housing Units | H57: =G53 -> 378
B58: Artist Studios (10,000 SF) | D58: ='Use Allocation'!F38 -> 0 | F58: Ratio (Jobs to Housing) | H58: =ROUND(H56/H57,0)&" to 1" -> 3 to 1
B59: University Classrooms (15,000 SF) | D59: ='Use Allocation'!F39 -> 0
B60: Victorian Row | F60: Parking | H60: Stalls
B61: Artists Studios (10,000 SF) | D61: ='Use Allocation'!F49*Model!$I$42 -> 10000 | F61: Surface | H61: =Model!AN47 -> 179
B62: University Classrooms (15,000 SF) | D62: ='Use Allocation'!F50*Model!$I$42 -> 0 | F62: Structured | H62: =Model!AO47 -> 456
B63: Total Community Facilities | C63: =SUM(C47:C62) -> 3500 | D63: =SUM(D47:D62) -> 10000 | F63: Subterranean | H63: =Model!AP47 -> 521
F64: Total | H64: =SUM(H61:H63) -> 1156

Sheet Costs
A1: URBANPLAN: COSTS
F4: X Cost/(Unit or Bldg SF) | G4: = | H4: Construction Cost | I4: X | J4: % City Share of Cost | K4: = | L4: Total City Cost
B5: Residential | C5: Market-Rate | D5: Affordable | E5: Total Units | F5: Cost/Unit
B6: Townhouses | C6: =Model!AB25 -> 68 | D6: =Model!AC25 -> 4 | E6: =C6+D6 -> 72 | F6: =ROUND(IFERROR(H6/E6,0),2) -> 407500 | H6: =Model!N25+Model!O25 -> 29340000 | J6: =Model!$C$4 -> 0.15 | L6: =Model!Y25 -> 220000
B7: Podium Apartments 1 | C7: =Model!AB26 -> 96 | D7: =Model!AC26 -> 24 | E7: =C7+D7 -> 120 | F7: =ROUND(IFERROR(H7/E7,0),2) -> 210000 | H7: =Model!N26+Model!O26 -> 25200000 | J7: =Model!$C$4 -> 0.15 | L7: =Model!Y26 -> 756000
B8: Podium Apartments 2 | C8: =Model!AB27 -> 48 | D8: =Model!AC27 -> 12 | E8: =C8+D8 -> 60 | F8: =ROUND(IFERROR(H8/E8,0),2) -> 266470.59 | H8: =Model!N27+Model!O27 -> 15988235 | J8: =Model!$C$4 -> 0.15 | L8: =Model!Y27 -> 480000
B9: Luxury Condos 1 | C9: =Model!AB28 -> 0 | E9: =C9+D9 -> 0 | F9: =ROUND(IFERROR(H9/E9,0),2) -> 0 | H9: =Model!N28 -> 0
B10: Luxury Condos 2 | C10: =Model!AB29 -> 56 | E10: =C10+D10 -> 56 | F10: =ROUND(IFERROR(H10/E10,0),2) -> 526890.76 | H10: =Model!N29 -> 29505882
B11: Phoenix Hotel | C11: =Model!AB40 -> 0 | D11: =Model!AC40 -> 0 | E11: =C11+D11 -> 0 | F11: =ROUND(IFERROR(H11/E11,0),2) -> 0 | H11: =Model!N40+Model!O40 -> 0 | J11: =Model!$C$4 -> 0.15 | L11: =Model!Y40 -> 0
B12: York Dry Goods | C12: =Model!AB41 -> 28 | D12: =Model!AC41 -> 2 | E12: =C12+D12 -> 30 | F12: =ROUND(IFERROR(H12/E12,0),2) -> 300000 | H12: =Model!N41+Model!O41 -> 9000000 | J12: =Model!$C$4 -> 0.15 | L12: =Model!V41 -> 68000
B13: Victorian Row | C13: =Model!AB42 -> 38 | D13: =Model!AC42 -> 2 | E13: =C13+D13 -> 40 | F13: =ROUND(IFERROR(H13/E13,0),2) -> 312500 | H13: =Model!N42+Model!O42 -> 12500000 | J13: =Model!$C$4 -> 0.15 | L13: =Model!Y42 -> 94000
B14: Office | E14: Building SF | F14: Cost/SF
B15: Phoenix Hotel | E15: =Model!AE40 -> 0 | F15: =ROUND(IFERROR(H15/E15,0),2) -> 0 | H15: =Model!M40 -> 0
B16: York Dry Goods | E16: =Model!AE41 -> 3500 | F16: =ROUND(IFERROR(H16/E16,0),2) -> 250 | H16: =Model!M41 -> 875000
B17: Victorian Row | E17: =Model!AE42 -> 10000 | F17: =ROUND(IFERROR(H17/E17,0),2) -> 250 | H17: =Model!M42 -> 2500000
B18: Low-Rise Office 1 | E18: =Model!AE31 -> 45000 | F18: =ROUND(IFERROR(H18/E18,0),2) -> 312.5 | H18: =Model!M31 -> 14062500
B19: Low-Rise Office 2 | E19: =Model!AE32 -> 60000 | F19: =ROUND(IFERROR(H19/E19,0),2) -> 312.5 | H19: =Model!M32 -> 18750000
B20: Mid-Rise Office 1 | E20: =Model!AE33 -> 0 | F20: =ROUND(IFERROR(H20/E20,0),2) -> 0 | H20: =Model!M33 -> 0
B21: Mid-Rise Office 2 | E21: =Model!AE34 -> 120000 | F21: =ROUND(IFERROR(H21/E21,0),2) -> 472.8 | H21: =Model!M34 -> 56736000
B22: Retail | E22: Building SF | F22: Cost/SF
B23: Phoenix Hotel | E23: =Model!AH40 -> 0 | F23: =ROUND(IFERROR(H23/E23,0),2) -> 0 | H23: =Model!P40 -> 0
B24: York Dry Goods | E24: =Model!AH41 -> 5000 | F24: =ROUND(IFERROR(H24/E24,0),2) -> 250 | H24: =Model!P41 -> 1250000
B25: Victorian Row | E25: =Model!AH42 -> 5000 | F25: =ROUND(IFERROR(H25/E25,0),2) -> 250 | H25: =Model!P42 -> 1250000
B26: Retail in Mid-Rise Office 2 | E26: =Model!AH34 -> 5000 | F26: =ROUND(IFERROR(H26/E26,0),2) -> 472.8 | H26: =Model!P34 -> 2364000
B27: Retail in Podium Apartments 2 | E27: =Model!AH27 -> 5000 | F27: =ROUND(IFERROR(H27/E27,0),2) -> 199.85 | H27: =Model!P27 -> 999264.71
B28: Retail in Luxury Condo 2 | E28: =+Model!AH29 -> 5000 | F28: =ROUND(IFERROR(H28/E28,0),2) -> 368.82 | H28: =Model!P29 -> 1844117.6
B29: Neighborhood Retail | E29: =Model!AH35+Model!AH36 -> 40000 | F29: =ROUND(IFERROR(H29/E29,0),2) -> 250 | H29: =Model!P35+Model!P36 -> 10000000
B30: Supermarket | E30: =Model!AH37 -> 40000 | F30: =ROUND(IFERROR(H30/E30,0),2) -> 287.5 | H30: =Model!P37 -> 11500000
B31: Q-Mart | E31: =Model!AH38 -> 0 | F31: =ROUND(IFERROR(H31/E31,0),2) -> 0 | H31: =Model!P38 -> 0
B32: Community and "Rent-Free" Space Facilities | E32: Building SF | F32: Total Cost
B33: York Dry Goods: Subsidized Community Facilities | E33: =Model!AI41 -> 3500 | F33: =ROUND(IFERROR(H33/E33,0),2) -> 250 | H33: =Model!Q41 -> 875000 | J33: =Model!$C$6 -> 0.15 | L33: =Model!X41 -> 131000
B34: York Dry Goods: Rent-Free Community Facilities | E34: =Model!AJ41 -> 0 | F34: =ROUND(IFERROR(H34/E34,0),2) -> 0 | H34: =Model!R41 -> 0
B35: Victorian Row: Rent-Free Community Facilities | E35: =Model!AJ42 -> 10000 | F35: =ROUND(IFERROR(H35/E35,0),2) -> 250 | H35: =Model!R42 -> 2500000
B36: Open Space | E36: Total SF
B37: Park/Plaza | E37: =Model!AL43 -> 20000 | F37: =ROUND(IFERROR(H37/E37,0),2) -> 92.5 | H37: =Model!L43 -> 1850000 | J37: =Model!$C$5 -> 0.5 | L37: =Model!Y43 -> 925000
B38: Sports Courts | E38: =Model!AL44 -> 10000 | F38: =ROUND(IFERROR(H38/E38,0),2) -> 97.5 | H38: =Model!L44 -> 975000 | J38: =Model!$C$5 -> 0.5 | L38: =Model!Y44 -> 488000
B39: Skate Park | E39: =Model!AL45 -> 0 | F39: =ROUND(IFERROR(H39/E39,0),2) -> 0 | H39: =Model!L45 -> 0 | J39: =Model!$C$5 -> 0.5 | L39: =Model!Y45 -> 0
B40: TOTAL CONSTRUCTION COSTS | H40: =SUM(H6:H39) -> 2.49865e+08 | L40: =SUM(L6:L39) -> 3162000
B42: Homeless Shelter | D42: Beds | E42: Building SF
B43: Phoenix Hotel: Homeless Shelter | D43: =Model!L6*Model!I39 -> 0 | E43: =Model!AK39 -> 0 | J43: Construction cost paid by Church
B44: New Homeless Shelter | D44: =Model!L6*Model!I30 -> 120 | E44: =Model!AK30 -> 60000 | J44: Construction cost paid by Church
B45: Shelter Relocation Fee Charged to Developer | H45: =-Model!L4 -> 0
B46: Parking (Costs Included in Building Above) | E46: Total Spaces
B47: Residential | E47: =Model!AQ26+Model!AQ27+Model!AQ25+Model!AQ28+Model!AQ29 -> 411
B48: Low-Rise Office | E48: =Model!AQ31+Model!AQ32 -> 210
B49: Mid-Rise Office | E49: =Model!AQ33+Model!AQ34 -> 255
B50: Neighborhood Retail | E50: =Model!AQ35+Model!AQ36 -> 120
B51: Supermarket | E51: =Model!AQ37 -> 160
B52: Q-Mart | E52: =Model!AQ38 -> 0
B53: Cost of Land | H53: =Model!H5 -> 20000000 | L53: =Model!H4 -> 25000000
B54: Total Net Zero Building Fee | H54: ='Use Allocation'!J7 -> 1499190
B55: TOTAL COSTS | H55: =H40+H45+H53+H54 -> 271364190 | L55: =L40+L53 -> 28162000
B57: TOTAL UNITS | C57: Market-Rate | D57: Affordable | E57: Total Units | H57: Net Zero Building Cost
B58: Total Residential | C58: =SUM(C6:C44) -> 334 | D58: =SUM(D6:D41) -> 44 | E58: =SUM(E6:E13) -> 378 | H58: Total Net Zero Building Cost | L58: ='Use Allocation'!J7 -> 1499190
B59: Total Shelter Beds | E59: =SUM(D43:D44) -> 120
B60: Total Parking Spaces | E60: =SUM(E47:E52) -> 1156

Sheet Market
A1: URBANPLAN: MARKET ABSORPTION
C4: Total Units/SF | D4: / | E4: Annual Absorption | F4: = | G4: Years to Absorb | H4: Time > 3 Years | I4: Total Absorption Penalty
B5: Market-Rate Residential | C5: Total Units
B6: Phoenix Hotel | C6: =Costs!C11 -> 0 | E6: In Podium | G6: In Podium
B7: York Dry Goods | C7: =Costs!C12 -> 28 | E7: In Podium | G7: In Podium
B8: Victorian Row | C8: =Costs!C13 -> 38 | E8: In Podium | G8: In Podium
B9: Townhouses | C9: =Costs!C6 -> 68 | E9: 24 | G9: =IFERROR(C9/E9,0) -> 2.8333333 | H9: =MAX(G9-3,0) -> 0 | I9: =Value!P6 -> 0
B10: Podium Apartments | C10: =Costs!C7+Costs!C8 -> 144 | E10: 100 | G10: =IFERROR(SUM($C$6:$C$8,$C$10)/E10,0) -> 2.1 | H10: =MAX(G10-3,0) -> 0 | I10: =Value!P7+Value!P8 -> 0
B11: Luxury Condos | C11: =Costs!C9+Costs!C10 -> 56 | E11: 35 | G11: =IFERROR(C11/E11,0) -> 1.6 | H11: =MAX(G11-3,0) -> 0 | I11: =Value!P9+Value!P10 -> 0
B12: Office | C12: Total SF
B13: Phoenix Hotel | C13: =Costs!E15 -> 0 | E13: In Low Rise | G13: In Low Rise
B14: York Dry Goods | C14: =Costs!E16 -> 3500 | E14: In Low Rise | G14: In Low Rise
B15: Victorian Row | C15: =Costs!E17 -> 10000 | E15: In Low Rise | G15: In Low Rise
B16: Low-Rise Office | C16: =Costs!E18+Costs!E19 -> 105000 | E16: 80000 | G16: =IFERROR(SUM(C13:C16)/E16,0) -> 1.48125 | H16: =MAX(G16-3,0) -> 0 | I16: =Value!P18+Value!P19 -> 0
B17: Mid-Rise Office | C17: =Costs!E20+Costs!E21 -> 120000 | E17: 70000 | G17: =IFERROR(C17/E17,0) -> 1.7142857 | H17: =MAX(G17-3,0) -> 0 | I17: =Value!P20+Value!P21 -> 0
B18: Retail | C18: Total SF
B19: Phoenix Hotel | C19: =Costs!E23 -> 0 | E19: In Neigh. Ret. | G19: In Neigh. Ret.
B20: York Dry Goods | C20: =Costs!E24 -> 5000 | E20: In Neigh. Ret. | G20: In Neigh. Ret.
B21: Victorian Row | C21: =Costs!E25 -> 5000 | E21: In Neigh. Ret. | G21: In Neigh. Ret.
B22: Mid-Rise Office 2 | C22: =Costs!E26 -> 5000 | E22: In Neigh. Ret. | G22: In Neigh. Ret.
B23: Podium Apartments 2 | C23: =Costs!E27 -> 5000 | E23: In Neigh. Ret. | G23: In Neigh. Ret.
B24: Luxury Condos 2 | C24: =Costs!E28 -> 5000 | E24: In Neigh. Ret. | G24: In Neigh. Ret.
B25: Neighborhood Retail | C25: =Costs!E29 -> 40000 | E25: 22000 | G25: =IFERROR(SUM(C19:C25)/E25,0) -> 2.9545455 | H25: =MAX(G25-3,0) -> 0 | I25: =Value!P29 -> 0
B26: Supermarket | C26: =Costs!E30 -> 40000 | E26: 15000 | G26: =IFERROR(C26/E26,0) -> 2.6666667 | H26: =MAX(G26-3,0) -> 0 | I26: =Value!P30 -> 0
B27: Q-Mart | C27: =Costs!E31 -> 0 | E27: 30000 | G27: =IFERROR(C27/E27,0) -> 0 | H27: =MAX(G27-3,0) -> 0 | I27: =Value!P31 -> 0

Sheet Value
A1: URBANPLAN: VALUE
F4: Market-Rate Value/Unit | G4: Affordable Value/Unit | H4: X Value/(Unit or SF) | I4: Market-Rate Value | J4: Affordable Value | K4: = | L4: Market Value | M4: - | N4: Cost | O4: - | P4: Absorption Penalty | Q4: + | R4: City Construction Cost Subsidy | S4: = | T4: Developer Profit
B5: Residential | C5: Market-Rate | D5: Affordable | E5: Total Units | H5: Value/Unit
B6: Townhouses | C6: =Costs!C6 -> 68 | D6: =Costs!D6 -> 4 | E6: =Costs!E6 -> 72 | F6: =IFERROR(I6/C6,0) -> 532867.65 | G6: =IFERROR(J6/D6,0) -> 146750 | H6: =ROUND(IFERROR(L6/E6,0),2) -> 511416.67 | I6: =Model!AZ25 -> 36235000 | J6: =Model!BA25 -> 587000 | L6: =I6+J6 -> 36822000 | N6: =Costs!H6 -> 29340000 | P6: =-Model!BM25 -> 0 | R6: =Costs!L6 -> 220000 | T6: =L6-N6+P6+R6 -> 7702000
B7: Podium Apartments 1 | C7: =Costs!C7 -> 96 | D7: =Costs!D7 -> 24 | E7: =Costs!E7 -> 120 | F7: =IFERROR(I7/C7,0) -> 277197.92 | G7: =IFERROR(J7/D7,0) -> 84000 | H7: =ROUND(IFERROR(L7/E7,0),2) -> 238558.33 | I7: =Model!AZ26 -> 26611000 | J7: =Model!BA26 -> 2016000 | L7: =I7+J7 -> 28627000 | N7: =Costs!H7 -> 25200000 | P7: =-Model!BM26 -> 0 | R7: =Costs!L7 -> 756000 | T7: =L7-N7+P7+R7 -> 4183000
B8: Podium Apartments 2 | C8: =Costs!C8 -> 48 | D8: =Costs!D8 -> 12 | E8: =Costs!E8 -> 60 | F8: =IFERROR(I8/C8,0) -> 341187.5 | G8: =IFERROR(J8/D8,0) -> 106583.33 | H8: =ROUND(IFERROR(L8/E8,0),2) -> 294266.67 | I8: =Model!AZ27 -> 16377000 | J8: =Model!BA27 -> 1279000 | L8: =I8+J8 -> 17656000 | N8: =Costs!H8 -> 15988235 | P8: =-Model!BM27 -> 0 | R8: =Costs!L8 -> 480000 | T8: =L8-N8+P8+R8 -> 2147764.7
B9: Luxury Condos 1 | C9: =Costs!C9 -> 0 | E9: =Costs!E9 -> 0 | F9: =IFERROR(I9/C9,0) -> 0 | H9: =ROUND(IFERROR(L9/E9,0),2) -> 0 | I9: =Model!AZ28 -> 0 | L9: =I9+J9 -> 0 | N9: =Costs!H9 -> 0 | P9: =-Model!BM28 -> 0 | T9: =L9-N9+P9+R9 -> 0
B10: Luxury Condos 2 | C10: =Costs!C10 -> 56 | E10: =Costs!E10 -> 56 | F10: =IFERROR(I10/C10,0) -> 726500 | H10: =ROUND(IFERROR(L10/E10,0),2) -> 726500 | I10: =Model!AZ29 -> 40684000 | L10: =I10+J10 -> 40684000 | N10: =Costs!H10 -> 29505882 | P10: =-Model!BM29 -> 0 | T10: =L10-N10+P10+R10 -> 11178118
B11: Phoenix Hotel | C11: =Costs!C11 -> 0 | D11: =Costs!D11 -> 0 | E11: =Costs!E11 -> 0 | F11: =IFERROR(I11/C11,0) -> 0 | G11: =IFERROR(J11/D11,0) -> 0 | H11: =ROUND(IFERROR(L11/E11,0),2) -> 0 | I11: =Model!AZ40 -> 0 | J11: =Model!BA40 -> 0 | L11: =I11+J11 -> 0 | N11: =Costs!H11 -> 0 | P11: In Podium | R11: =Costs!L11 -> 0 | T11: =L11-N11+R11 -> 0
B12: York Dry Goods | C12: =Costs!C12 -> 28 | D12: =Costs!D12 -> 2 | E12: =Costs!E12 -> 30 | F12: =IFERROR(I12/C12,0) -> 403071.43 | G12: =IFERROR(J12/D12,0) -> 90000 | H12: =ROUND(IFERROR(L12/E12,0),2) -> 382200 | I12: =Model!AZ41 -> 11286000 | J12: =Model!BA41 -> 180000 | L12: =I12+J12 -> 11466000 | N12: =Costs!H12 -> 9000000 | P12: In Podium | R12: =Costs!L12 -> 68000 | T12: =L12-N12+R12 -> 2534000
B13: Victorian Row | C13: =Costs!C13 -> 38 | D13: =Costs!D13 -> 2 | E13: =Costs!E13 -> 40 | F13: =IFERROR(I13/C13,0) -> 396868.42 | G13: =IFERROR(J13/D13,0) -> 125000 | H13: =ROUND(IFERROR(L13/E13,0),2) -> 383275 | I13: =Model!AZ42 -> 15081000 | J13: =Model!BA42 -> 250000 | L13: =I13+J13 -> 15331000 | N13: =Costs!H13 -> 12500000 | P13: In Podium | R13: =Costs!L13 -> 94000 | T13: =L13-N13+R13 -> 2925000
B14: Office | E14: Building SF | H14: Value/SF
B15: Phoenix Hotel | E15: =Costs!E15 -> 0 | H15: =ROUND(IFERROR(L15/E15,0),2) -> 0 | L15: =Model!AY40 -> 0 | N15: =Costs!H15 -> 0 | P15: In Low-Rise | T15: =L15-N15+R15 -> 0
B16: York Dry Goods | E16: =Costs!E16 -> 3500 | H16: =ROUND(IFERROR(L16/E16,0),2) -> 312.57 | L16: =Model!AY41 -> 1094000 | N16: =Costs!H16 -> 875000 | P16: In Low-Rise | T16: =L16-N16+R16 -> 219000
B17: Victorian Row | E17: =Costs!E17 -> 10000 | H17: =ROUND(IFERROR(L17/E17,0),2) -> 300 | L17: =Model!AY42 -> 3000000 | N17: =Costs!H17 -> 2500000 | P17: In Low-Rise | T17: =L17-N17+R17 -> 500000
B18: Low-Rise Office 1 | E18: =Costs!E18 -> 45000 | H18: =ROUND(IFERROR(L18/E18,0),2) -> 407.82 | L18: =Model!AY31 -> 18352000 | N18: =Costs!H18 -> 14062500 | P18: =-Model!BL31 -> 0 | T18: =L18-N18+P18+R18 -> 4289500
B19: Low-Rise Office 2 | E19: =Costs!E19 -> 60000 | H19: =ROUND(IFERROR(L19/E19,0),2) -> 407.82 | L19: =Model!AY32 -> 24469000 | N19: =Costs!H19 -> 18750000 | P19: =-Model!BL32 -> 0 | T19: =L19-N19+P19+R19 -> 5719000
B20: Mid-Rise Office 1 | E20: =Costs!E20 -> 0 | H20: =ROUND(IFERROR(L20/E20,0),2) -> 0 | L20: =Model!AY33 -> 0 | N20: =Costs!H20 -> 0 | P20: =-Model!BL33 -> 0 | T20: =L20-N20+P20+R20 -> 0
B21: Mid-Rise Office 2 | E21: =Costs!E21 -> 120000 | H21: =ROUND(IFERROR(L21/E21,0),2) -> 600.78 | L21: =Model!AY34 -> 72094000 | N21: =Costs!H21 -> 56736000 | P21: =-Model!BL34 -> 0 | T21: =L21-N21+P21+R21 -> 15358000
B22: Retail | E22: Building SF | H22: Value/SF
B23: Phoenix Hotel | E23: =Costs!E23 -> 0 | H23: =ROUND(IFERROR(L23/E23,0),2) -> 0 | L23: =Model!BB40 -> 0 | N23: =Costs!H23 -> 0 | P23: In Neighborhood | T23: =L23-N23+R23 -> 0
B24: York Dry Goods | E24: =Costs!E24 -> 5000 | H24: =ROUND(IFERROR(L24/E24,0),2) -> 325 | L24: =Model!BB41 -> 1625000 | N24: =Costs!H24 -> 1250000 | P24: In Neighborhood | T24: =L24-N24+R24 -> 375000
B25: Victorian Row | E25: =Costs!E25 -> 5000 | H25: =ROUND(IFERROR(L25/E25,0),2) -> 312.6 | L25: =Model!BB42 -> 1563000 | N25: =Costs!H25 -> 1250000 | P25: In Neighborhood | T25: =L25-N25+R25 -> 313000
B26: Retail in Mid-Rise Office 2 | E26: =Costs!E26 -> 5000 | H26: =ROUND(IFERROR(L26/E26,0),2) -> 596.2 | L26: =Model!BB34 -> 2981000 | N26: =Costs!H26 -> 2364000 | P26: In Neighborhood | T26: =L26-N26+R26 -> 617000
B27: Retail in Podium Apartments 2 | E27: =Costs!E27 -> 5000 | H27: =ROUND(IFERROR(L27/E27,0),2) -> 252 | L27: =Model!BB27 -> 1260000 | N27: =Costs!H27 -> 999264.71 | P27: In Neighborhood | T27: =L27-N27+R27 -> 260735.29
B28: Retail in Luxury Condo 2 | E28: =Costs!E28 -> 5000 | H28: =ROUND(IFERROR(L28/E28,0),2) -> 469.8 | L28: =Model!BB29 -> 2349000 | N28: =Costs!H28 -> 1844117.6 | P28: In Neighborhood | T28: =L28-N28+R28 -> 504882.35
B29: Neighborhood Retail | E29: =Costs!E29 -> 40000 | H29: =ROUND(IFERROR(L29/E29,0),2) -> 325 | L29: =Model!BB35+Model!BB36 -> 13000000 | N29: =Costs!H29 -> 10000000 | P29: =-Model!BN35-Model!BN36 -> 0 | T29: =L29-N29+P29+R29 -> 3000000
B30: Supermarket | E30: =Costs!E30 -> 40000 | H30: =ROUND(IFERROR(L30/E30,0),2) -> 390.63 | L30: =Model!BB37 -> 15625000 | N30: =Costs!H30 -> 11500000 | P30: =-Model!BN37 -> 0 | T30: =L30-N30+P30+R30 -> 4125000
B31: Q-Mart | E31: =Costs!E31 -> 0 | H31: =ROUND(IFERROR(L31/E31,0),2) -> 0 | L31: =Model!BB38 -> 0 | N31: =Costs!H31 -> 0 | P31: =-Model!BN38 -> 0 | T31: =L31-N31+P31+R31 -> 0
B32: Community and "Rent-Free" Facilities | E32: Building SF | H32: Total Value
B33: York Dry Goods: Subsidized Community Facilities | E33: =Costs!E33 -> 3500 | H33: =ROUND(IFERROR(L33/E33,0),2) -> 175.14 | L33: =Model!BC41 -> 613000 | N33: =Costs!H33 -> 875000 | R33: =Costs!L33 -> 131000 | T33: =L33-N33+P33+R33 -> -131000
B34: York Dry Goods: Rent-Free Community Facilities | E34: =Costs!E34 -> 0 | H34: =ROUND(IFERROR(L34/E34,0),2) -> 0 | L34: =Model!BD41 -> 0 | N34: =Costs!H34 -> 0 | T34: =L34-N34+P34+R34 -> 0
B35: Victorian Row: Rent-Free Community Facilities | E35: =Costs!E35 -> 10000 | H35: =ROUND(IFERROR(L35/E35,0),2) -> 0 | L35: =Model!BD42 -> 0 | N35: =Costs!H35 -> 2500000 | T35: =L35-N35+P35+R35 -> -2500000
B36: Open Space | E36: Total SF
B37: Park/Plaza | E37: =Costs!E37 -> 20000 | L37: =Model!BE43 -> 0 | N37: =Costs!H37 -> 1850000 | R37: =Costs!L37 -> 925000 | T37: =L37-N37+P37+R37 -> -925000
B38: Sports Fields | E38: =Costs!E38 -> 10000 | L38: =Model!BE44 -> 0 | N38: =Costs!H38 -> 975000 | R38: =Costs!L38 -> 488000 | T38: =L38-N38+P38+R38 -> -487000
B39: Skate Park | E39: =Costs!E39 -> 0 | L39: =Model!BE45 -> 0 | N39: =Costs!H39 -> 0 | R39: =Costs!L39 -> 0 | T39: =L39-N39+P39+R39 -> 0
B40: TOTAL | L40: =SUM(L6:L39) -> 308611000 | M40: =SUM(M6:M39) -> 0 | N40: =SUM(N6:N39) -> 2.49865e+08 | O40: =SUM(O6:O39) -> 0 | P40: =SUM(P6:P39) -> 0 | Q40: =SUM(Q6:Q39) -> 0 | R40: =SUM(R6:R39) -> 3162000 | S40: =SUM(S6:S39) -> 0 | T40: =SUM(T6:T39) -> 61908000
N42: Developer Return Summary
N43: Market Value | T43: =L40 -> 308611000
N44: Costs/Subsidies
N45: - Construction Costs | T45: =-N40 -> -2.49865e+08
N46: - Land Payment | T46: =-Model!H5 -> -20000000
N47: - Absorption Penalty | T47: =P40 -> 0
N48: + City Construction Cost Subsidy | T48: =Costs!L40 -> 3162000
N49: - Net Zero Building Cost | T49: =-'Use Allocation'!J7 -> -1499190
N50: - Shelter: Relocation Fee | T50: =Model!L4 -> 0
N51: Total Costs/Subsidies | T51: =SUM(T45:T50) -> -268202190
N52: Developer Net Profit | T52: =T43+T51 -> 40408810
N53: Rate of Return | T53: =T52/-T51 -> 0.15066547

Sheet City Revenue
A1: URBANPLAN: CITY REVENUE
F4: Market-Rate Value/Unit | G4: Market-Rate Value | H4: Affordable Value/Unit | I4: Affordable Value | J4: X Value | K4: = Value | L4: Annual City Property/Sales Tax Revenues | M4: Annual City Operating Costs | N4: Revenue over 10-year Period
B5: Residential | C5: Market-Rate | D5: Affordable | E5: Total Units | J5: Value/Unit
B6: Townhouses | C6: =Costs!C6 -> 68 | D6: =Costs!D6 -> 4 | E6: =Costs!E6 -> 72 | F6: =IFERROR(G6/C6,0) -> 532867.65 | G6: =Model!AZ25 -> 36235000 | H6: 0 | I6: =Model!BA25 -> 587000 | J6: =ROUND(IFERROR(K6/E6,0),2) -> 511416.67 | K6: =G6+I6 -> 36822000 | L6: =Model!BV25 -> 226000 | M6: =Model!CA25 -> 0 | N6: =SUM(L6:M6)*10 -> 2260000
B7: Podium Apartments 1 | C7: =Costs!C7 -> 96 | D7: =Costs!D7 -> 24 | E7: =Costs!E7 -> 120 | F7: =IFERROR(G7/C7,0) -> 277197.92 | G7: =Model!AZ26 -> 26611000 | H7: 0 | I7: =Model!BA26 -> 2016000 | J7: =ROUND(IFERROR(K7/E7,0),2) -> 238558.33 | K7: =G7+I7 -> 28627000 | L7: =Model!BV26 -> 166000 | M7: =Model!CA26 -> 0 | N7: =SUM(L7:M7)*10 -> 1660000
B8: Podium Apartments 2 | C8: =Costs!C8 -> 48 | D8: =Costs!D8 -> 12 | E8: =Costs!E8 -> 60 | F8: =IFERROR(G8/C8,0) -> 341187.5 | G8: =Model!AZ27 -> 16377000 | H8: 0 | I8: =Model!BA27 -> 1279000 | J8: =ROUND(IFERROR(K8/E8,0),2) -> 294266.67 | K8: =G8+I8 -> 17656000 | L8: =Model!BV27 -> 102000 | M8: =Model!CA27 -> 0 | N8: =SUM(L8:M8)*10 -> 1020000
B9: Luxury Condos 1 | C9: =Costs!C9 -> 0 | D9: =Costs!D9 -> 0 | E9: =Costs!E9 -> 0 | F9: =IFERROR(G9/C9,0) -> 0 | G9: =Model!AZ28 -> 0 | H9: 0 | I9: =Model!BA28 -> 0 | J9: =ROUND(IFERROR(K9/E9,0),2) -> 0 | K9: =G9+I9 -> 0 | L9: =Model!BV28 -> 0 | M9: =Model!CA28 -> 0 | N9: =SUM(L9:M9)*10 -> 0
B10: Luxury Condos 2 | C10: =Costs!C10 -> 56 | D10: =Costs!D10 -> 0 | E10: =Costs!E10 -> 56 | F10: =IFERROR(G10/C10,0) -> 726500 | G10: =Model!AZ29 -> 40684000 | H10: 0 | I10: =Model!BA29 -> 0 | J10: =ROUND(IFERROR(K10/E10,0),2) -> 726500 | K10: =G10+I10 -> 40684000 | L10: =Model!BV29 -> 236000 | M10: =Model!CA29 -> 0 | N10: =SUM(L10:M10)*10 -> 2360000
B11: Phoenix Hotel | C11: =Costs!C11 -> 0 | D11: =Costs!D11 -> 0 | E11: =Costs!E11 -> 0 | F11: =IFERROR(G11/C11,0) -> 0 | G11: =Model!AZ40 -> 0 | H11: 0 | I11: =Model!BA40 -> 0 | J11: =ROUND(IFERROR(K11/E11,0),2) -> 0 | K11: =G11+I11 -> 0 | L11: =Model!BV40 -> 0 | M11: =Model!CA40 -> 0 | N11: =SUM(L11:M11)*10 -> 0
B12: York Dry Goods | C12: =Costs!C12 -> 28 | D12: =Costs!D12 -> 2 | E12: =Costs!E12 -> 30 | F12: =IFERROR(G12/C12,0) -> 403071.43 | G12: =Model!AZ41 -> 11286000 | H12: 0 | I12: =Model!BA41 -> 180000 | J12: =ROUND(IFERROR(K12/E12,0),2) -> 382200 | K12: =G12+I12 -> 11466000 | L12: =Model!BV41 -> 70000 | M12: =Model!CA41 -> 0 | N12: =SUM(L12:M12)*10 -> 700000
B13: Victorian Row | C13: =Costs!C13 -> 38 | D13: =Costs!D13 -> 2 | E13: =Costs!E13 -> 40 | F13: =IFERROR(G13/C13,0) -> 396868.42 | G13: =Model!AZ42 -> 15081000 | H13: 0 | I13: =Model!BA42 -> 250000 | J13: =ROUND(IFERROR(K13/E13,0),2) -> 383275 | K13: =G13+I13 -> 15331000 | L13: =Model!BV42 -> 94000 | M13: =Model!CA42 -> 0 | N13: =SUM(L13:M13)*10 -> 940000
B14: Office | E14: Building SF | J14: Value/SF
B15: Phoenix Hotel | E15: =Costs!E15 -> 0 | J15: =ROUND(IFERROR(K15/E15,0),2) -> 0 | K15: =Model!AY40 -> 0 | L15: =Model!BU40 -> 0 | N15: =SUM(L15:M15)*10 -> 0
B16: York Dry Goods | E16: =Costs!E16 -> 3500 | J16: =ROUND(IFERROR(K16/E16,0),2) -> 312.57 | K16: =Model!AY41 -> 1094000 | L16: =Model!BU41 -> 6000 | N16: =SUM(L16:M16)*10 -> 60000
B17: Victorian Row | E17: =Costs!E17 -> 10000 | J17: =ROUND(IFERROR(K17/E17,0),2) -> 300 | K17: =Model!AY42 -> 3000000 | L17: =Model!BU42 -> 16000 | N17: =SUM(L17:M17)*10 -> 160000
B18: Low-Rise Office 1 | E18: =Costs!E18 -> 45000 | J18: =ROUND(IFERROR(K18/E18,0),2) -> 407.82 | K18: =Model!AY31 -> 18352000 | L18: =Model!BU31 -> 114000 | N18: =SUM(L18:M18)*10 -> 1140000
B19: Low-Rise Office 2 | E19: =Costs!E19 -> 60000 | J19: =ROUND(IFERROR(K19/E19,0),2) -> 407.82 | K19: =Model!AY32 -> 24469000 | L19: =Model!BU32 -> 152000 | N19: =SUM(L19:M19)*10 -> 1520000
B20: Mid-Rise Office 1 | E20: =Costs!E20 -> 0 | J20: =ROUND(IFERROR(K20/E20,0),2) -> 0 | K20: =Model!AY33 -> 0 | L20: =Model!BU33 -> 0 | N20: =SUM(L20:M20)*10 -> 0
B21: Mid-Rise Office 2 | E21: =Costs!E21 -> 120000 | J21: =ROUND(IFERROR(K21/E21,0),2) -> 600.78 | K21: =Model!AY34 -> 72094000 | L21: =Model!BU34 -> 449000 | N21: =SUM(L21:M21)*10 -> 4490000
B22: Retail | E22: Building SF | J22: Value/SF
B23: Phoenix Hotel | E23: =Costs!E23 -> 0 | J23: =ROUND(IFERROR(K23/E23,0),2) -> 0 | K23: =Model!BB40 -> 0 | L23: =Model!BW40 -> 0 | N23: =SUM(L23:M23)*10 -> 0
B24: York Dry Goods | E24: =Costs!E24 -> 5000 | J24: =ROUND(IFERROR(K24/E24,0),2) -> 325 | K24: =Model!BB41 -> 1625000 | L24: =Model!BW41 -> 33000 | N24: =SUM(L24:M24)*10 -> 330000
B25: Victorian Row | E25: =Costs!E25 -> 5000 | J25: =ROUND(IFERROR(K25/E25,0),2) -> 312.6 | K25: =Model!BB42 -> 1563000 | L25: =Model!BW42 -> 31000 | N25: =SUM(L25:M25)*10 -> 310000
B26: Neighborhood Retail | E26: =Costs!E29 -> 40000 | J26: =ROUND(IFERROR(K26/E26,0),2) -> 325 | K26: =Model!BB35+Model!BB36 -> 13000000 | L26: =Model!BW35+Model!BW36 -> 260000 | N26: =SUM(L26:M26)*10 -> 2600000
B27: Retail in Mid-Rise Office 2 | E27: =Costs!E26 -> 5000 | J27: =ROUND(IFERROR(K27/E27,0),2) -> 596.2 | K27: =Model!BB34 -> 2981000 | L27: =Model!BW34 -> 60000 | N27: =SUM(L27:M27)*10 -> 600000
B28: Retail in Podium Apartments 2 | E28: =Costs!E27 -> 5000 | J28: =ROUND(IFERROR(K28/E28,0),2) -> 252 | K28: =Model!BB27 -> 1260000 | L28: =Model!BW27 -> 25000 | N28: =SUM(L28:M28)*10 -> 250000
B29: Retail in Luxury Condo 2 | E29: =Costs!E28 -> 5000 | J29: =ROUND(IFERROR(K29/E29,0),2) -> 469.8 | K29: =Model!BB29 -> 2349000 | L29: =Model!BW29 -> 47000 | N29: =SUM(L29:M29)*10 -> 470000
B30: Supermarket | E30: =Costs!E30 -> 40000 | J30: =ROUND(IFERROR(K30/E30,0),2) -> 390.63 | K30: =Model!BB37 -> 15625000 | L30: =Model!BW37 -> 130000 | N30: =SUM(L30:M30)*10 -> 1300000
B31: Q-Mart | E31: =Costs!E31 -> 0 | J31: =ROUND(IFERROR(K31/E31,0),2) -> 0 | K31: =Model!BB38 -> 0 | L31: =Model!BW38 -> 0 | N31: =SUM(L31:M31)*10 -> 0
B32: Community and "Rent-Free" Facilities | D32: Beds | E32: Building SF | J32: Total Value
B33: York Dry Goods: Subsidized Community Facilities | E33: =Costs!E33 -> 3500 | J33: =ROUND(IFERROR(K33/E33,0),2) -> 175.14 | K33: =Model!BC41 -> 613000 | M33: =-Model!BZ41 -> -46000 | N33: =SUM(L33:M33)*10 -> -460000
B34: York Dry Goods: Rent-Free Community Facilities | E34: =Costs!E34 -> 0
B35: Victorian Row: Rent-Free Community Facilities | E35: =Costs!E35 -> 10000
B36: Phoenix Hotel: Homeless Shelter | D36: =Costs!D43 -> 0 | E36: =Costs!E43 -> 0
B37: New Homeless Shelter | D37: =Costs!D44 -> 120 | E37: =Costs!E44 -> 60000
B38: Open Space | E38: Total SF
B39: Park/Plaza | E39: =Costs!E37 -> 20000 | M39: =-Model!BZ43 -> -49950 | N39: =SUM(L39:M39)*10 -> -499500
B40: Sports Courts | E40: =Costs!E38 -> 10000 | M40: =-Model!BZ44 -> -24375 | N40: =SUM(L40:M40)*10 -> -243750
B41: Skate Park | E41: =Costs!E39 -> 0 | M41: =-Model!BZ45 -> 0 | N41: =SUM(L41:M41)*10 -> 0
B42: TOTAL | K42: =SUM(K6:K41) -> 308611000 | L42: =SUM(L6:L41) -> 2217000 | M42: =SUM(M6:M41) -> -120325 | N42: =SUM(N6:N41) -> 20966750
J44: City Net Revenue
J45: Tax Revenue (10 Years) | N45: =L42*10 -> 22170000
J46: City Operating Costs (10 Years) | N46: =M42*10 -> -1203250
J47: City 10-Year Tax Revenue | N47: =SUM(N45:N46) -> 20966750
J48: Sale of Land to Developer | N48: =Model!H5 -> 20000000
J49: Cost of Land Acquisition | N49: =-Model!H4 -> -25000000
J50: City Construction Cost Subsidy | N50: =-Costs!L40 -> -3162000
J51: City Net Revenue | N51: =SUM(N47:N50) -> 12804750
J53: Homeless Shelter Relocation Fee From Developer | N53: =-Model!L4 -> 0

Sheet Jobs
A1: URBANPLAN: JOBS
D3: Jobs by Type | K3: Job Ratios
C4: Building Square Feet | D4: Part-Time Entry Level | E4: Full-Time Entry Level | F4: Mid-Paying | G4: High-Paying | H4: Total Jobs | J4: Bldgs | K4: PT Entry/Building | L4: FT Entry/Building | M4: Mid/Bldg | N4: High/Building
B6: Office
B7: Phoenix Hotel | C7: =Model!AE40 -> 0 | D7: =ROUND(IFERROR($C7/K7,0),0) -> 0 | E7: =ROUND(IFERROR($C7/L7,0),0) -> 0 | F7: =ROUND(IFERROR($C7/M7,0),0) -> 0 | G7: =ROUND(IFERROR($C7/N7,0),0) -> 0 | H7: =SUM(D7:G7) -> 0 | K7: 4500 | L7: 1500 | M7: 600 | N7: 3000
B8: York Dry Goods | C8: =Model!AE41 -> 3500 | D8: =ROUND(IFERROR($C8/K8,0),0) -> 1 | E8: =ROUND(IFERROR($C8/L8,0),0) -> 2 | F8: =ROUND(IFERROR($C8/M8,0),0) -> 6 | G8: =ROUND(IFERROR($C8/N8,0),0) -> 1 | H8: =SUM(D8:G8) -> 10 | K8: 4500 | L8: 1500 | M8: 600 | N8: 3000
B9: Victorian Row | C9: =Model!AE42 -> 10000 | D9: =ROUND(IFERROR($C9/K9,0),0) -> 2 | E9: =ROUND(IFERROR($C9/L9,0),0) -> 7 | F9: =ROUND(IFERROR($C9/M9,0),0) -> 17 | G9: =ROUND(IFERROR($C9/N9,0),0) -> 3 | H9: =SUM(D9:G9) -> 29 | K9: 4500 | L9: 1500 | M9: 600 | N9: 3000
B10: Low-Rise Office | C10: =Model!AE31+Model!AE32 -> 105000 | D10: =ROUND(IFERROR($C10/K10,0),0) -> 23 | E10: =ROUND(IFERROR($C10/L10,0),0) -> 70 | F10: =ROUND(IFERROR($C10/M10,0),0) -> 175 | G10: =ROUND(IFERROR($C10/N10,0),0) -> 35 | H10: =SUM(D10:G10) -> 303 | K10: 4500 | L10: 1500 | M10: 600 | N10: 3000
B11: Mid-Rise Office | C11: =Model!AE33+Model!AE34 -> 120000 | D11: =ROUND(IFERROR($C11/K11,0),0) -> 27 | E11: =ROUND(IFERROR($C11/L11,0),0) -> 80 | F11: =ROUND(IFERROR($C11/M11,0),0) -> 200 | G11: =ROUND(IFERROR($C11/N11,0),0) -> 40 | H11: =SUM(D11:G11) -> 347 | K11: 4500 | L11: 1500 | M11: 600 | N11: 3000
B12: Total Office | C12: =SUM(C7:C11) -> 238500 | D12: =SUM(D7:D11) -> 53 | E12: =SUM(E7:E11) -> 159 | F12: =SUM(F7:F11) -> 398 | G12: =SUM(G7:G11) -> 79 | H12: =SUM(H7:H11) -> 689
B14: Retail
B15: Phoenix Hotel | C15: =Model!AH40 -> 0 | D15: =$J15*K15 -> 0 | E15: =$J15*L15 -> 0 | F15: =$J15*M15 -> 0 | G15: =$J15*N15 -> 0 | H15: =SUM(D15:G15) -> 0 | J15: =C15/5000 -> 0 | K15: 6 | L15: 8 | M15: 3 | N15: 0
B16: York Dry Goods | C16: =Model!AH41 -> 5000 | D16: =$J16*K16 -> 6 | E16: =$J16*L16 -> 8 | F16: =$J16*M16 -> 3 | G16: =$J16*N16 -> 0 | H16: =SUM(D16:G16) -> 17 | J16: =C16/5000 -> 1 | K16: 6 | L16: 8 | M16: 3 | N16: 0
B17: Victorian Row | C17: =Model!AH42 -> 5000 | D17: =$J17*K17 -> 6 | E17: =$J17*L17 -> 8 | F17: =$J17*M17 -> 3 | G17: =$J17*N17 -> 0 | H17: =SUM(D17:G17) -> 17 | J17: =C17/5000 -> 1 | K17: 6 | L17: 8 | M17: 3 | N17: 0
B18: Neighborhood Retail | C18: =Model!AH47-SUM(C15:C17,C19:C20) -> 55000 | D18: =$J18*K18 -> 66 | E18: =$J18*L18 -> 88 | F18: =$J18*M18 -> 33 | G18: =$J18*N18 -> 0 | H18: =SUM(D18:G18) -> 187 | J18: =C18/5000 -> 11 | K18: 6 | L18: 8 | M18: 3 | N18: 0
B19: Supermarket | C19: =Model!AH37 -> 40000 | D19: =$J19*K19 -> 70 | E19: =$J19*L19 -> 120 | F19: =$J19*M19 -> 9 | G19: =$J19*N19 -> 1 | H19: =SUM(D19:G19) -> 200 | J19: =Model!I37 -> 1 | K19: 70 | L19: 120 | M19: 9 | N19: 1
B20: Q-Mart | C20: =Model!AH38 -> 0 | D20: =$J20*K20 -> 0 | E20: =$J20*L20 -> 0 | F20: =$J20*M20 -> 0 | G20: =$J20*N20 -> 0 | H20: =SUM(D20:G20) -> 0 | J20: =Model!I38 -> 0 | K20: 140 | L20: 240 | M20: 18 | N20: 2
B21: Total Retail | C21: =SUM(C15:C20) -> 105000 | D21: =SUM(D15:D20) -> 148 | E21: =SUM(E15:E20) -> 224 | F21: =SUM(F15:F20) -> 48 | G21: =SUM(G15:G20) -> 1 | H21: =SUM(H15:H20) -> 421
B23: Residential
B24: Podium Apartments 1 | C24: =Model!AF26+Model!AG26 -> 160000 | D24: =$J24*K24 -> 4 | E24: =$J24*L24 -> 4 | F24: =$J24*M24 -> 2 | G24: =$J24*N24 -> 0 | H24: =SUM(D24:G24) -> 10 | J24: =Model!I26 -> 2 | K24: 2 | L24: 2 | M24: 1 | N24: 0
B25: Podium Apartments 2 | C25: =Model!AF27+Model!AG27 -> 80000 | D25: =$J25*K25 -> 2 | E25: =$J25*L25 -> 2 | F25: =$J25*M25 -> 1 | G25: =$J25*N25 -> 0 | H25: =SUM(D25:G25) -> 5 | J25: =Model!I27 -> 1 | K25: 2 | L25: 2 | M25: 1 | N25: 0
B26: Luxury Condos 1 | C26: =Model!AF28+Model!AG28 -> 0 | D26: =$J26*K26 -> 0 | E26: =$J26*L26 -> 0 | F26: =$J26*M26 -> 0 | G26: =$J26*N26 -> 0 | H26: =SUM(D26:G26) -> 0 | J26: =Model!I28 -> 0 | K26: 3 | L26: 4 | M26: 1 | N26: 0
B27: Luxury Condos 2 | C27: =Model!AF29+Model!AG29 -> 80000 | D27: =$J27*K27 -> 3 | E27: =$J27*L27 -> 4 | F27: =$J27*M27 -> 1 | G27: =$J27*N27 -> 0 | H27: =SUM(D27:G27) -> 8 | J27: =Model!I29 -> 1 | K27: 3 | L27: 4 | M27: 1 | N27: 0
B28: Phoenix Hotel | C28: =Model!AF40+Model!AG40 -> 0 | D28: =$J28*K28 -> 0 | E28: =$J28*L28 -> 0 | F28: =$J28*M28 -> 0 | G28: =$J28*N28 -> 0 | H28: =SUM(D28:G28) -> 0
B29: York Dry Goods | C29: =Model!AF41+Model!AG41 -> 36000 | D29: =$J29*K29 -> 0 | E29: =$J29*L29 -> 0 | F29: =$J29*M29 -> 0 | G29: =$J29*N29 -> 0 | H29: =SUM(D29:G29) -> 0
B30: Victorian Row | C30: =Model!AF42+Model!AG42 -> 50000 | D30: =$J30*K30 -> 0 | E30: =$J30*L30 -> 0 | F30: =$J30*M30 -> 0 | G30: =$J30*N30 -> 0 | H30: =SUM(D30:G30) -> 0
B31: Total Residential | C31: =SUM(C24:C30) -> 406000 | D31: =SUM(D24:D30) -> 9 | E31: =SUM(E24:E30) -> 10 | F31: =SUM(F24:F30) -> 4 | G31: =SUM(G24:G30) -> 0 | H31: =SUM(H24:H30) -> 23
B33: Community and Rent-Free Facilities
B34: York Dry Goods | C34: =Model!AI41+Model!AJ41 -> 3500 | D34: =SUM(D50:D62) -> 1 | E34: =SUM(E50:E62) -> 3 | F34: =SUM(F50:F62) -> 1 | G34: =SUM(G50:G62) -> 0 | H34: =SUM(D34:G34) -> 5
B35: Victorian Row | C35: =Model!AI42+Model!AJ42 -> 10000 | D35: =SUM(D64:D65) -> 12 | E35: =SUM(E64:E65) -> 1 | F35: =SUM(F64:F65) -> 1 | G35: =SUM(G64:G65) -> 0 | H35: =SUM(D35:G35) -> 14
B36: Homeless Shelter | C36: =Model!AK47 -> 60000 | D36: =$J36*K36 -> 2 | E36: =$J36*L36 -> 7 | F36: =$J36*M36 -> 2 | G36: =$J36*N36 -> 1 | H36: =SUM(D36:G36) -> 12 | J36: =Model!I30+Model!I39 -> 1 | K36: 2 | L36: 7 | M36: 2 | N36: 1
B37: Total Community and Rent-Free Facilities | C37: =SUM(C34:C36) -> 73500 | D37: =SUM(D34:D36) -> 15 | E37: =SUM(E34:E36) -> 11 | F37: =SUM(F34:F36) -> 4 | G37: =SUM(G34:G36) -> 1 | H37: =SUM(H34:H36) -> 31
B39: Open Space
B40: Park/Plaza | C40: =Model!AL43 -> 20000 | D40: =$J40*K40 -> 4 | E40: =$J40*L40 -> 0 | F40: =$J40*M40 -> 0 | G40: =$J40*N40 -> 0 | H40: =SUM(D40:G40) -> 4 | J40: =C40/5000 -> 4 | K40: 1 | L40: 0 | M40: 0 | N40: 0
B41: Sports Courts | C41: =Model!AL44 -> 10000 | D41: =$J41*K41 -> 2 | E41: =$J41*L41 -> 0 | F41: =$J41*M41 -> 0 | G41: =$J41*N41 -> 0 | H41: =SUM(D41:G41) -> 2 | J41: =C41/5000 -> 2 | K41: 1 | L41: 0 | M41: 0 | N41: 0
B42: Skate Park | C42: =Model!AL45 -> 0 | D42: =$J42*K42 -> 0 | E42: =$J42*L42 -> 0 | F42: =$J42*M42 -> 0 | G42: =$J42*N42 -> 0 | H42: =SUM(D42:G42) -> 0 | J42: =C42/5000 -> 0 | K42: 1 | L42: 0 | M42: 0 | N42: 0
B43: Total Open Space | C43: =SUM(C40:C42) -> 30000 | D43: =SUM(D40:D42) -> 6 | E43: =SUM(E40:E42) -> 0 | F43: =SUM(F40:F42) -> 0 | G43: =SUM(G40:G42) -> 0 | H43: =SUM(H40:H42) -> 6
B45: Total | C45: =C12+C21+C31+C37+C43 -> 853000 | D45: =D12+D21+D31+D37+D43 -> 231 | E45: =E12+E21+E31+E37+E43 -> 404 | F45: =F12+F21+F31+F37+F43 -> 454 | G45: =G12+G21+G31+G37+G43 -> 81 | H45: =H12+H21+H31+H37+H43 -> 1170
B48: Community Facilities | K48: Job Ratios
B49: York Dry Goods | K49: PT Entry/Building | L49: FT Entry/Building | M49: Mid/Bldg | N49: High/Building
B50: Branch Library (7,500 SF) | C50: =IF(Summary!C47>0,1,0) -> 0 | D50: =$C50*K50 -> 0 | E50: =$C50*L50 -> 0 | F50: =$C50*M50 -> 0 | G50: =$C50*N50 -> 0 | K50: 3 | L50: 5 | M50: 2 | N50: 1
B51: Community Art Space (2,500 SF) | C51: =IF(Summary!C48>0,1,0) -> 0 | D51: =$C51*K51 -> 0 | E51: =$C51*L51 -> 0 | F51: =$C51*M51 -> 0 | G51: =$C51*N51 -> 0 | K51: 1 | L51: 1 | M51: 1
B52: Community Space with Resilience Hub (7,000 SF) | C52: =IF(Summary!C49>0,1,0) -> 0 | D52: =$C52*K52 -> 0 | E52: =$C52*L52 -> 0 | F52: =$C52*M52 -> 0 | G52: =$C52*N52 -> 0 | K52: 3 | L52: 4 | M52: 2 | N52: 1
B53: Day Care Center (3,500 SF) | C53: =IF(Summary!C50>0,1,0) -> 1 | D53: =$C53*K53 -> 1 | E53: =$C53*L53 -> 3 | F53: =$C53*M53 -> 1 | G53: =$C53*N53 -> 0 | K53: 1 | L53: 3 | M53: 1
B54: Drug Treatment Center (1,500 SF) | C54: =IF(Summary!C51>0,1,0) -> 0 | D54: =$C54*K54 -> 0 | E54: =$C54*L54 -> 0 | F54: =$C54*M54 -> 0 | G54: =$C54*N54 -> 0 | L54: 1 | M54: 1
B55: Police Sub-Station (1,500 SF) | C55: =IF(Summary!C52>0,1,0) -> 0 | D55: =$C55*K55 -> 0 | E55: =$C55*L55 -> 0 | F55: =$C55*M55 -> 0 | G55: =$C55*N55 -> 0 | M55: 2
B56: Public Health Clinic (5,000 SF) | C56: =IF(Summary!C53>0,1,0) -> 0 | D56: =$C56*K56 -> 0 | E56: =$C56*L56 -> 0 | F56: =$C56*M56 -> 0 | G56: =$C56*N56 -> 0 | K56: 1 | L56: 2 | M56: 3 | N56: 1
B57: Senior Center (6,000 SF) | C57: =IF(Summary!C54>0,1,0) -> 0 | D57: =$C57*K57 -> 0 | E57: =$C57*L57 -> 0 | F57: =$C57*M57 -> 0 | G57: =$C57*N57 -> 0 | K57: 1 | L57: 4 | M57: 3
B58: Small Business Incubator (4,000 SF) | C58: =IF(Summary!C55>0,1,0) -> 0 | D58: =$C58*K58 -> 0 | E58: =$C58*L58 -> 0 | F58: =$C58*M58 -> 0 | G58: =$C58*N58 -> 0 | K58: 1 | L58: 3 | M58: 1 | N58: 1
B59: Teen Center (5,000 SF) | C59: =IF(Summary!C56>0,1,0) -> 0 | D59: =$C59*K59 -> 0 | E59: =$C59*L59 -> 0 | F59: =$C59*M59 -> 0 | G59: =$C59*N59 -> 0 | K59: 2 | L59: 2 | M59: 2 | N59: 1
B60: Yorktown Bike Share (5,500 SF) | C60: =IF(Summary!C57>0,1,0) -> 0 | D60: =$C60*K60 -> 0 | E60: =$C60*L60 -> 0 | F60: =$C60*M60 -> 0 | G60: =$C60*N60 -> 0 | K60: 4 | L60: 2 | M60: 1 | N60: 1
B61: Artists Studio (10,000 SF) | C61: =IF(Summary!D58>0,1,0) -> 0 | D61: =$C61*K61 -> 0 | E61: =$C61*L61 -> 0 | F61: =$C61*M61 -> 0 | G61: =$C61*N61 -> 0 | K61: 12 | L61: 1 | M61: 1
B62: University Classrooms (15,000 SF) | C62: =IF(Summary!D59>0,1,0) -> 0 | D62: =$C62*K62 -> 0 | E62: =$C62*L62 -> 0 | F62: =$C62*M62 -> 0 | G62: =$C62*N62 -> 0 | K62: 5 | L62: 5 | M62: 10 | N62: 1
B63: Victorian Row
B64: Artist Studio (10,000 SF) | C64: =IF(Summary!D61>0,1,0) -> 1 | D64: =$C64*K64 -> 12 | E64: =$C64*L64 -> 1 | F64: =$C64*M64 -> 1 | G64: =$C64*N64 -> 0 | K64: 12 | L64: 1 | M64: 1
B65: University Classroom (15,000 SF) | C65: =IF(Summary!D62>0,1,0) -> 0 | D65: =$C65*K65 -> 0 | E65: =$C65*L65 -> 0 | F65: =$C65*M65 -> 0 | G65: =$C65*N65 -> 0 | K65: 5 | L65: 5 | M65: 10 | N65: 1

Sheet Scorecard
A2: Team's Name | B2: =Summary!C4 -> Name | C2: <== COPY AND PASTE THE VALUES OF THE GREEN SECTION TO THE MASTER MODEL TO BUILD THE SCORECARD
A3: Profit ($) | B3: =Summary!H18 -> 40408810
A4: Rate of Return (%) >= 13.5% | B4: =Summary!H19 -> 0.15066547
A5: City Return ($) >= $9.5mm | B5: =Summary!H28 -> 12804750
A6: Total Jobs Created | B6: =Summary!H48 -> 1170
A7: # of Part-Time Entry Level | B7: =Summary!H44 -> 231
A8: # of Full-Time Entry Level | B8: =Summary!H45 -> 404
A9: # of Mid-Paying | B9: =Summary!H46 -> 454
A10: # of High-Paying | B10: =Summary!H47 -> 81
A11: Total Housing Units | B11: =Summary!G53 -> 378
A12: # of Market-Rate Units | B12: =Summary!G51 -> 334
A13: # of Affordable Units | B13: =Summary!G52 -> 44
A14: Affordable Housing (%) >=10% | B14: =Summary!H52 -> 0.11640212
A15: Homeless Shelter (none - rehab in Phoenix - new) | B15: =CONCATENATE(IF(Model!I39>0,"Rehab",""),IF(Model!I30>0,"New",""),IF(Model!I30+Model!I39=0,"None","")) -> New
A16: Supermarket/Q-Mart/Neither | B16: =CONCATENATE(IF(Model!I37>0,"Supermarket ",""),IF(Model!I38>0,"Q-Mart",""),IF(SUM(Model!I37:I38)=0,"Neither","")) -> Supermarket
A17: Sum of Community Facilities in York Dry Goods (SF) | B17: =SUM(Summary!C46:C57) -> 3500
A18: Sum of Rent-Free Community Space (SF) | B18: =SUM(Summary!D58:D62) -> 10000
A19: Total Open Space (%) | B19: =Summary!H37 -> 0.06
A20: Park/Plaza (SF) | B20: =Summary!G34 -> 20000
A21: Sports Fields & Courts (SF) | B21: =Summary!G35 -> 10000
A22: Skate Park (SF) | B22: =Summary!G36 -> 0
A23: Net Zero Building % | B23: ='Use Allocation'!J6 -> 0.2
A24: Absorption (are any uses overbuilt?) | B24: =IF(COUNTIF(Market!H5:H27,">0"),"Yes","No") -> No
A25: Jobs/Housing Ratio | B25: =Summary!H58 -> 3 to 1

Sheet =>>
A1: MODEL DRIVERS =>>

Sheet Model
A1: URBANPLAN FINANCIAL MODEL
A3: City Subsidies | C3: % | E3: Input Costs | H3: $ | J3: Shelter Outcomes | L3: $
A4: Affordable Housing | C4: 0.15 | E4: City Land Purchase | H4: 25000000 | J4: Shelter: Relocation Fee | L4: =IF((I30+I39)=0,-H6,0) -> 0
A5: Open Space | C5: 0.5 | E5: Developer Land Fee | H5: 20000000 | J5: Shelter: Church Contribution | L5: =$H$7*(I30+I39) -> 0
A6: Community Facilities | C6: 0.15 | E6: Shelter Relocation Fee | H6: 1000000 | J6: Shelter Total Beds | L6: 120
A11: MODEL BELOW
A13: Massing | C13: Block 1 | D13: Block 2 | E13: Block 3 | F13: Block 4 | G13: Block 5 | H13: Block 6 | I13: Total
A14: Block Size | C14: 120000 | D14: 120000 | E14: 80000 | F14: 80000 | G14: 60000 | H14: 40000 | I14: =SUM(C14:H14) -> 500000
A15: Planned | C15: {=SUMPRODUCT(--(C25:C45),($J$25:$J$45))} -> 120000 | D15: {=SUMPRODUCT(--(D25:D45),($J$25:$J$45))} -> 120000 | E15: {=SUMPRODUCT(--(E25:E45),($J$25:$J$45))} -> 80000 | F15: {=SUMPRODUCT(--(F25:F45),($J$25:$J$45))} -> 80000 | G15: {=SUMPRODUCT(--(G25:G45),($J$25:$J$45))} -> 60000 | H15: {=SUMPRODUCT(--(H25:H45),($J$25:$J$45))} -> 40000 | I15: =SUM(C15:H15) -> 500000
A16: Over(Under) | C16: =C15-C14 -> 0 | D16: =D15-D14 -> 0 | E16: =E15-E14 -> 0 | F16: =F15-F14 -> 0 | G16: =G15-G14 -> 0 | H16: =H15-H14 -> 0 | I16: =SUM(C16:H16) -> 0
A18: Site Allocation | C18: Block 1 | D18: Block 2 | E18: Block 3 | F18: Block 4 | G18: Block 5 | H18: Block 6 | I18: Total
A19: Building Footprint | C19: =C15-C20 -> 80000 | D19: =D15-D20 -> 100000 | E19: =E15-E20 -> 65000 | F19: =F15-F20 -> 80000 | G19: =G15-G20 -> 50000 | H19: =H15-H20 -> 40000 | I19: =SUM(C19:H19) -> 415000
A20: Parking Footprint | C20: {=SUMPRODUCT(--(C25:C45),($K$25:$K$45))} -> 40000 | D20: {=SUMPRODUCT(--(D25:D45),($K$25:$K$45))} -> 20000 | E20: {=SUMPRODUCT(--(E25:E45),($K$25:$K$45))} -> 15000 | F20: {=SUMPRODUCT(--(F25:F45),($K$25:$K$45))} -> 0 | G20: {=SUMPRODUCT(--(G25:G45),($K$25:$K$45))} -> 10000 | H20: {=SUMPRODUCT(--(H25:H45),($K$25:$K$45))} -> 0 | I20: =SUM(C20:H20) -> 85000
A21: Planned | C21: =SUM(C19:C20) -> 120000 | D21: =SUM(D19:D20) -> 120000 | E21: =SUM(E19:E20) -> 80000 | F21: =SUM(F19:F20) -> 80000 | G21: =SUM(G19:G20) -> 60000 | H21: =SUM(H19:H20) -> 40000 | I21: =SUM(C21:H21) -> 500000
A23: SITE BUILDER | M23: Building Breakout Costs | V23: City Cost | AA23: Housing Units | AE23: SF | AN23: Parking | AS23: Value Creation | AY23: Value | BF23: Absorption | BP23: Tax | BY23: Subsidy
A24: Type | B24: Building | C24: Block 1 | D24: Block 2 | E24: Block 3 | F24: Block 4 | G24: Block 5 | H24: Block 6 | I24: Building Count | J24: Per Unit Site Area | K24: Parking Footprint | L24: Cost | M24: Office | N24: Residential Market-Rate | O24: Residential Affordable | P24: Retail | Q24: Subsidized Community | R24: Rent-Free Community | S24: Shelter | T24: Open Space | U24: cost check | V24: Affordable | W24: Open Space | X24: Subsidized Community | Y24: Total City Cost | Z24: City Percentage of Total Cost | AA24: Affordable % | AB24: Market | AC24: Affordable | AD24: Total | AE24: Office | AF24: Residential Market-Rate | AG24: Residential Affordable | AH24: Retail | AI24: Subsidized Community | AJ24: Rent-Free Community | AK24: Shelter | AL24: Open Space | AM24: Total Rentable SF | AN24: Surface Parking Units | AO24: Structured Parking Units | AP24: Subterranean Parking Units | AQ24: Total Parking Units | AR24: Parking Footprint | AS24: Office | AT24: Residential Market-Rate | AU24: Residential Affordable | AV24: Retail | AW24: Subsidized Community | AX24: Rent-Free Community | AY24: Office | AZ24: Residential Market-Rate | BA24: Residential Affordable | BB24: Retail | BC24: Subsidized Community | BD24: Rent-Free Community | BE24: Total Value | BF24: Penalty Multiplier | BG24: Margin | BH24: % of Value Penalty | BI24: Office Penalty % | BJ24: Residential Market-Rate Penalty % | BK24: Retail Penalty % | BL24: Office Penalty $ | BM24: Residential Market-Rate Penalty $ | BN24: Retail Penalty $ | BO24: Total Absorption Penalty $ | BP24: Office Tax Rate | BQ24: Residential Market-Rate Tax Rate | BR24: Residential Affordable Tax Rate | BS24: Retail Tax Rate | BT24: Rent-Free Space Tax Rate | BU24: Office Tax | BV24: Residential Market-Rate Tax | BW24: Retail Tax | BX24: Total Tax | BY24: City Subsidy Rate | BZ24: City Subsidy | CA24: Residential Affordable Subsidy
A25: Residential | B25: Townhouses | C25: ='Block Builder'!C6 -> 0 | D25: ='Block Builder'!D6 -> 3 | E25: ='Block Builder'!E6 -> 3 | F25: ='Block Builder'!F6 -> 0 | G25: ='Block Builder'!G6 -> 0 | H25: ='Block Builder'!H6 -> 3 | I25: =SUM(C25:H25) -> 9 | J25: {=SUMPRODUCT(--('Building Summary'!$A$2:$A$23=Model!$B25),('Building Summary'!$P$2:$P$23))} -> 10000 | K25: {=SUMPRODUCT(--('Building Summary'!$A$2:$A$23=Model!$B25),('Building Summary'!$R$2:$R$23))} -> 0 | L25: {=$I25*SUMPRODUCT(--(sBuilding=B25),(sBuilding_Cost))} -> 29340000 | N25: =IF($L25>0,$L25*(AF25/$AM25),0) -> 27873000 | O25: =IF($L25>0,$L25*(AG25/$AM25),0) -> 1467000 | U25: =SUM(M25:T25)-L25 -> 0 | V25: =ROUND(IFERROR(AG25/AM25,0)*$C$4*L25,-3) -> 220000 | Y25: =SUM(V25:X25) -> 220000 | Z25: =IFERROR(SUM(V25:X25)/L25,0) -> 0.0074982958 | AA25: ='Use Allocation'!$E$5 -> 0.05 | AB25: =AD25-AC25 -> 68 | AC25: =ROUND(AD25*AA25,0) -> 4 | AD25: {=I25*SUMPRODUCT(--(sBuilding=$B25),(sResiUnitCount))} -> 72 | AE25: {=$I25*SUMPRODUCT(--(sBuilding=$B25),(sOfficeSF))} -> 0 | AF25: {=(1-AA25)*$I25*SUMPRODUCT(--(sBuilding=$B25),(sResiSF))} -> 171000 | AG25: {=AA25*$I25*SUMPRODUCT(--(sBuilding=$B25),(sResiSF))} -> 9000 | AH25: {=$I25*SUMPRODUCT(--(sBuilding=$B25),(sRetailSF))} -> 0 | AI25: {=$I25*SUMPRODUCT(--(sBuilding=$B25),(sCommunitySF))} -> 0 | AJ25: {=$I25*SUMPRODUCT(--(sBuilding=$B25),(sCommunity_Commercial_SF))} -> 0 | AK25: {=$I25*SUMPRODUCT(--(sBuilding=$B25),(sShelter_SF))} -> 0 | AL25: {=$I25*SUMPRODUCT(--(sBuilding=$B25),(sOpenSpace))} -> 0 | AM25: =SUM(AE25:AK25) -> 180000 | AN25: {=$I25*SUMPRODUCT(--(sBuilding=$B25),(sParking_Surface))} -> 0 | AO25: {=$I25*SUMPRODUCT(--(sBuilding=$B25),(sParking_Structured))} -> 144 | AP25: {=$I25*SUMPRODUCT(--(sBuilding=$B25),(sParking_Subterranean))} -> 0 | AQ25: {=$I25*SUMPRODUCT(--(sBuilding=$B25),(sParking_TotalUnits))} -> 144 | AR25: {=$I25*SUMPRODUCT(--(sBuilding=$B25),(sParking_Footprint))} -> 0 | AT25: 1.3 | AU25: 0.4 | AV25: 1.3 | AZ25: =ROUND(N25*AT25,-3) -> 36235000 | BA25: =ROUND(O25*AU25,-3) -> 587000 | BB25: =ROUND(P25*AV25,-3) -> 0 | BC25: =ROUND(Q25*AW25,-3) -> 0 | BD25: =ROUND(R25*AX25,-3) -> 0 | BE25: =SUM(AY25:BD25) -> 36822000 | BF25: 1 | BG25: 0.3 | BJ25: =Market!$H$9*$BF25*(1-(1/(1+$BG25))) -> 0 | BL25: =ROUND(BI25*AY25,-3) -> 0 | BM25: =ROUND(BJ25*AZ25,-3) -> 0 | BN25: =ROUND(BK25*BB25,-3) -> 0 | BO25: =SUM(BL25:BN25) -> 0 | BQ25: =0.0075*0.83 -> 0.006225 | BR25: 0 | BS25: 0.02 | BV25: =ROUND(BQ25*AZ25,-3) -> 226000 | BW25: =ROUND(BS25*BB25,-3) -> 0 | BX25: =SUM(BT25:BW25) -> 226000 | CA25: =BR25*AC25 -> 0
A26: Residential | B26: Podium Apartments 1 | C26: ='Block Builder'!C7 -> 0 | D26: ='Block Builder'!D7 -> 0 | E26: ='Block Builder'!E7 -> 0 | F26: ='Block Builder'!F7 -> 2 | G26: ='Block Builder'!G7 -> 0 | H26: ='Block Builder'!H7 -> 0 | I26: =SUM(C26:H26) -> 2 | J26: {=SUMPRODUCT(--('Building Summary'!$A$2:$A$23=Model!$B26),('Building Summary'!$P$2:$P$23))} -> 20000 | K26: {=SUMPRODUCT(--('Building Summary'!$A$2:$A$23=Model!$B26),('Building Summary'!$R$2:$R$23))} -> 0 | L26: {=$I26*SUMPRODUCT(--(sBuilding=B26),(sBuilding_Cost))} -> 25200000 | N26: =IF($L26>0,$L26*(AF26/$AM26),0) -> 20160000 | O26: =IF($L26>0,$L26*(AG26/$AM26),0) -> 5040000 | U26: =SUM(M26:T26)-L26 -> 0 | V26: =ROUND(IFERROR(AG26/AM26,0)*$C$4*L26,-3) -> 756000 | Y26: =SUM(V26:X26) -> 756000 | Z26: =IFERROR(SUM(V26:X26)/L26,0) -> 0.03 | AA26: ='Use Allocation'!$E$6 -> 0.2 | AB26: =AD26-AC26 -> 96 | AC26: =ROUND(AD26*AA26,0) -> 24 | AD26: {=I26*SUMPRODUCT(--(sBuilding=$B26),(sResiUnitCount))} -> 120 | AE26: {=$I26*SUMPRODUCT(--(sBuilding=$B26),(sOfficeSF))} -> 0 | AF26: {=(1-AA26)*$I26*SUMPRODUCT(--(sBuilding=$B26),(sResiSF))} -> 128000 | AG26: {=AA26*$I26*SUMPRODUCT(--(sBuilding=$B26),(sResiSF))} -> 32000 | AH26: {=$I26*SUMPRODUCT(--(sBuilding=$B26),(sRetailSF))} -> 0 | AI26: {=$I26*SUMPRODUCT(--(sBuilding=$B26),(sCommunitySF))} -> 0 | AJ26: {=$I26*SUMPRODUCT(--(sBuilding=$B26),(sCommunity_Commercial_SF))} -> 0 | AK26: {=$I26*SUMPRODUCT(--(sBuilding=$B26),(sShelter_SF))} -> 0 | AL26: {=$I26*SUMPRODUCT(--(sBuilding=$B26),(sOpenSpace))} -> 0 | AM26: =SUM(AE26:AK26) -> 160000 | AN26: {=$I26*SUMPRODUCT(--(sBuilding=$B26),(sParking_Surface))} -> 0 | AO26: {=$I26*SUMPRODUCT(--(sBuilding=$B26),(sParking_Structured))} -> 102 | AP26: {=$I26*SUMPRODUCT(--(sBuilding=$B26),(sParking_Subterranean))} -> 0 | AQ26: {=$I26*SUMPRODUCT(--(sBuilding=$B26),(sParking_TotalUnits))} -> 102 | AR26: {=$I26*SUMPRODUCT(--(sBuilding=$B26),(sParking_Footprint))} -> 0 | AT26: 1.32 | AU26: 0.4 | AV26: 1.3 | AZ26: =ROUND(N26*AT26,-3) -> 26611000 | BA26: =ROUND(O26*AU26,-3) -> 2016000 | BB26: =ROUND(P26*AV26,-3) -> 0 | BC26: =ROUND(Q26*AW26,-3) -> 0 | BD26: =ROUND(R26*AX26,-3) -> 0 | BE26: =SUM(AY26:BD26) -> 28627000 | BF26: 1 | BG26: 0.32 | BJ26: =Market!$H$10*$BF26*(1-(1/(1+$BG26))) -> 0 | BL26: =ROUND(BI26*AY26,-3) -> 0 | BM26: =ROUND(BJ26*AZ26,-3) -> 0 | BN26: =ROUND(BK26*BB26,-3) -> 0 | BO26: =SUM(BL26:BN26) -> 0 | BQ26: =0.0075*0.83 -> 0.006225 | BR26: 0 | BS26: 0.02 | BV26: =ROUND(BQ26*AZ26,-3) -> 166000 | BW26: =ROUND(BS26*BB26,-3) -> 0 | BX26: =SUM(BT26:BW26) -> 166000 | CA26: =BR26*AC26 -> 0
A27: Residential | B27: Podium Apartments 2 | C27: ='Block Builder'!C8 -> 0 | D27: ='Block Builder'!D8 -> 1 | E27: ='Block Builder'!E8 -> 0 | F27: ='Block Builder'!F8 -> 0 | G27: ='Block Builder'!G8 -> 0 | H27: ='Block Builder'!H8 -> 0 | I27: =SUM(C27:H27) -> 1 | J27: {=SUMPRODUCT(--('Building Summary'!$A$2:$A$23=Model!$B27),('Building Summary'!$P$2:$P$23))} -> 20000 | K27: {=SUMPRODUCT(--('Building Summary'!$A$2:$A$23=Model!$B27),('Building Summary'!$R$2:$R$23))} -> 0 | L27: {=$I27*SUMPRODUCT(--(sBuilding=B27),(sBuilding_Cost))} -> 16987500 | N27: =IF($L27>0,$L27*(AF27/$AM27),0) -> 12790588 | O27: =IF($L27>0,$L27*(AG27/$AM27),0) -> 3197647.1 | P27: =IF($L27>0,$L27*(AH27/$AM27),0) -> 999264.71 | U27: =SUM(M27:T27)-L27 -> 0 | V27: =ROUND(IFERROR(AG27/AM27,0)*$C$4*L27,-3) -> 480000 | Y27: =SUM(V27:X27) -> 480000 | Z27: =IFERROR(SUM(V27:X27)/L27,0) -> 0.028256071 | AA27: ='Use Allocation'!$E$6 -> 0.2 | AB27: =AD27-AC27 -> 48 | AC27: =ROUND(AD27*AA27,0) -> 12 | AD27: {=I27*SUMPRODUCT(--(sBuilding=$B27),(sResiUnitCount))} -> 60 | AE27: {=$I27*SUMPRODUCT(--(sBuilding=$B27),(sOfficeSF))} -> 0 | AF27: {=(1-AA27)*$I27*SUMPRODUCT(--(sBuilding=$B27),(sResiSF))} -> 64000 | AG27: {=AA27*$I27*SUMPRODUCT(--(sBuilding=$B27),(sResiSF))} -> 16000 | AH27: {=$I27*SUMPRODUCT(--(sBuilding=$B27),(sRetailSF))} -> 5000 | AI27: {=$I27*SUMPRODUCT(--(sBuilding=$B27),(sCommunitySF))} -> 0 | AJ27: {=$I27*SUMPRODUCT(--(sBuilding=$B27),(sCommunity_Commercial_SF))} -> 0 | AK27: {=$I27*SUMPRODUCT(--(sBuilding=$B27),(sShelter_SF))} -> 0 | AL27: {=$I27*SUMPRODUCT(--(sBuilding=$B27),(sOpenSpace))} -> 0 | AM27: =SUM(AE27:AK27) -> 85000 | AN27: {=$I27*SUMPRODUCT(--(sBuilding=$B27),(sParking_Surface))} -> 13 | AO27: {=$I27*SUMPRODUCT(--(sBuilding=$B27),(sParking_Structured))} -> 0 | AP27: {=$I27*SUMPRODUCT(--(sBuilding=$B27),(sParking_Subterranean))} -> 53 | AQ27: {=$I27*SUMPRODUCT(--(sBuilding=$B27),(sParking_TotalUnits))} -> 66 | AR27: {=$I27*SUMPRODUCT(--(sBuilding=$B27),(sParking_Footprint))} -> 0 | AT27: =AT26*0.97 -> 1.2804 | AU27: 0.4 | AV27: =AV26*0.97 -> 1.261 | AZ27: =ROUND(N27*AT27,-3) -> 16377000 | BA27: =ROUND(O27*AU27,-3) -> 1279000 | BB27: =ROUND(P27*AV27,-3) -> 1260000 | BC27: =ROUND(Q27*AW27,-3) -> 0 | BD27: =ROUND(R27*AX27,-3) -> 0 | BE27: =SUM(AY27:BD27) -> 18916000 | BF27: 1 | BG27: 0.32 | BJ27: =Market!$H$10*$BF27*(1-(1/(1+$BG27))) -> 0 | BL27: =ROUND(BI27*AY27,-3) -> 0 | BM27: =ROUND(BJ27*AZ27,-3) -> 0 | BN27: =ROUND(BK27*BB27,-3) -> 0 | BO27: =SUM(BL27:BN27) -> 0 | BQ27: =0.0075*0.83 -> 0.006225 | BR27: 0 | BS27: 0.02 | BV27: =ROUND(BQ27*AZ27,-3) -> 102000 | BW27: =ROUND(BS27*BB27,-3) -> 25000 | BX27: =SUM(BT27:BW27) -> 127000 | CA27: =BR27*AC27 -> 0
A28: Residential | B28: Luxury Condos 1 | C28: ='Block Builder'!C9 -> 0 | D28: ='Block Builder'!D9 -> 0 | E28: ='Block Builder'!E9 -> 0 | F28: ='Block Builder'!F9 -> 0 | G28: ='Block Builder'!G9 -> 0 | H28: ='Block Builder'!H9 -> 0 | I28: =SUM(C28:H28) -> 0 | J28: {=SUMPRODUCT(--('Building Summary'!$A$2:$A$23=Model!$B28),('Building Summary'!$P$2:$P$23))} -> 20000 | K28: {=SUMPRODUCT(--('Building Summary'!$A$2:$A$23=Model!$B28),('Building Summary'!$R$2:$R$23))} -> 0 | L28: {=$I28*SUMPRODUCT(--(sBuilding=B28),(sBuilding_Cost))} -> 0 | N28: =IF($L28>0,$L28*(AF28/$AM28),0) -> 0 | U28: =SUM(M28:T28)-L28 -> 0 | V28: =ROUND(IFERROR(AG28/AM28,0)*$C$4*L28,-3) -> 0 | Y28: =SUM(V28:X28) -> 0 | Z28: =IFERROR(SUM(V28:X28)/L28,0) -> 0 | AB28: =AD28-AC28 -> 0 | AD28: {=I28*SUMPRODUCT(--(sBuilding=$B28),(sResiUnitCount))} -> 0 | AE28: {=$I28*SUMPRODUCT(--(sBuilding=$B28),(sOfficeSF))} -> 0 | AF28: {=(1-AA28)*$I28*SUMPRODUCT(--(sBuilding=$B28),(sResiSF))} -> 0 | AG28: {=AA28*$I28*SUMPRODUCT(--(sBuilding=$B28),(sResiSF))} -> 0 | AH28: {=$I28*SUMPRODUCT(--(sBuilding=$B28),(sRetailSF))} -> 0 | AI28: {=$I28*SUMPRODUCT(--(sBuilding=$B28),(sCommunitySF))} -> 0 | AJ28: {=$I28*SUMPRODUCT(--(sBuilding=$B28),(sCommunity_Commercial_SF))} -> 0 | AK28: {=$I28*SUMPRODUCT(--(sBuilding=$B28),(sShelter_SF))} -> 0 | AL28: {=$I28*SUMPRODUCT(--(sBuilding=$B28),(sOpenSpace))} -> 0 | AM28: =SUM(AE28:AK28) -> 0 | AN28: {=$I28*SUMPRODUCT(--(sBuilding=$B28),(sParking_Surface))} -> 0 | AO28: {=$I28*SUMPRODUCT(--(sBuilding=$B28),(sParking_Structured))} -> 0 | AP28: {=$I28*SUMPRODUCT(--(sBuilding=$B28),(sParking_Subterranean))} -> 0 | AQ28: {=$I28*SUMPRODUCT(--(sBuilding=$B28),(sParking_TotalUnits))} -> 0 | AR28: {=$I28*SUMPRODUCT(--(sBuilding=$B28),(sParking_Footprint))} -> 0 | AT28: 1.407 | AV28: 1.3 | AZ28: =ROUND(N28*AT28,-3) -> 0 | BB28: =ROUND(P28*AV28,-3) -> 0 | BC28: =ROUND(Q28*AW28,-3) -> 0 | BD28: =ROUND(R28*AX28,-3) -> 0 | BE28: =SUM(AY28:BD28) -> 0 | BF28: 5100000 | BL28: =ROUND(BI28*AY28,-3) -> 0 | BM28: =ROUND(IFERROR(-BF28*(I28/SUM($I$28:$I$29))*(MIN(0,(1-SUM($I$28:$I$29)))),0),-3) -> 0 | BN28: =ROUND(BK28*BB28,-3) -> 0 | BO28: =SUM(BL28:BN28) -> 0 | BQ28: =0.007*0.83 -> 0.00581 | BS28: 0.02 | BV28: =ROUND(BQ28*AZ28,-3) -> 0 | BW28: =ROUND(BS28*BB28,-3) -> 0 | BX28: =SUM(BT28:BW28) -> 0 | CA28: =BR28*AC28 -> 0
A29: Residential | B29: Luxury Condos 2 | C29: ='Block Builder'!C10 -> 0 | D29: ='Block Builder'!D10 -> 1 | E29: ='Block Builder'!E10 -> 0 | F29: ='Block Builder'!F10 -> 0 | G29: ='Block Builder'!G10 -> 0 | H29: ='Block Builder'!H10 -> 0 | I29: =SUM(C29:H29) -> 1 | J29: {=SUMPRODUCT(--('Building Summary'!$A$2:$A$23=Model!$B29),('Building Summary'!$P$2:$P$23))} -> 20000 | K29: {=SUMPRODUCT(--('Building Summary'!$A$2:$A$23=Model!$B29),('Building Summary'!$R$2:$R$23))} -> 0 | L29: {=$I29*SUMPRODUCT(--(sBuilding=B29),(sBuilding_Cost))} -> 31350000 | N29: =IF($L29>0,$L29*(AF29/$AM29),0) -> 29505882 | P29: =IF($L29>0,$L29*(AH29/$AM29),0) -> 1844117.6 | U29: =SUM(M29:T29)-L29 -> 0 | V29: =ROUND(IFERROR(AG29/AM29,0)*$C$4*L29,-3) -> 0 | Y29: =SUM(V29:X29) -> 0 | Z29: =IFERROR(SUM(V29:X29)/L29,0) -> 0 | AB29: =AD29-AC29 -> 56 | AD29: {=I29*SUMPRODUCT(--(sBuilding=$B29),(sResiUnitCount))} -> 56 | AE29: {=$I29*SUMPRODUCT(--(sBuilding=$B29),(sOfficeSF))} -> 0 | AF29: {=(1-AA29)*$I29*SUMPRODUCT(--(sBuilding=$B29),(sResiSF))} -> 80000 | AG29: {=AA29*$I29*SUMPRODUCT(--(sBuilding=$B29),(sResiSF))} -> 0 | AH29: {=$I29*SUMPRODUCT(--(sBuilding=$B29),(sRetailSF))} -> 5000 | AI29: {=$I29*SUMPRODUCT(--(sBuilding=$B29),(sCommunitySF))} -> 0 | AJ29: {=$I29*SUMPRODUCT(--(sBuilding=$B29),(sCommunity_Commercial_SF))} -> 0 | AK29: {=$I29*SUMPRODUCT(--(sBuilding=$B29),(sShelter_SF))} -> 0 | AL29: {=$I29*SUMPRODUCT(--(sBuilding=$B29),(sOpenSpace))} -> 0 | AM29: =SUM(AE29:AK29) -> 85000 | AN29: {=$I29*SUMPRODUCT(--(sBuilding=$B29),(sParking_Surface))} -> 14 | AO29: {=$I29*SUMPRODUCT(--(sBuilding=$B29),(sParking_Structured))} -> 0 | AP29: {=$I29*SUMPRODUCT(--(sBuilding=$B29),(sParking_Subterranean))} -> 85 | AQ29: {=$I29*SUMPRODUCT(--(sBuilding=$B29),(sParking_TotalUnits))} -> 99 | AR29: {=$I29*SUMPRODUCT(--(sBuilding=$B29),(sParking_Footprint))} -> 0 | AT29: =AT28*0.98 -> 1.37886 | AV29: =AV28*0.98 -> 1.274 | AZ29: =ROUND(N29*AT29,-3) -> 40684000 | BB29: =ROUND(P29*AV29,-3) -> 2349000 | BC29: =ROUND(Q29*AW29,-3) -> 0 | BD29: =ROUND(R29*AX29,-3) -> 0 | BE29: =SUM(AY29:BD29) -> 43033000 | BF29: 5100000 | BL29: =ROUND(BI29*AY29,-3) -> 0 | BM29: =ROUND(IFERROR(-BF29*(I29/SUM($I$28:$I$29))*(MIN(0,(1-SUM($I$28:$I$29)))),0),-3) -> 0 | BN29: =ROUND(BK29*BB29,-3) -> 0 | BO29: =SUM(BL29:BN29) -> 0 | BQ29: =0.007*0.83 -> 0.00581 | BS29: 0.02 | BV29: =ROUND(BQ29*AZ29,-3) -> 236000 | BW29: =ROUND(BS29*BB29,-3) -> 47000 | BX29: =SUM(BT29:BW29) -> 283000 | CA29: =BR29*AC29 -> 0
A30: Community | B30: Shelter | C30: ='Block Builder'!C26 -> 1 | D30: ='Block Builder'!D26 -> 0 | E30: ='Block Builder'!E26 -> 0 | F30: ='Block Builder'!F26 -> 0 | G30: ='Block Builder'!G26 -> 0 | H30: ='Block Builder'!H26 -> 0 | I30: =SUM(C30:H30) -> 1 | J30: {=SUMPRODUCT(--('Building Summary'!$A$2:$A$23=Model!$B30),('Building Summary'!$P$2:$P$23))} -> 20000 | K30: {=SUMPRODUCT(--('Building Summary'!$A$2:$A$23=Model!$B30),('Building Summary'!$R$2:$R$23))} -> 0 | L30: {=$I30*SUMPRODUCT(--(sBuilding=B30),(sBuilding_Cost))} -> 0 | S30: =IF($L30>0,$L30*(AK30/$AM30),0) -> 0 | U30: =SUM(M30:T30)-L30 -> 0 | V30: =ROUND(IFERROR(AG30/AM30,0)*$C$4*L30,-3) -> 0 | Y30: =SUM(V30:X30) -> 0 | Z30: =IFERROR(SUM(V30:X30)/L30,0) -> 0 | AE30: {=$I30*SUMPRODUCT(--(sBuilding=$B30),(sOfficeSF))} -> 0 | AF30: {=(1-AA30)*$I30*SUMPRODUCT(--(sBuilding=$B30),(sResiSF))} -> 0 | AG30: {=AA30*$I30*SUMPRODUCT(--(sBuilding=$B30),(sResiSF))} -> 0 | AH30: {=$I30*SUMPRODUCT(--(sBuilding=$B30),(sRetailSF))} -> 0 | AI30: {=$I30*SUMPRODUCT(--(sBuilding=$B30),(sCommunitySF))} -> 0 | AJ30: {=$I30*SUMPRODUCT(--(sBuilding=$B30),(sCommunity_Commercial_SF))} -> 0 | AK30: {=$I30*SUMPRODUCT(--(sBuilding=$B30),(sShelter_SF))} -> 60000 | AL30: {=$I30*SUMPRODUCT(--(sBuilding=$B30),(sOpenSpace))} -> 0 | AM30: =SUM(AE30:AK30) -> 60000 | AN30: {=$I30*SUMPRODUCT(--(sBuilding=$B30),(sParking_Surface))} -> 0 | AO30: {=$I30*SUMPRODUCT(--(sBuilding=$B30),(sParking_Structured))} -> 0 | AP30: {=$I30*SUMPRODUCT(--(sBuilding=$B30),(sParking_Subterranean))} -> 0 | AQ30: {=$I30*SUMPRODUCT(--(sBuilding=$B30),(sParking_TotalUnits))} -> 0 | AR30: {=$I30*SUMPRODUCT(--(sBuilding=$B30),(sParking_Footprint))} -> 0 | BB30: =ROUND(P30*AV30,-3) -> 0 | BC30: =ROUND(Q30*AW30,-3) -> 0 | BD30: =ROUND(R30*AX30,-3) -> 0 | BE30: =SUM(AY30:BD30) -> 0 | BL30: =ROUND(BI30*AY30,-3) -> 0 | BM30: =ROUND(BJ30*AZ30,-3) -> 0 | BN30: =ROUND(BK30*BB30,-3) -> 0 | BO30: =SUM(BL30:BN30) -> 0 | BX30: =SUM(BT30:BW30) -> 0 | CA30: =BR30*AC30 -> 0
A31: Office | B31: LRO1 | C31: ='Block Builder'!C12 -> 0 | D31: ='Block Builder'!D12 -> 0 | E31: ='Block Builder'!E12 -> 1 | F31: ='Block Builder'!F12 -> 0 | G31: ='Block Builder'!G12 -> 0 | H31: ='Block Builder'!H12 -> 0 | I31: =SUM(C31:H31) -> 1 | J31: {=SUMPRODUCT(--('Building Summary'!$A$2:$A$23=Model!$B31),('Building Summary'!$P$2:$P$23))} -> 30000 | K31: {=SUMPRODUCT(--('Building Summary'!$A$2:$A$23=Model!$B31),('Building Summary'!$R$2:$R$23))} -> 15000 | L31: {=$I31*SUMPRODUCT(--(sBuilding=B31),(sBuilding_Cost))} -> 14062500 | M31: =IF($L31>0,$L31*(AE31/$AM31),0) -> 14062500 | U31: =SUM(M31:T31)-L31 -> 0 | V31: =ROUND(IFERROR(AG31/AM31,0)*$C$4*L31,-3) -> 0 | Y31: =SUM(V31:X31) -> 0 | Z31: =IFERROR(SUM(V31:X31)/L31,0) -> 0 | AE31: {=$I31*SUMPRODUCT(--(sBuilding=$B31),(sOfficeSF))} -> 45000 | AF31: {=(1-AA31)*$I31*SUMPRODUCT(--(sBuilding=$B31),(sResiSF))} -> 0 | AG31: {=AA31*$I31*SUMPRODUCT(--(sBuilding=$B31),(sResiSF))} -> 0 | AH31: {=$I31*SUMPRODUCT(--(sBuilding=$B31),(sRetailSF))} -> 0 | AI31: {=$I31*SUMPRODUCT(--(sBuilding=$B31),(sCommunitySF))} -> 0 | AJ31: {=$I31*SUMPRODUCT(--(sBuilding=$B31),(sCommunity_Commercial_SF))} -> 0 | AK31: {=$I31*SUMPRODUCT(--(sBuilding=$B31),(sShelter_SF))} -> 0 | AL31: {=$I31*SUMPRODUCT(--(sBuilding=$B31),(sOpenSpace))} -> 0 | AM31: =SUM(AE31:AK31) -> 45000 | AN31: {=$I31*SUMPRODUCT(--(sBuilding=$B31),(sParking_Surface))} -> 0 | AO31: {=$I31*SUMPRODUCT(--(sBuilding=$B31),(sParking_Structured))} -> 90 | AP31: {=$I31*SUMPRODUCT(--(sBuilding=$B31),(sParking_Subterranean))} -> 0 | AQ31: {=$I31*SUMPRODUCT(--(sBuilding=$B31),(sParking_TotalUnits))} -> 90 | AR31: {=$I31*SUMPRODUCT(--(sBuilding=$B31),(sParking_Footprint))} -> 15000 | AS31: 1.305 | AY31: =ROUND(M31*AS31,-3) -> 18352000 | BB31: =ROUND(P31*AV31,-3) -> 0 | BC31: =ROUND(Q31*AW31,-3) -> 0 | BD31: =ROUND(R31*AX31,-3) -> 0 | BE31: =SUM(AY31:BD31) -> 18352000 | BF31: 1.43 | BG31: 0.305 | BI31: =Market!$H$16*$BF31*(1-(1/(1+$BG31))) -> 0 | BL31: =ROUND(BI31*AY31,-3) -> 0 | BM31: =ROUND(BJ31*AZ31,-3) -> 0 | BN31: =ROUND(BK31*BB31,-3) -> 0 | BO31: =SUM(BL31:BN31) -> 0 | BP31: =0.0075*0.83 -> 0.006225 | BS31: 0.02 | BU31: =ROUND(BP31*AY31,-3) -> 114000 | BV31: =ROUND(BQ31*AZ31,-3) -> 0 | BW31: =ROUND(BS31*BB31,-3) -> 0 | BX31: =SUM(BT31:BW31) -> 114000 | CA31: =BR31*AC31 -> 0
A32: Office | B32: LRO2 | C32: ='Block Builder'!C13 -> 1 | D32: ='Block Builder'!D13 -> 0 | E32: ='Block Builder'!E13 -> 0 | F32: ='Block Builder'!F13 -> 0 | G32: ='Block Builder'!G13 -> 0 | H32: ='Block Builder'!H13 -> 0 | I32: =SUM(C32:H32) -> 1 | J32: {=SUMPRODUCT(--('Building Summary'!$A$2:$A$23=Model!$B32),('Building Summary'!$P$2:$P$23))} -> 40000 | K32: {=SUMPRODUCT(--('Building Summary'!$A$2:$A$23=Model!$B32),('Building Summary'!$R$2:$R$23))} -> 20000 | L32: {=$I32*SUMPRODUCT(--(sBuilding=B32),(sBuilding_Cost))} -> 18750000 | M32: =IF($L32>0,$L32*(AE32/$AM32),0) -> 18750000 | U32: =SUM(M32:T32)-L32 -> 0 | V32: =ROUND(IFERROR(AG32/AM32,0)*$C$4*L32,-3) -> 0 | Y32: =SUM(V32:X32) -> 0 | Z32: =IFERROR(SUM(V32:X32)/L32,0) -> 0 | AE32: {=$I32*SUMPRODUCT(--(sBuilding=$B32),(sOfficeSF))} -> 60000 | AF32: {=(1-AA32)*$I32*SUMPRODUCT(--(sBuilding=$B32),(sResiSF))} -> 0 | AG32: {=AA32*$I32*SUMPRODUCT(--(sBuilding=$B32),(sResiSF))} -> 0 | AH32: {=$I32*SUMPRODUCT(--(sBuilding=$B32),(sRetailSF))} -> 0 | AI32: {=$I32*SUMPRODUCT(--(sBuilding=$B32),(sCommunitySF))} -> 0 | AJ32: {=$I32*SUMPRODUCT(--(sBuilding=$B32),(sCommunity_Commercial_SF))} -> 0 | AK32: {=$I32*SUMPRODUCT(--(sBuilding=$B32),(sShelter_SF))} -> 0 | AL32: {=$I32*SUMPRODUCT(--(sBuilding=$B32),(sOpenSpace))} -> 0 | AM32: =SUM(AE32:AK32) -> 60000 | AN32: {=$I32*SUMPRODUCT(--(sBuilding=$B32),(sParking_Surface))} -> 0 | AO32: {=$I32*SUMPRODUCT(--(sBuilding=$B32),(sParking_Structured))} -> 120 | AP32: {=$I32*SUMPRODUCT(--(sBuilding=$B32),(sParking_Subterranean))} -> 0 | AQ32: {=$I32*SUMPRODUCT(--(sBuilding=$B32),(sParking_TotalUnits))} -> 120 | AR32: {=$I32*SUMPRODUCT(--(sBuilding=$B32),(sParking_Footprint))} -> 20000 | AS32: 1.305 | AY32: =ROUND(M32*AS32,-3) -> 24469000 | BB32: =ROUND(P32*AV32,-3) -> 0 | BC32: =ROUND(Q32*AW32,-3) -> 0 | BD32: =ROUND(R32*AX32,-3) -> 0 | BE32: =SUM(AY32:BD32) -> 24469000 | BF32: 1.43 | BG32: 0.305 | BI32: =Market!$H$16*$BF32*(1-(1/(1+$BG32))) -> 0 | BL32: =ROUND(BI32*AY32,-3) -> 0 | BM32: =ROUND(BJ32*AZ32,-3) -> 0 | BN32: =ROUND(BK32*BB32,-3) -> 0 | BO32: =SUM(BL32:BN32) -> 0 | BP32: =0.0075*0.83 -> 0.006225 | BS32: 0.02 | BU32: =ROUND(BP32*AY32,-3) -> 152000 | BV32: =ROUND(BQ32*AZ32,-3) -> 0 | BW32: =ROUND(BS32*BB32,-3) -> 0 | BX32: =SUM(BT32:BW32) -> 152000 | CA32: =BR32*AC32 -> 0
A33: Office | B33: MRO1 | C33: ='Block Builder'!C14 -> 0 | D33: ='Block Builder'!D14 -> 0 | E33: ='Block Builder'!E14 -> 0 | F33: ='Block Builder'!F14 -> 0 | G33: ='Block Builder'!G14 -> 0 | H33: ='Block Builder'!H14 -> 0 | I33: =SUM(C33:H33) -> 0 | J33: {=SUMPRODUCT(--('Building Summary'!$A$2:$A$23=Model!$B33),('Building Summary'!$P$2:$P$23))} -> 40000 | K33: {=SUMPRODUCT(--('Building Summary'!$A$2:$A$23=Model!$B33),('Building Summary'!$R$2:$R$23))} -> 20000 | L33: {=$I33*SUMPRODUCT(--(sBuilding=B33),(sBuilding_Cost))} -> 0 | M33: =IF($L33>0,$L33*(AE33/$AM33),0) -> 0 | U33: =SUM(M33:T33)-L33 -> 0 | V33: =ROUND(IFERROR(AG33/AM33,0)*$C$4*L33,-3) -> 0 | Y33: =SUM(V33:X33) -> 0 | Z33: =IFERROR(SUM(V33:X33)/L33,0) -> 0 | AE33: {=$I33*SUMPRODUCT(--(sBuilding=$B33),(sOfficeSF))} -> 0 | AF33: {=(1-AA33)*$I33*SUMPRODUCT(--(sBuilding=$B33),(sResiSF))} -> 0 | AG33: {=AA33*$I33*SUMPRODUCT(--(sBuilding=$B33),(sResiSF))} -> 0 | AH33: {=$I33*SUMPRODUCT(--(sBuilding=$B33),(sRetailSF))} -> 0 | AI33: {=$I33*SUMPRODUCT(--(sBuilding=$B33),(sCommunitySF))} -> 0 | AJ33: {=$I33*SUMPRODUCT(--(sBuilding=$B33),(sCommunity_Commercial_SF))} -> 0 | AK33: {=$I33*SUMPRODUCT(--(sBuilding=$B33),(sShelter_SF))} -> 0 | AL33: {=$I33*SUMPRODUCT(--(sBuilding=$B33),(sOpenSpace))} -> 0 | AM33: =SUM(AE33:AK33) -> 0 | AN33: {=$I33*SUMPRODUCT(--(sBuilding=$B33),(sParking_Surface))} -> 0 | AO33: {=$I33*SUMPRODUCT(--(sBuilding=$B33),(sParking_Structured))} -> 0 | AP33: {=$I33*SUMPRODUCT(--(sBuilding=$B33),(sParking_Subterranean))} -> 0 | AQ33: {=$I33*SUMPRODUCT(--(sBuilding=$B33),(sParking_TotalUnits))} -> 0 | AR33: {=$I33*SUMPRODUCT(--(sBuilding=$B33),(sParking_Footprint))} -> 0 | AS33: 1.31 | AV33: 1.3 | AY33: =ROUND(M33*AS33,-3) -> 0 | BB33: =ROUND(P33*AV33,-3) -> 0 | BC33: =ROUND(Q33*AW33,-3) -> 0 | BD33: =ROUND(R33*AX33,-3) -> 0 | BE33: =SUM(AY33:BD33) -> 0 | BF33: 1.25 | BG33: 0.31 | BI33: =Market!$H$17*$BF33*(1-(1/(1+$BG33))) -> 0 | BL33: =ROUND(BI33*AY33,-3) -> 0 | BM33: =ROUND(BJ33*AZ33,-3) -> 0 | BN33: =ROUND(BK33*BB33,-3) -> 0 | BO33: =SUM(BL33:BN33) -> 0 | BP33: =0.0075*0.83 -> 0.006225 | BS33: 0.02 | BU33: =ROUND(BP33*AY33,-3) -> 0 | BV33: =ROUND(BQ33*AZ33,-3) -> 0 | BW33: =ROUND(BS33*BB33,-3) -> 0 | BX33: =SUM(BT33:BW33) -> 0 | CA33: =BR33*AC33 -> 0
A34: Office | B34: MRO2 | C34: ='Block Builder'!C15 -> 1 | D34: ='Block Builder'!D15 -> 0 | E34: ='Block Builder'!E15 -> 0 | F34: ='Block Builder'!F15 -> 0 | G34: ='Block Builder'!G15 -> 0 | H34: ='Block Builder'!H15 -> 0 | I34: =SUM(C34:H34) -> 1 | J34: {=SUMPRODUCT(--('Building Summary'!$A$2:$A$23=Model!$B34),('Building Summary'!$P$2:$P$23))} -> 20000 | K34: {=SUMPRODUCT(--('Building Summary'!$A$2:$A$23=Model!$B34),('Building Summary'!$R$2:$R$23))} -> 0 | L34: {=$I34*SUMPRODUCT(--(sBuilding=B34),(sBuilding_Cost))} -> 59100000 | M34: =IF($L34>0,$L34*(AE34/$AM34),0) -> 56736000 | P34: =IF($L34>0,$L34*(AH34/$AM34),0) -> 2364000 | U34: =SUM(M34:T34)-L34 -> 0 | V34: =ROUND(IFERROR(AG34/AM34,0)*$C$4*L34,-3) -> 0 | Y34: =SUM(V34:X34) -> 0 | Z34: =IFERROR(SUM(V34:X34)/L34,0) -> 0 | AE34: {=$I34*SUMPRODUCT(--(sBuilding=$B34),(sOfficeSF))} -> 120000 | AF34: {=(1-AA34)*$I34*SUMPRODUCT(--(sBuilding=$B34),(sResiSF))} -> 0 | AG34: {=AA34*$I34*SUMPRODUCT(--(sBuilding=$B34),(sResiSF))} -> 0 | AH34: {=$I34*SUMPRODUCT(--(sBuilding=$B34),(sRetailSF))} -> 5000 | AI34: {=$I34*SUMPRODUCT(--(sBuilding=$B34),(sCommunitySF))} -> 0 | AJ34: {=$I34*SUMPRODUCT(--(sBuilding=$B34),(sCommunity_Commercial_SF))} -> 0 | AK34: {=$I34*SUMPRODUCT(--(sBuilding=$B34),(sShelter_SF))} -> 0 | AL34: {=$I34*SUMPRODUCT(--(sBuilding=$B34),(sOpenSpace))} -> 0 | AM34: =SUM(AE34:AK34) -> 125000 | AN34: {=$I34*SUMPRODUCT(--(sBuilding=$B34),(sParking_Surface))} -> 0 | AO34: {=$I34*SUMPRODUCT(--(sBuilding=$B34),(sParking_Structured))} -> 0 | AP34: {=$I34*SUMPRODUCT(--(sBuilding=$B34),(sParking_Subterranean))} -> 255 | AQ34: {=$I34*SUMPRODUCT(--(sBuilding=$B34),(sParking_TotalUnits))} -> 255 | AR34: {=$I34*SUMPRODUCT(--(sBuilding=$B34),(sParking_Footprint))} -> 0 | AS34: =AS33*0.97 -> 1.2707 | AV34: =AV33*0.97 -> 1.261 | AY34: =ROUND(M34*AS34,-3) -> 72094000 | BB34: =ROUND(P34*AV34,-3) -> 2981000 | BC34: =ROUND(Q34*AW34,-3) -> 0 | BD34: =ROUND(R34*AX34,-3) -> 0 | BE34: =SUM(AY34:BD34) -> 75075000 | BF34: 1.25 | BG34: 0.31 | BI34: =Market!$H$17*$BF34*(1-(1/(1+$BG34))) -> 0 | BL34: =ROUND(BI34*AY34,-3) -> 0 | BM34: =ROUND(BJ34*AZ34,-3) -> 0 | BN34: =ROUND(BK34*BB34,-3) -> 0 | BO34: =SUM(BL34:BN34) -> 0 | BP34: =0.0075*0.83 -> 0.006225 | BS34: 0.02 | BU34: =ROUND(BP34*AY34,-3) -> 449000 | BV34: =ROUND(BQ34*AZ34,-3) -> 0 | BW34: =ROUND(BS34*BB34,-3) -> 60000 | BX34: =SUM(BT34:BW34) -> 509000 | CA34: =BR34*AC34 -> 0
A35: Retail | B35: Retail 1 | C35: ='Block Builder'!C17 -> 0 | D35: ='Block Builder'!D17 -> 0 | E35: ='Block Builder'!E17 -> 0 | F35: ='Block Builder'!F17 -> 0 | G35: ='Block Builder'!G17 -> 0 | H35: ='Block Builder'!H17 -> 0 | I35: =SUM(C35:H35) -> 0 | J35: {=SUMPRODUCT(--('Building Summary'!$A$2:$A$23=Model!$B35),('Building Summary'!$P$2:$P$23))} -> 10000 | K35: {=SUMPRODUCT(--('Building Summary'!$A$2:$A$23=Model!$B35),('Building Summary'!$R$2:$R$23))} -> 5000 | L35: {=$I35*SUMPRODUCT(--(sBuilding=B35),(sBuilding_Cost))} -> 0 | P35: =IF($L35>0,$L35*(AH35/$AM35),0) -> 0 | U35: =SUM(M35:T35)-L35 -> 0 | V35: =ROUND(IFERROR(AG35/AM35,0)*$C$4*L35,-3) -> 0 | Y35: =SUM(V35:X35) -> 0 | Z35: =IFERROR(SUM(V35:X35)/L35,0) -> 0 | AE35: {=$I35*SUMPRODUCT(--(sBuilding=$B35),(sOfficeSF))} -> 0 | AF35: {=(1-AA35)*$I35*SUMPRODUCT(--(sBuilding=$B35),(sResiSF))} -> 0 | AG35: {=AA35*$I35*SUMPRODUCT(--(sBuilding=$B35),(sResiSF))} -> 0 | AH35: {=$I35*SUMPRODUCT(--(sBuilding=$B35),(sRetailSF))} -> 0 | AI35: {=$I35*SUMPRODUCT(--(sBuilding=$B35),(sCommunitySF))} -> 0 | AJ35: {=$I35*SUMPRODUCT(--(sBuilding=$B35),(sCommunity_Commercial_SF))} -> 0 | AK35: {=$I35*SUMPRODUCT(--(sBuilding=$B35),(sShelter_SF))} -> 0 | AL35: {=$I35*SUMPRODUCT(--(sBuilding=$B35),(sOpenSpace))} -> 0 | AM35: =SUM(AE35:AK35) -> 0 | AN35: {=$I35*SUMPRODUCT(--(sBuilding=$B35),(sParking_Surface))} -> 0 | AO35: {=$I35*SUMPRODUCT(--(sBuilding=$B35),(sParking_Structured))} -> 0 | AP35: {=$I35*SUMPRODUCT(--(sBuilding=$B35),(sParking_Subterranean))} -> 0 | AQ35: {=$I35*SUMPRODUCT(--(sBuilding=$B35),(sParking_TotalUnits))} -> 0 | AR35: {=$I35*SUMPRODUCT(--(sBuilding=$B35),(sParking_Footprint))} -> 0 | AV35: 1.3 | BB35: =ROUND(P35*AV35,-3) -> 0 | BC35: =ROUND(Q35*AW35,-3) -> 0 | BD35: =ROUND(R35*AX35,-3) -> 0 | BE35: =SUM(AY35:BD35) -> 0 | BF35: 1.4285714 | BG35: 0.3 | BK35: =Market!$H$25*$BF35*(1-(1/(1+$BG35))) -> 0 | BL35: =ROUND(BI35*AY35,-3) -> 0 | BM35: =ROUND(BJ35*AZ35,-3) -> 0 | BN35: =ROUND(BK35*BB35,-3) -> 0 | BO35: =SUM(BL35:BN35) -> 0 | BS35: 0.02 | BV35: =ROUND(BQ35*AZ35,-3) -> 0 | BW35: =ROUND(BS35*BB35,-3) -> 0 | BX35: =SUM(BT35:BW35) -> 0 | CA35: =BR35*AC35 -> 0
A36: Retail | B36: Retail 2 | C36: ='Block Builder'!C18 -> 2 | D36: ='Block Builder'!D18 -> 2 | E36: ='Block Builder'!E18 -> 0 | F36: ='Block Builder'!F18 -> 0 | G36: ='Block Builder'!G18 -> 0 | H36: ='Block Builder'!H18 -> 0 | I36: =SUM(C36:H36) -> 4 | J36: {=SUMPRODUCT(--('Building Summary'!$A$2:$A$23=Model!$B36),('Building Summary'!$P$2:$P$23))} -> 20000 | K36: {=SUMPRODUCT(--('Building Summary'!$A$2:$A$23=Model!$B36),('Building Summary'!$R$2:$R$23))} -> 10000 | L36: {=$I36*SUMPRODUCT(--(sBuilding=B36),(sBuilding_Cost))} -> 10000000 | P36: =IF($L36>0,$L36*(AH36/$AM36),0) -> 10000000 | U36: =SUM(M36:T36)-L36 -> 0 | V36: =ROUND(IFERROR(AG36/AM36,0)*$C$4*L36,-3) -> 0 | Y36: =SUM(V36:X36) -> 0 | Z36: =IFERROR(SUM(V36:X36)/L36,0) -> 0 | AE36: {=$I36*SUMPRODUCT(--(sBuilding=$B36),(sOfficeSF))} -> 0 | AF36: {=(1-AA36)*$I36*SUMPRODUCT(--(sBuilding=$B36),(sResiSF))} -> 0 | AG36: {=AA36*$I36*SUMPRODUCT(--(sBuilding=$B36),(sResiSF))} -> 0 | AH36: {=$I36*SUMPRODUCT(--(sBuilding=$B36),(sRetailSF))} -> 40000 | AI36: {=$I36*SUMPRODUCT(--(sBuilding=$B36),(sCommunitySF))} -> 0 | AJ36: {=$I36*SUMPRODUCT(--(sBuilding=$B36),(sCommunity_Commercial_SF))} -> 0 | AK36: {=$I36*SUMPRODUCT(--(sBuilding=$B36),(sShelter_SF))} -> 0 | AL36: {=$I36*SUMPRODUCT(--(sBuilding=$B36),(sOpenSpace))} -> 0 | AM36: =SUM(AE36:AK36) -> 40000 | AN36: {=$I36*SUMPRODUCT(--(sBuilding=$B36),(sParking_Surface))} -> 120 | AO36: {=$I36*SUMPRODUCT(--(sBuilding=$B36),(sParking_Structured))} -> 0 | AP36: {=$I36*SUMPRODUCT(--(sBuilding=$B36),(sParking_Subterranean))} -> 0 | AQ36: {=$I36*SUMPRODUCT(--(sBuilding=$B36),(sParking_TotalUnits))} -> 120 | AR36: {=$I36*SUMPRODUCT(--(sBuilding=$B36),(sParking_Footprint))} -> 40000 | AV36: 1.3 | BB36: =ROUND(P36*AV36,-3) -> 13000000 | BC36: =ROUND(Q36*AW36,-3) -> 0 | BD36: =ROUND(R36*AX36,-3) -> 0 | BE36: =SUM(AY36:BD36) -> 13000000 | BF36: 1.4285714 | BG36: 0.3 | BK36: =Market!$H$25*$BF36*(1-(1/(1+$BG36))) -> 0 | BL36: =ROUND(BI36*AY36,-3) -> 0 | BM36: =ROUND(BJ36*AZ36,-3) -> 0 | BN36: =ROUND(BK36*BB36,-3) -> 0 | BO36: =SUM(BL36:BN36) -> 0 | BS36: 0.02 | BV36: =ROUND(BQ36*AZ36,-3) -> 0 | BW36: =ROUND(BS36*BB36,-3) -> 260000 | BX36: =SUM(BT36:BW36) -> 260000 | CA36: =BR36*AC36 -> 0
A37: Retail | B37: Supermarket | C37: ='Block Builder'!C19 -> 0 | D37: ='Block Builder'!D19 -> 0 | E37: ='Block Builder'!E19 -> 0 | F37: ='Block Builder'!F19 -> 0 | G37: ='Block Builder'!G19 -> 1 | H37: ='Block Builder'!H19 -> 0 | I37: =SUM(C37:H37) -> 1 | J37: {=SUMPRODUCT(--('Building Summary'!$A$2:$A$23=Model!$B37),('Building Summary'!$P$2:$P$23))} -> 50000 | K37: {=SUMPRODUCT(--('Building Summary'!$A$2:$A$23=Model!$B37),('Building Summary'!$R$2:$R$23))} -> 10000 | L37: {=$I37*SUMPRODUCT(--(sBuilding=B37),(sBuilding_Cost))} -> 11500000 | P37: =IF($L37>0,$L37*(AH37/$AM37),0) -> 11500000 | U37: =SUM(M37:T37)-L37 -> 0 | V37: =ROUND(IFERROR(AG37/AM37,0)*$C$4*L37,-3) -> 0 | Y37: =SUM(V37:X37) -> 0 | Z37: =IFERROR(SUM(V37:X37)/L37,0) -> 0 | AE37: {=$I37*SUMPRODUCT(--(sBuilding=$B37),(sOfficeSF))} -> 0 | AF37: {=(1-AA37)*$I37*SUMPRODUCT(--(sBuilding=$B37),(sResiSF))} -> 0 | AG37: {=AA37*$I37*SUMPRODUCT(--(sBuilding=$B37),(sResiSF))} -> 0 | AH37: {=$I37*SUMPRODUCT(--(sBuilding=$B37),(sRetailSF))} -> 40000 | AI37: {=$I37*SUMPRODUCT(--(sBuilding=$B37),(sCommunitySF))} -> 0 | AJ37: {=$I37*SUMPRODUCT(--(sBuilding=$B37),(sCommunity_Commercial_SF))} -> 0 | AK37: {=$I37*SUMPRODUCT(--(sBuilding=$B37),(sShelter_SF))} -> 0 | AL37: {=$I37*SUMPRODUCT(--(sBuilding=$B37),(sOpenSpace))} -> 0 | AM37: =SUM(AE37:AK37) -> 40000 | AN37: {=$I37*SUMPRODUCT(--(sBuilding=$B37),(sParking_Surface))} -> 32 | AO37: {=$I37*SUMPRODUCT(--(sBuilding=$B37),(sParking_Structured))} -> 0 | AP37: {=$I37*SUMPRODUCT(--(sBuilding=$B37),(sParking_Subterranean))} -> 128 | AQ37: {=$I37*SUMPRODUCT(--(sBuilding=$B37),(sParking_TotalUnits))} -> 160 | AR37: {=$I37*SUMPRODUCT(--(sBuilding=$B37),(sParking_Footprint))} -> 10000 | AV37: 1.358674 | BB37: =ROUND(P37*AV37,-3) -> 15625000 | BC37: =ROUND(Q37*AW37,-3) -> 0 | BD37: =ROUND(R37*AX37,-3) -> 0 | BE37: =SUM(AY37:BD37) -> 15625000 | BF37: 1.3333333 | BG37: 0.3 | BK37: =Market!$H$26*$BF37*(1-(1/(1+$BG37))) -> 0 | BL37: =ROUND(BI37*AY37,-3) -> 0 | BM37: =ROUND(BJ37*AZ37,-3) -> 0 | BN37: =ROUND(BK37*BB37,-3) -> 0 | BO37: =SUM(BL37:BN37) -> 0 | BS37: 0.0083 | BV37: =ROUND(BQ37*AZ37,-3) -> 0 | BW37: =ROUND(BS37*BB37,-3) -> 130000 | BX37: =SUM(BT37:BW37) -> 130000 | CA37: =BR37*AC37 -> 0
A38: Retail | B38: Q-Mart | C38: ='Block Builder'!C20 -> 0 | D38: ='Block Builder'!D20 -> 0 | E38: ='Block Builder'!E20 -> 0 | F38: ='Block Builder'!F20 -> 0 | G38: ='Block Builder'!G20 -> 0 | H38: ='Block Builder'!H20 -> 0 | I38: =SUM(C38:H38) -> 0 | J38: {=SUMPRODUCT(--('Building Summary'!$A$2:$A$23=Model!$B38),('Building Summary'!$P$2:$P$23))} -> 100000 | K38: {=SUMPRODUCT(--('Building Summary'!$A$2:$A$23=Model!$B38),('Building Summary'!$R$2:$R$23))} -> 20000 | L38: {=$I38*SUMPRODUCT(--(sBuilding=B38),(sBuilding_Cost))} -> 0 | P38: =IF($L38>0,$L38*(AH38/$AM38),0) -> 0 | U38: =SUM(M38:T38)-L38 -> 0 | V38: =ROUND(IFERROR(AG38/AM38,0)*$C$4*L38,-3) -> 0 | Y38: =SUM(V38:X38) -> 0 | Z38: =IFERROR(SUM(V38:X38)/L38,0) -> 0 | AE38: {=$I38*SUMPRODUCT(--(sBuilding=$B38),(sOfficeSF))} -> 0 | AF38: {=(1-AA38)*$I38*SUMPRODUCT(--(sBuilding=$B38),(sResiSF))} -> 0 | AG38: {=AA38*$I38*SUMPRODUCT(--(sBuilding=$B38),(sResiSF))} -> 0 | AH38: {=$I38*SUMPRODUCT(--(sBuilding=$B38),(sRetailSF))} -> 0 | AI38: {=$I38*SUMPRODUCT(--(sBuilding=$B38),(sCommunitySF))} -> 0 | AJ38: {=$I38*SUMPRODUCT(--(sBuilding=$B38),(sCommunity_Commercial_SF))} -> 0 | AK38: {=$I38*SUMPRODUCT(--(sBuilding=$B38),(sShelter_SF))} -> 0 | AL38: {=$I38*SUMPRODUCT(--(sBuilding=$B38),(sOpenSpace))} -> 0 | AM38: =SUM(AE38:AK38) -> 0 | AN38: {=$I38*SUMPRODUCT(--(sBuilding=$B38),(sParking_Surface))} -> 0 | AO38: {=$I38*SUMPRODUCT(--(sBuilding=$B38),(sParking_Structured))} -> 0 | AP38: {=$I38*SUMPRODUCT(--(sBuilding=$B38),(sParking_Subterranean))} -> 0 | AQ38: {=$I38*SUMPRODUCT(--(sBuilding=$B38),(sParking_TotalUnits))} -> 0 | AR38: {=$I38*SUMPRODUCT(--(sBuilding=$B38),(sParking_Footprint))} -> 0 | AV38: 1.3 | BB38: =ROUND(P38*AV38,-3) -> 0 | BC38: =ROUND(Q38*AW38,-3) -> 0 | BD38: =ROUND(R38*AX38,-3) -> 0 | BE38: =SUM(AY38:BD38) -> 0 | BF38: 1.3333333 | BG38: 0.3 | BK38: =Market!$H$27*$BF38*(1-(1/(1+$BG38))) -> 0 | BL38: =ROUND(BI38*AY38,-3) -> 0 | BM38: =ROUND(BJ38*AZ38,-3) -> 0 | BN38: =ROUND(BK38*BB38,-3) -> 0 | BO38: =SUM(BL38:BN38) -> 0 | BS38: 0.015 | BV38: =ROUND(BQ38*AZ38,-3) -> 0 | BW38: =ROUND(BS38*BB38,-3) -> 0 | BX38: =SUM(BT38:BW38) -> 0 | CA38: =BR38*AC38 -> 0
A39: Rehab | B39: Phoenix Shelter | D39: =IF(AND('Use Allocation'!E10="rehab",'Use Allocation'!E11="shelter"),1,0) -> 0 | I39: =SUM(C39:H39) -> 0 | J39: {=SUMPRODUCT(--('Building Summary'!$A$2:$A$23=Model!$B39),('Building Summary'!$P$2:$P$23))} -> 20000 | K39: {=SUMPRODUCT(--('Building Summary'!$A$2:$A$23=Model!$B39),('Building Summary'!$R$2:$R$23))} -> 0 | L39: {=$I39*SUMPRODUCT(--(sBuilding=B39),(sBuilding_Cost))} -> 0 | S39: =IF($L39>0,$L39*(AK39/$AM39),0) -> 0 | U39: =SUM(M39:T39)-L39 -> 0 | V39: =ROUND(IFERROR(AG39/AM39,0)*$C$4*L39,-3) -> 0 | Y39: =SUM(V39:X39) -> 0 | Z39: =IFERROR(SUM(V39:X39)/L39,0) -> 0 | AB39: =AD39-AC39 -> 0 | AC39: =ROUND(AD39*AA39,0) -> 0 | AD39: {=I39*SUMPRODUCT(--(sBuilding=$B39),(sResiUnitCount))} -> 0 | AE39: {=$I39*SUMPRODUCT(--(sBuilding=$B39),(sOfficeSF))} -> 0 | AF39: {=(1-AA39)*$I39*SUMPRODUCT(--(sBuilding=$B39),(sResiSF))} -> 0 | AG39: {=AA39*$I39*SUMPRODUCT(--(sBuilding=$B39),(sResiSF))} -> 0 | AH39: {=$I39*SUMPRODUCT(--(sBuilding=$B39),(sRetailSF))} -> 0 | AI39: {=$I39*SUMPRODUCT(--(sBuilding=$B39),(sCommunitySF))} -> 0 | AJ39: {=$I39*SUMPRODUCT(--(sBuilding=$B39),(sCommunity_Commercial_SF))} -> 0 | AK39: {=$I39*SUMPRODUCT(--(sBuilding=$B39),(sShelter_SF))} -> 0 | AL39: {=$I39*SUMPRODUCT(--(sBuilding=$B39),(sOpenSpace))} -> 0 | AM39: =SUM(AE39:AK39) -> 0 | AN39: {=$I39*SUMPRODUCT(--(sBuilding=$B39),(sParking_Surface))} -> 0 | AO39: {=$I39*SUMPRODUCT(--(sBuilding=$B39),(sParking_Structured))} -> 0 | AP39: {=$I39*SUMPRODUCT(--(sBuilding=$B39),(sParking_Subterranean))} -> 0 | AQ39: {=$I39*SUMPRODUCT(--(sBuilding=$B39),(sParking_TotalUnits))} -> 0 | AR39: {=$I39*SUMPRODUCT(--(sBuilding=$B39),(sParking_Footprint))} -> 0 | BB39: =ROUND(P39*AV39,-3) -> 0 | BC39: =ROUND(Q39*AW39,-3) -> 0 | BD39: =ROUND(R39*AX39,-3) -> 0 | BE39: =SUM(AY39:BD39) -> 0 | BX39: =SUM(BT39:BW39) -> 0 | CA39: =BR39*AC39 -> 0
A40: Rehab | B40: Phoenix Mixed Use | D40: =IF(AND('Use Allocation'!E10="rehab",'Use Allocation'!E11="Mixed Use"),1,0) -> 0 | I40: =SUM(C40:H40) -> 0 | J40: {=SUMPRODUCT(--('Building Summary'!$A$2:$A$23=Model!$B40),('Building Summary'!$P$2:$P$23))} -> 20000 | K40: {=SUMPRODUCT(--('Building Summary'!$A$2:$A$23=Model!$B40),('Building Summary'!$R$2:$R$23))} -> 0 | L40: {=$I40*SUMPRODUCT(--(sBuilding=B40),(sBuilding_Cost))} -> 0 | M40: =IF($L40>0,$L40*(AE40/$AM40),0) -> 0 | N40: =IF($L40>0,$L40*(AF40/$AM40),0) -> 0 | O40: =IF($L40>0,$L40*(AG40/$AM40),0) -> 0 | P40: =IF($L40>0,$L40*(AH40/$AM40),0) -> 0 | Q40: =IF($L40>0,$L40*(AI40/$AM40),0) -> 0 | R40: =IF($L40>0,$L40*(AJ40/$AM40),0) -> 0 | U40: =SUM(M40:T40)-L40 -> 0 | V40: =ROUND(IFERROR(AG40/AM40,0)*$C$4*L40,-3) -> 0 | Y40: =SUM(V40:X40) -> 0 | Z40: =IFERROR(SUM(V40:X40)/L40,0) -> 0 | AA40: ='Use Allocation'!$E$7 -> 0.05 | AB40: =AD40-AC40 -> 0 | AC40: =ROUND(AD40*AA40,0) -> 0 | AD40: {=I40*SUMPRODUCT(--(sBuilding=$B40),(sResiUnitCount))} -> 0 | AE40: {=$I40*SUMPRODUCT(--(sBuilding=$B40),(sOfficeSF))} -> 0 | AF40: {=(1-AA40)*$I40*SUMPRODUCT(--(sBuilding=$B40),(sResiSF))} -> 0 | AG40: {=AA40*$I40*SUMPRODUCT(--(sBuilding=$B40),(sResiSF))} -> 0 | AH40: {=$I40*SUMPRODUCT(--(sBuilding=$B40),(sRetailSF))} -> 0 | AI40: {=$I40*SUMPRODUCT(--(sBuilding=$B40),(sCommunitySF))} -> 0 | AJ40: {=$I40*SUMPRODUCT(--(sBuilding=$B40),(sCommunity_Commercial_SF))} -> 0 | AK40: {=$I40*SUMPRODUCT(--(sBuilding=$B40),(sShelter_SF))} -> 0 | AL40: {=$I40*SUMPRODUCT(--(sBuilding=$B40),(sOpenSpace))} -> 0 | AM40: =SUM(AE40:AK40) -> 0 | AN40: {=$I40*SUMPRODUCT(--(sBuilding=$B40),(sParking_Surface))} -> 0 | AO40: {=$I40*SUMPRODUCT(--(sBuilding=$B40),(sParking_Structured))} -> 0 | AP40: {=$I40*SUMPRODUCT(--(sBuilding=$B40),(sParking_Subterranean))} -> 0 | AQ40: {=$I40*SUMPRODUCT(--(sBuilding=$B40),(sParking_TotalUnits))} -> 0 | AR40: {=$I40*SUMPRODUCT(--(sBuilding=$B40),(sParking_Footprint))} -> 0 | AS40: 1.25 | AT40: 1.32 | AU40: 0.4 | AV40: 1.3 | AY40: =ROUND(M40*AS40,-3) -> 0 | AZ40: =ROUND(N40*AT40,-3) -> 0 | BA40: =ROUND(O40*AU40,-3) -> 0 | BB40: =ROUND(P40*AV40,-3) -> 0 | BC40: =ROUND(Q40*AW40,-3) -> 0 | BD40: =ROUND(R40*AX40,-3) -> 0 | BE40: =SUM(AY40:BD40) -> 0 | BP40: =0.0075*0.83 -> 0.006225 | BQ40: =0.0075*0.83 -> 0.006225 | BR40: 0 | BS40: 0.02 | BU40: =ROUND(BP40*AY40,-3) -> 0 | BV40: =ROUND(BQ40*AZ40,-3) -> 0 | BW40: =ROUND(BS40*BB40,-3) -> 0 | BX40: =SUM(BT40:BW40) -> 0 | CA40: =BR40*AC40 -> 0
A41: Rehab | B41: York Dry Goods | E41: 1 | I41: =SUM(C41:H41) -> 1 | J41: {=SUMPRODUCT(--('Building Summary'!$A$2:$A$23=Model!$B41),('Building Summary'!$P$2:$P$23))} -> 20000 | K41: {=SUMPRODUCT(--('Building Summary'!$A$2:$A$23=Model!$B41),('Building Summary'!$R$2:$R$23))} -> 0 | L41: {=$I41*SUMPRODUCT(--(sBuilding=B41),(sBuilding_Cost))} -> 12000000 | M41: =IF($L41>0,$L41*(AE41/$AM41),0) -> 875000 | N41: =IF($L41>0,$L41*(AF41/$AM41),0) -> 8550000 | O41: =IF($L41>0,$L41*(AG41/$AM41),0) -> 450000 | P41: =IF($L41>0,$L41*(AH41/$AM41),0) -> 1250000 | Q41: =IF($L41>0,$L41*(AI41/$AM41),0) -> 875000 | R41: =IF($L41>0,$L41*(AJ41/$AM41),0) -> 0 | U41: =SUM(M41:T41)-L41 -> 0 | V41: =ROUND(IFERROR(AG41/AM41,0)*$C$4*L41,-3) -> 68000 | X41: =ROUND(IFERROR(AI41/AM41,0)*$C$6*L41,-3) -> 131000 | Y41: =SUM(V41:X41) -> 199000 | Z41: =IFERROR(SUM(V41:X41)/L41,0) -> 0.016583333 | AA41: ='Use Allocation'!$E$7 -> 0.05 | AB41: =AD41-AC41 -> 28 | AC41: =ROUND(AD41*AA41,0) -> 2 | AD41: {=I41*SUMPRODUCT(--(sBuilding=$B41),(sResiUnitCount))} -> 30 | AE41: {=$I41*SUMPRODUCT(--(sBuilding=$B41),(sOfficeSF))} -> 3500 | AF41: {=(1-AA41)*$I41*SUMPRODUCT(--(sBuilding=$B41),(sResiSF))} -> 34200 | AG41: {=AA41*$I41*SUMPRODUCT(--(sBuilding=$B41),(sResiSF))} -> 1800 | AH41: {=$I41*SUMPRODUCT(--(sBuilding=$B41),(sRetailSF))} -> 5000 | AI41: {=$I41*SUMPRODUCT(--(sBuilding=$B41),(sCommunitySF))} -> 3500 | AJ41: {=$I41*SUMPRODUCT(--(sBuilding=$B41),(sCommunity_Commercial_SF))} -> 0 | AK41: {=$I41*SUMPRODUCT(--(sBuilding=$B41),(sShelter_SF))} -> 0 | AL41: {=$I41*SUMPRODUCT(--(sBuilding=$B41),(sOpenSpace))} -> 0 | AM41: =SUM(AE41:AK41) -> 48000 | AN41: {=$I41*SUMPRODUCT(--(sBuilding=$B41),(sParking_Surface))} -> 0 | AO41: {=$I41*SUMPRODUCT(--(sBuilding=$B41),(sParking_Structured))} -> 0 | AP41: {=$I41*SUMPRODUCT(--(sBuilding=$B41),(sParking_Subterranean))} -> 0 | AQ41: {=$I41*SUMPRODUCT(--(sBuilding=$B41),(sParking_TotalUnits))} -> 0 | AR41: {=$I41*SUMPRODUCT(--(sBuilding=$B41),(sParking_Footprint))} -> 0 | AS41: 1.25 | AT41: 1.32 | AU41: 0.4 | AV41: 1.3 | AW41: 0.7 | AX41: 0 | AY41: =ROUND(M41*AS41,-3) -> 1094000 | AZ41: =ROUND(N41*AT41,-3) -> 11286000 | BA41: =ROUND(O41*AU41,-3) -> 180000 | BB41: =ROUND(P41*AV41,-3) -> 1625000 | BC41: =ROUND(Q41*AW41,-3) -> 613000 | BD41: =ROUND(R41*AX41,-3) -> 0 | BE41: =SUM(AY41:BD41) -> 14798000 | BP41: =0.0065*0.83 -> 0.005395 | BQ41: =0.0075*0.83 -> 0.006225 | BR41: 0 | BS41: 0.02 | BT41: 0.01 | BU41: =ROUND(BP41*AY41,-3) -> 6000 | BV41: =ROUND(BQ41*AZ41,-3) -> 70000 | BW41: =ROUND(BS41*BB41,-3) -> 33000 | BX41: =SUM(BT41:BW41) -> 109000.01 | BY41: =0.75/10 -> 0.075 | BZ41: =ROUND(BC41*BY41,-3) -> 46000 | CA41: =BR41*AC41 -> 0
A42: Rehab | B42: Victorian Mixed Use | F42: =IF('Block Builder'!F24="rehab",1,0) -> 1 | I42: =SUM(C42:H42) -> 1 | J42: {=SUMPRODUCT(--('Building Summary'!$A$2:$A$23=Model!$B42),('Building Summary'!$P$2:$P$23))} -> 40000 | K42: {=SUMPRODUCT(--('Building Summary'!$A$2:$A$23=Model!$B42),('Building Summary'!$R$2:$R$23))} -> 0 | L42: {=$I42*SUMPRODUCT(--(sBuilding=B42),(sBuilding_Cost))} -> 18750000 | M42: =IF($L42>0,$L42*(AE42/$AM42),0) -> 2500000 | N42: =IF($L42>0,$L42*(AF42/$AM42),0) -> 11875000 | O42: =IF($L42>0,$L42*(AG42/$AM42),0) -> 625000 | P42: =IF($L42>0,$L42*(AH42/$AM42),0) -> 1250000 | Q42: =IF($L42>0,$L42*(AI42/$AM42),0) -> 0 | R42: =IF($L42>0,$L42*(AJ42/$AM42),0) -> 2500000 | U42: =SUM(M42:T42)-L42 -> 0 | V42: =ROUND(IFERROR(AG42/AM42,0)*$C$4*L42,-3) -> 94000 | Y42: =SUM(V42:X42) -> 94000 | Z42: =IFERROR(SUM(V42:X42)/L42,0) -> 0.0050133333 | AA42: ='Use Allocation'!$E$7 -> 0.05 | AB42: =AD42-AC42 -> 38 | AC42: =ROUND(AD42*AA42,0) -> 2 | AD42: {=I42*SUMPRODUCT(--(sBuilding=$B42),(sResiUnitCount))} -> 40 | AE42: {=$I42*SUMPRODUCT(--(sBuilding=$B42),(sOfficeSF))} -> 10000 | AF42: {=(1-AA42)*$I42*SUMPRODUCT(--(sBuilding=$B42),(sResiSF))} -> 47500 | AG42: {=AA42*$I42*SUMPRODUCT(--(sBuilding=$B42),(sResiSF))} -> 2500 | AH42: {=$I42*SUMPRODUCT(--(sBuilding=$B42),(sRetailSF))} -> 5000 | AI42: {=$I42*SUMPRODUCT(--(sBuilding=$B42),(sCommunitySF))} -> 0 | AJ42: {=$I42*SUMPRODUCT(--(sBuilding=$B42),(sCommunity_Commercial_SF))} -> 10000 | AK42: {=$I42*SUMPRODUCT(--(sBuilding=$B42),(sShelter_SF))} -> 0 | AL42: {=$I42*SUMPRODUCT(--(sBuilding=$B42),(sOpenSpace))} -> 0 | AM42: =SUM(AE42:AK42) -> 75000 | AN42: {=$I42*SUMPRODUCT(--(sBuilding=$B42),(sParking_Surface))} -> 0 | AO42: {=$I42*SUMPRODUCT(--(sBuilding=$B42),(sParking_Structured))} -> 0 | AP42: {=$I42*SUMPRODUCT(--(sBuilding=$B42),(sParking_Subterranean))} -> 0 | AQ42: {=$I42*SUMPRODUCT(--(sBuilding=$B42),(sParking_TotalUnits))} -> 0 | AR42: {=$I42*SUMPRODUCT(--(sBuilding=$B42),(sParking_Footprint))} -> 0 | AS42: 1.2 | AT42: 1.27 | AU42: 0.4 | AV42: 1.25 | AW42: 0.7 | AX42: 0 | AY42: =ROUND(M42*AS42,-3) -> 3000000 | AZ42: =ROUND(N42*AT42,-3) -> 15081000 | BA42: =ROUND(O42*AU42,-3) -> 250000 | BB42: =ROUND(P42*AV42,-3) -> 1563000 | BC42: =ROUND(Q42*AW42,-3) -> 0 | BD42: =ROUND(R42*AX42,-3) -> 0 | BE42: =SUM(AY42:BD42) -> 19894000 | BP42: =0.0065*0.83 -> 0.005395 | BQ42: =0.0075*0.83 -> 0.006225 | BR42: 0 | BS42: 0.02 | BT42: 0.01 | BU42: =ROUND(BP42*AY42,-3) -> 16000 | BV42: =ROUND(BQ42*AZ42,-3) -> 94000 | BW42: =ROUND(BS42*BB42,-3) -> 31000 | BX42: =SUM(BT42:BW42) -> 141000.01 | CA42: =BR42*AC42 -> 0
A43: Open Space | B43: Park | C43: ='Block Builder'!C28 -> 0 | D43: ='Block Builder'!D28 -> 2 | E43: ='Block Builder'!E28 -> 0 | F43: ='Block Builder'!F28 -> 0 | G43: ='Block Builder'!G28 -> 0 | H43: ='Block Builder'!H28 -> 2 | I43: =SUM(C43:H43) -> 4 | J43: {=SUMPRODUCT(--('Building Summary'!$A$2:$A$23=Model!$B43),('Building Summary'!$P$2:$P$23))} -> 5000 | K43: {=SUMPRODUCT(--('Building Summary'!$A$2:$A$23=Model!$B43),('Building Summary'!$R$2:$R$23))} -> 0 | L43: {=$I43*SUMPRODUCT(--(sBuilding=B43),(sBuilding_Cost))} -> 1850000 | V43: =ROUND(IFERROR(AG43/AM43,0)*$C$4*L43,-3) -> 0 | W43: =ROUND(L43*$C$5,-3) -> 925000 | Y43: =SUM(V43:X43) -> 925000 | Z43: =IFERROR(SUM(V43:X43)/L43,0) -> 0.5 | AL43: {=$I43*SUMPRODUCT(--(sBuilding=$B43),(sOpenSpace))} -> 20000 | AN43: {=$I43*SUMPRODUCT(--(sBuilding=$B43),(sParking_Surface))} -> 0 | AO43: {=$I43*SUMPRODUCT(--(sBuilding=$B43),(sParking_Structured))} -> 0 | AP43: {=$I43*SUMPRODUCT(--(sBuilding=$B43),(sParking_Subterranean))} -> 0 | AQ43: {=$I43*SUMPRODUCT(--(sBuilding=$B43),(sParking_TotalUnits))} -> 0 | AR43: {=$I43*SUMPRODUCT(--(sBuilding=$B43),(sParking_Footprint))} -> 0 | BC43: =ROUND(Q43*AW43,-3) -> 0 | BD43: =ROUND(R43*AX43,-3) -> 0 | BE43: =SUM(AY43:BD43) -> 0 | BO43: =SUM(BL43:BN43) -> 0 | BU43: =ROUND(BP43*AY43,-3) -> 0 | BY43: 0.027 | BZ43: =L43*BY43 -> 49950
A44: Open Space | B44: Sport | C44: ='Block Builder'!C29 -> 0 | D44: ='Block Builder'!D29 -> 0 | E44: ='Block Builder'!E29 -> 0 | F44: ='Block Builder'!F29 -> 0 | G44: ='Block Builder'!G29 -> 1 | H44: ='Block Builder'!H29 -> 0 | I44: =SUM(C44:H44) -> 1 | J44: {=SUMPRODUCT(--('Building Summary'!$A$2:$A$23=Model!$B44),('Building Summary'!$P$2:$P$23))} -> 10000 | K44: {=SUMPRODUCT(--('Building Summary'!$A$2:$A$23=Model!$B44),('Building Summary'!$R$2:$R$23))} -> 0 | L44: {=$I44*SUMPRODUCT(--(sBuilding=B44),(sBuilding_Cost))} -> 975000 | V44: =ROUND(IFERROR(AG44/AM44,0)*$C$4*L44,-3) -> 0 | W44: =ROUND(L44*$C$5,-3) -> 488000 | Y44: =SUM(V44:X44) -> 488000 | Z44: =IFERROR(SUM(V44:X44)/L44,0) -> 0.50051282 | AL44: {=$I44*SUMPRODUCT(--(sBuilding=$B44),(sOpenSpace))} -> 10000 | AN44: {=$I44*SUMPRODUCT(--(sBuilding=$B44),(sParking_Surface))} -> 0 | AO44: {=$I44*SUMPRODUCT(--(sBuilding=$B44),(sParking_Structured))} -> 0 | AP44: {=$I44*SUMPRODUCT(--(sBuilding=$B44),(sParking_Subterranean))} -> 0 | AQ44: {=$I44*SUMPRODUCT(--(sBuilding=$B44),(sParking_TotalUnits))} -> 0 | AR44: {=$I44*SUMPRODUCT(--(sBuilding=$B44),(sParking_Footprint))} -> 0 | BC44: =ROUND(Q44*AW44,-3) -> 0 | BD44: =ROUND(R44*AX44,-3) -> 0 | BE44: =SUM(AY44:BD44) -> 0 | BO44: =SUM(BL44:BN44) -> 0 | BU44: =ROUND(BP44*AY44,-3) -> 0 | BY44: 0.025 | BZ44: =L44*BY44 -> 24375
A45: Open Space | B45: Skate | C45: ='Block Builder'!C30 -> 0 | D45: ='Block Builder'!D30 -> 0 | E45: ='Block Builder'!E30 -> 0 | F45: ='Block Builder'!F30 -> 0 | G45: ='Block Builder'!G30 -> 0 | H45: ='Block Builder'!H30 -> 0 | I45: =SUM(C45:H45) -> 0 | J45: {=SUMPRODUCT(--('Building Summary'!$A$2:$A$23=Model!$B45),('Building Summary'!$P$2:$P$23))} -> 10000 | K45: {=SUMPRODUCT(--('Building Summary'!$A$2:$A$23=Model!$B45),('Building Summary'!$R$2:$R$23))} -> 0 | L45: {=$I45*SUMPRODUCT(--(sBuilding=B45),(sBuilding_Cost))} -> 0 | V45: =ROUND(IFERROR(AG45/AM45,0)*$C$4*L45,-3) -> 0 | W45: =ROUND(L45*$C$5,-3) -> 0 | Y45: =SUM(V45:X45) -> 0 | Z45: =IFERROR(SUM(V45:X45)/L45,0) -> 0 | AL45: {=$I45*SUMPRODUCT(--(sBuilding=$B45),(sOpenSpace))} -> 0 | AN45: {=$I45*SUMPRODUCT(--(sBuilding=$B45),(sParking_Surface))} -> 0 | AO45: {=$I45*SUMPRODUCT(--(sBuilding=$B45),(sParking_Structured))} -> 0 | AP45: {=$I45*SUMPRODUCT(--(sBuilding=$B45),(sParking_Subterranean))} -> 0 | AQ45: {=$I45*SUMPRODUCT(--(sBuilding=$B45),(sParking_TotalUnits))} -> 0 | AR45: {=$I45*SUMPRODUCT(--(sBuilding=$B45),(sParking_Footprint))} -> 0 | BC45: =ROUND(Q45*AW45,-3) -> 0 | BD45: =ROUND(R45*AX45,-3) -> 0 | BE45: =SUM(AY45:BD45) -> 0 | BO45: =SUM(BL45:BN45) -> 0 | BU45: =ROUND(BP45*AY45,-3) -> 0 | BY45: 0.025 | BZ45: =L45*BY45 -> 0
L47: =SUM(L25:L46) -> 249865000 | V47: =SUM(V25:V46) -> 1618000 | W47: =SUM(W25:W46) -> 1413000 | X47: =SUM(X25:X46) -> 131000 | Y47: =SUM(Y25:Y46) -> 3162000 | AB47: =SUM(AB25:AB46) -> 334 | AC47: =SUM(AC25:AC46) -> 44 | AD47: =SUM(AD25:AD46) -> 378 | AE47: =SUM(AE25:AE46) -> 238500 | AF47: =SUM(AF25:AF46) -> 524700 | AG47: =SUM(AG25:AG46) -> 61300 | AH47: =SUM(AH25:AH46) -> 105000 | AI47: =SUM(AI25:AI46) -> 3500 | ... AR47: =SUM(AR25:AR46) -> 85000 | AY47: =SUM(AY25:AY45) -> 119009000 | AZ47: =SUM(AZ25:AZ45) -> 146274000 | BA47: =SUM(BA25:BA45) -> 4312000 | BB47: =SUM(BB25:BB45) -> 38403000 | BC47: =SUM(BC25:BC45) -> 613000 | BD47: =SUM(BD25:BD45) -> 0 | BE47: =SUM(BE25:BE45) -> 308611000 | BL47: =SUM(BL25:BL45) -> 0 | BM47: =SUM(BM25:BM45) -> 0 | BN47: =SUM(BN25:BN45) -> 0 | BO47: =SUM(BO25:BO45) -> 0 | BU47: =SUM(BU25:BU45) -> 737000 | BV47: =SUM(BV25:BV45) -> 894000 | BW47: =SUM(BW25:BW45) -> 586000 | BX47: =SUM(BX25:BX45) -> 2217000 | BZ47: =SUM(BZ25:BZ45) -> 120325 | CA47: =SUM(CA25:CA45) -> 0
BZ48: =BZ47-CA47 -> 120325
A49: END | B49: =$A$49 -> END | C49: =$A$49 -> END | D49: =$A$49 -> END | E49: =$A$49 -> END | F49: =$A$49 -> END | G49: =$A$49 -> END | H49: =$A$49 -> END | I49: =$A$49 -> END | ... Q49: =$A$49 -> END | U49: =$A$49 -> END | V49: =$A$49 -> END | W49: =$A$49 -> END | X49: =$A$49 -> END | Y49: =$A$49 -> END | Z49: =$A$49 -> END | AA49: =$A$49 -> END | AB49: =$A$49 -> END | ... BD49: =$A$49 -> END | BH49: =$A$49 -> END | BI49: =$A$49 -> END | BJ49: =$A$49 -> END | BK49: =$A$49 -> END | BL49: =$A$49 -> END | BM49: =$A$49 -> END | BN49: =$A$49 -> END | BO49: =$A$49 -> END | ... BZ49: =$A$49 -> END

Sheet Building Summary
A1: Building | B1: Type | C1: Building Floors | D1: Parking Deck | E1: Office SF | F1: Residential SF | G1: Retail SF | H1: Community SF | I1: Community Commercial SF | J1: Shelter SF | K1: Program Rentable SF | L1: Residential Units/Gross SF | M1: Residential Units/Building | N1: Parking SF | O1: Open Space | P1: Site Area | Q1: Building Footprint | R1: Parking Footprint | S1: Site Coverage | T1: FAR | U1: Parking/(1000 or Unit) | V1: Surface Parking Units | W1: Structured Parking Units | X1: Subterranean Parking Units | Y1: Total Parking Units | Z1: SF of parking/car | AA1: Cost/ Rentable SF | AB1: Cost/Residential Unit | AC1: Total Floor SF | AD1: Building Cost | AF1: Building Value (1) | AG1: Value/Site Area | AI1: Profit | AJ1: Profit/Site Area
A2: Phoenix Mixed Use | B2: Rehab | C2: 4 | D2: 0 | E2: ='Use Allocation'!H19 -> 0 | F2: ='Use Allocation'!J19 -> 0 | G2: ='Use Allocation'!G19 -> 0 | K2: =SUM(E2:J2) -> 0 | L2: =15000/12 -> 1250 | M2: =F2/L2 -> 0 | N2: 0 | O2: 0 | P2: 20000 | Q2: 15000 | S2: =Q2/P2 -> 0.75 | T2: =AC2/P2 -> 0 | U2: 0 | AA2: =ROUND(IFERROR(AD2/AC2,0),2) -> 0 | AC2: =K2+O2 -> 0 | AD2: 15000000 | AF2: NAP | AG2: NAP | AI2: NAP | AJ2: NAP
A3: Phoenix Shelter | B3: Rehab | C3: 4 | D3: 0 | J3: 60000 | K3: =SUM(E3:J3) -> 60000 | N3: 0 | O3: 0 | P3: 20000 | Q3: 15000 | S3: =Q3/P3 -> 0.75 | T3: =AC3/P3 -> 3 | U3: 0 | AA3: =ROUND(IFERROR(AD3/AC3,0),2) -> 0 | AC3: =K3+O3 -> 60000 | AD3: 0 | AF3: NAP | AG3: NAP | AI3: NAP | AJ3: NAP
A4: York Dry Goods | B4: Rehab | C4: 4 | D4: 0 | E4: ='Use Allocation'!H41 -> 3500 | F4: ='Use Allocation'!J41 -> 36000 | G4: ='Use Allocation'!G41 -> 5000 | H4: ='Use Allocation'!E41 -> 3500 | I4: ='Use Allocation'!F41 -> 0 | K4: =SUM(E4:J4) -> 48000 | L4: =12000/10 -> 1200 | M4: =F4/L4 -> 30 | N4: 0 | O4: 0 | P4: 20000 | Q4: 12000 | S4: =Q4/P4 -> 0.6 | T4: =AC4/P4 -> 2.4 | U4: 0 | AA4: =ROUND(IFERROR(AD4/AC4,0),2) -> 250 | AC4: =K4+O4 -> 48000 | AD4: 12000000 | AF4: NAP | AG4: NAP | AI4: NAP | AJ4: NAP
A5: Victorian Mixed Use | B5: Rehab | C5: 3 | D5: 0 | E5: ='Use Allocation'!H52 -> 10000 | F5: ='Use Allocation'!J52 -> 50000 | G5: ='Use Allocation'!G52 -> 5000 | I5: ='Use Allocation'!F52 -> 10000 | K5: =SUM(E5:J5) -> 75000 | L5: =25000/20 -> 1250 | M5: =F5/L5 -> 40 | N5: 0 | O5: 0 | P5: 40000 | Q5: 25000 | S5: =Q5/P5 -> 0.625 | T5: =AC5/P5 -> 1.875 | U5: 0 | AA5: =ROUND(IFERROR(AD5/AC5,0),2) -> 250 | AC5: =K5+O5 -> 75000 | AD5: 18750000 | AF5: NAP | AG5: NAP | AI5: NAP | AJ5: NAP
A6: LRO1 | B6: Office | C6: 3 | D6: 2 | E6: 45000 | F6: 0 | G6: 0 | K6: =SUM(E6:J6) -> 45000 | N6: 30000 | O6: 0 | P6: 30000 | Q6: 15000 | R6: =P6-Q6 -> 15000 | S6: =Q6/P6 -> 0.5 | T6: =AC6/P6 -> 1.5 | U6: =Y6/(K6/1000) -> 2 | W6: 90 | Y6: =SUM(V6:X6) -> 90 | Z6: =ROUND(N6/Y6,2) -> 333.33 | AA6: =ROUND(IFERROR(AD6/AC6,0),2) -> 312.5 | AC6: =K6+O6 -> 45000 | AD6: 14062500 | AF6: =ROUND(((E6/K6)*Model!AS31*AD6)+((F6/K6)*Model!AT31*AD6)+((G6/K6)*Model!AV31*AD6),0) -> 18351563 | AG6: =AF6/P6 -> 611.71877 | AI6: =AF6-AD6 -> 4289063 | AJ6: =AI6/P6 -> 142.96877
A7: LRO2 | B7: Office | C7: 3 | D7: 2 | E7: 60000 | F7: 0 | G7: 0 | K7: =SUM(E7:J7) -> 60000 | N7: 40000 | O7: 0 | P7: 40000 | Q7: 20000 | R7: =P7-Q7 -> 20000 | S7: =Q7/P7 -> 0.5 | T7: =AC7/P7 -> 1.5 | U7: =Y7/(K7/1000) -> 2 | W7: 120 | Y7: =SUM(V7:X7) -> 120 | Z7: =ROUND(N7/Y7,2) -> 333.33 | AA7: =ROUND(IFERROR(AD7/AC7,0),2) -> 312.5 | AC7: =K7+O7 -> 60000 | AD7: 18750000 | AF7: =ROUND(((E7/K7)*Model!AS32*AD7)+((F7/K7)*Model!AT32*AD7)+((G7/K7)*Model!AV32*AD7),0) -> 24468750 | AG7: =AF7/P7 -> 611.71875 | AI7: =AF7-AD7 -> 5718750 | AJ7: =AI7/P7 -> 142.96875
A8: MRO1 | B8: Office | C8: 7 | D8: 4 | E8: 120000 | F8: 0 | G8: 0 | K8: =SUM(E8:J8) -> 120000 | N8: 80000 | O8: 0 | P8: 40000 | Q8: 20000 | R8: =P8-Q8 -> 20000 | S8: =Q8/P8 -> 0.5 | T8: =AC8/P8 -> 3 | U8: =Y8/(K8/1000) -> 2 | W8: 240 | Y8: =SUM(V8:X8) -> 240 | Z8: =ROUND(N8/Y8,2) -> 333.33 | AA8: =ROUND(IFERROR(AD8/AC8,0),2) -> 462.5 | AC8: =K8+O8 -> 120000 | AD8: 55500000 | AF8: =ROUND(((E8/K8)*Model!AS33*AD8)+((F8/K8)*Model!AT33*AD8)+((G8/K8)*Model!AV33*AD8),0) -> 72705000 | AG8: =AF8/P8 -> 1817.625 | AI8: =AF8-AD8 -> 17205000 | AJ8: =AI8/P8 -> 430.125
A9: MRO2 | B9: Office | C9: 7 | D9: 0 | E9: 120000 | F9: 0 | G9: 5000 | K9: =SUM(E9:J9) -> 125000 | N9: 80000 | O9: 0 | P9: 20000 | Q9: 20000 | R9: =P9-Q9 -> 0 | S9: =Q9/P9 -> 1 | T9: =AC9/P9 -> 6.25 | U9: =Y9/(K9/1000) -> 2.04 | X9: 255 | Y9: =SUM(V9:X9) -> 255 | Z9: =ROUND(N9/Y9,2) -> 313.73 | AA9: =ROUND(IFERROR(AD9/AC9,0),2) -> 472.8 | AC9: =K9+O9 -> 125000 | AD9: 59100000 | AF9: =ROUND(((E9/K9)*Model!AS34*AD9)+((F9/K9)*Model!AT34*AD9)+((G9/K9)*Model!AV34*AD9),0) -> 75075439 | AG9: =AF9/P9 -> 3753.7719 | AI9: =AF9-AD9 -> 15975439 | AJ9: =AI9/P9 -> 798.77195
A10: Retail 1 | B10: Retail | C10: 1 | D10: 0 | E10: 0 | F10: 0 | G10: 5000 | K10: =SUM(E10:J10) -> 5000 | N10: 5000 | O10: 0 | P10: 10000 | Q10: 5000 | R10: =P10-Q10 -> 5000 | S10: =Q10/P10 -> 0.5 | T10: =AC10/P10 -> 0.5 | U10: 3 | V10: 15 | Y10: =SUM(V10:X10) -> 15 | Z10: =ROUND(N10/Y10,2) -> 333.33 | AA10: =ROUND(IFERROR(AD10/AC10,0),2) -> 250 | AC10: =K10+O10 -> 5000 | AD10: 1250000 | AF10: =ROUND(((E10/K10)*Model!AS35*AD10)+((F10/K10)*Model!AT35*AD10)+((G10/K10)*Model!AV35*AD10),0) -> 1625000 | AG10: =AF10/P10 -> 162.5 | AI10: =AF10-AD10 -> 375000 | AJ10: =AI10/P10 -> 37.5
A11: Retail 2 | B11: Retail | C11: 1 | D11: 0 | E11: 0 | F11: 0 | G11: 10000 | K11: =SUM(E11:J11) -> 10000 | N11: 10000 | O11: 0 | P11: 20000 | Q11: 10000 | R11: =P11-Q11 -> 10000 | S11: =Q11/P11 -> 0.5 | T11: =AC11/P11 -> 0.5 | U11: 3 | V11: 30 | Y11: =SUM(V11:X11) -> 30 | Z11: =ROUND(N11/Y11,2) -> 333.33 | AA11: =ROUND(IFERROR(AD11/AC11,0),2) -> 250 | AC11: =K11+O11 -> 10000 | AD11: 2500000 | AF11: =ROUND(((E11/K11)*Model!AS36*AD11)+((F11/K11)*Model!AT36*AD11)+((G11/K11)*Model!AV36*AD11),0) -> 3250000 | AG11: =AF11/P11 -> 162.5 | AI11: =AF11-AD11 -> 750000 | AJ11: =AI11/P11 -> 37.5
A12: Supermarket | B12: Retail | C12: 2 | D12: 0 | E12: 0 | F12: 0 | G12: 40000 | K12: =SUM(E12:J12) -> 40000 | N12: 50000 | O12: 0 | P12: 50000 | Q12: 40000 | R12: =P12-Q12 -> 10000 | S12: =Q12/P12 -> 0.8 | T12: =AC12/P12 -> 0.8 | U12: 4 | V12: 32 | X12: 128 | Y12: =SUM(V12:X12) -> 160 | Z12: =ROUND(N12/Y12,2) -> 312.5 | AA12: =ROUND(IFERROR(AD12/AC12,0),2) -> 287.5 | AC12: =K12+O12 -> 40000 | AD12: 11500000 | AF12: =ROUND(((E12/K12)*Model!AS37*AD12)+((F12/K12)*Model!AT37*AD12)+((G12/K12)*Model!AV37*AD12),0) -> 15624751 | AG12: =AF12/P12 -> 312.49502 | AI12: =AF12-AD12 -> 4124751 | AJ12: =AI12/P12 -> 82.49502
A13: Q-Mart | B13: Retail | C13: 1 | D13: 5 | E13: 0 | F13: 0 | G13: 80000 | K13: =SUM(E13:J13) -> 80000 | N13: 100000 | O13: 0 | P13: 100000 | Q13: 80000 | R13: =P13-Q13 -> 20000 | S13: =Q13/P13 -> 0.8 | T13: =AC13/P13 -> 0.8 | U13: 4 | W13: 320 | Y13: =SUM(V13:X13) -> 320 | Z13: =ROUND(N13/Y13,2) -> 312.5 | AA13: =ROUND(IFERROR(AD13/AC13,0),2) -> 312.5 | AC13: =K13+O13 -> 80000 | AD13: 25000000 | AF13: =ROUND(((E13/K13)*Model!AS38*AD13)+((F13/K13)*Model!AT38*AD13)+((G13/K13)*Model!AV38*AD13),0) -> 32500000 | AG13: =AF13/P13 -> 325 | AI13: =AF13-AD13 -> 7500000 | AJ13: =AI13/P13 -> 75
A14: Townhouses | B14: Residential | C14: 3 | D14: 0 | E14: 0 | F14: 20000 | G14: 0 | K14: =SUM(E14:J14) -> 20000 | L14: =ROUND(F14/M14,2) -> 2500 | M14: 8 | N14: 4000 | O14: 0 | P14: 10000 | Q14: 10000 | R14: =P14-Q14 -> 0 | S14: =Q14/P14 -> 1 | T14: =AC14/P14 -> 2 | U14: =Y14/M14 -> 2 | W14: 16 | Y14: =SUM(V14:X14) -> 16 | Z14: =ROUND(N14/Y14,2) -> 250 | AA14: =ROUND(IFERROR(AD14/AC14,0),2) -> 163 | AB14: =AD14/M14 -> 407500 | AC14: =K14+O14 -> 20000 | AD14: 3260000 | AF14: =ROUND(((E14/K14)*Model!AS25*AD14)+((F14/K14)*Model!AT25*AD14)+((G14/K14)*Model!AV25*AD14),0) -> 4238000 | AG14: =AF14/P14 -> 423.8 | AI14: =AF14-AD14 -> 978000 | AJ14: =AI14/P14 -> 97.8
A15: Podium Apartments 1 | B15: Residential | C15: 5 | D15: 0 | E15: 0 | F15: 80000 | G15: 0 | K15: =SUM(E15:J15) -> 80000 | L15: =ROUND(F15/M15,2) -> 1333.33 | M15: 60 | N15: 20000 | O15: 0 | P15: 20000 | Q15: 20000 | R15: =P15-Q15 -> 0 | S15: =Q15/P15 -> 1 | T15: =AC15/P15 -> 4 | U15: =Y15/M15 -> 0.85 | W15: 51 | Y15: =SUM(V15:X15) -> 51 | Z15: =ROUND(N15/Y15,2) -> 392.16 | AA15: =ROUND(IFERROR(AD15/AC15,0),2) -> 157.5 | AB15: =AD15/M15 -> 210000 | AC15: =K15+O15 -> 80000 | AD15: 12600000 | AF15: =ROUND(((E15/K15)*Model!AS26*AD15)+((F15/K15)*Model!AT26*AD15)+((G15/K15)*Model!AV26*AD15),0) -> 16632000 | AG15: =AF15/P15 -> 831.6 | AI15: =AF15-AD15 -> 4032000 | AJ15: =AI15/P15 -> 201.6
A16: Podium Apartments 2 | B16: Residential | C16: 5 | D16: 0 | E16: 0 | F16: 80000 | G16: 5000 | K16: =SUM(E16:J16) -> 85000 | L16: =ROUND(F16/M16,2) -> 1333.33 | M16: 60 | N16: 26000 | O16: 0 | P16: 20000 | Q16: 20000 | R16: =P16-Q16 -> 0 | S16: =Q16/P16 -> 1 | T16: =AC16/P16 -> 4.25 | V16: 13 | X16: 53 | Y16: =SUM(V16:X16) -> 66 | Z16: =ROUND(N16/Y16,2) -> 393.94 | AA16: =ROUND(IFERROR(AD16/AC16,0),2) -> 199.85 | AB16: =AD16/M16 -> 283125 | AC16: =K16+O16 -> 85000 | AD16: 16987500 | AF16: =ROUND(((E16/K16)*Model!AS27*AD16)+((F16/K16)*Model!AT27*AD16)+((G16/K16)*Model!AV27*AD16),0) -> 21731409 | AG16: =AF16/P16 -> 1086.5704 | AI16: =AF16-AD16 -> 4743909 | AJ16: =AI16/P16 -> 237.19545
A17: Luxury Condos 1 | B17: Residential | C17: 10 | D17: 0 | E17: 0 | F17: 80000 | G17: 0 | K17: =SUM(E17:J17) -> 80000 | L17: =ROUND(F17/M17,2) -> 1428.57 | M17: 56 | N17: 30000 | O17: 0 | P17: 20000 | Q17: 20000 | R17: =P17-Q17 -> 0 | S17: =Q17/P17 -> 1 | T17: =AC17/P17 -> 4 | U17: =Y17/M17 -> 1.5 | W17: 84 | Y17: =SUM(V17:X17) -> 84 | Z17: =ROUND(N17/Y17,2) -> 357.14 | AA17: =ROUND(IFERROR(AD17/AC17,0),2) -> 341 | AB17: =AD17/M17 -> 487142.86 | AC17: =K17+O17 -> 80000 | AD17: 27280000 | AF17: =ROUND(((E17/K17)*Model!AS28*AD17)+((F17/K17)*Model!AT28*AD17)+((G17/K17)*Model!AV28*AD17),0) -> 38382960 | AG17: =AF17/P17 -> 1919.148 | AI17: =AF17-AD17 -> 11102960 | AJ17: =AI17/P17 -> 555.148
A18: Luxury Condos 2 | B18: Residential | C18: 9 | D18: 0 | E18: 0 | F18: 80000 | G18: 5000 | K18: =SUM(E18:J18) -> 85000 | L18: =ROUND(F18/M18,2) -> 1428.57 | M18: 56 | N18: 35000 | O18: 0 | P18: 20000 | Q18: 20000 | R18: =P18-Q18 -> 0 | S18: =Q18/P18 -> 1 | T18: =AC18/P18 -> 4.25 | V18: 14 | X18: 85 | Y18: =SUM(V18:X18) -> 99 | Z18: =ROUND(N18/Y18,2) -> 353.54 | AA18: =ROUND(IFERROR(AD18/AC18,0),2) -> 368.82 | AB18: =AD18/M18 -> 559821.43 | AC18: =K18+O18 -> 85000 | AD18: 31350000 | AF18: =ROUND(((E18/K18)*Model!AS29*AD18)+((F18/K18)*Model!AT29*AD18)+((G18/K18)*Model!AV29*AD18),0) -> 43033887 | AG18: =AF18/P18 -> 2151.6944 | AI18: =AF18-AD18 -> 11683887 | AJ18: =AI18/P18 -> 584.19435
A19: Park | B19: Open Space | C19: 0 | D19: 0 | E19: 0 | F19: 0 | G19: 0 | K19: =SUM(E19:J19) -> 0 | N19: 0 | O19: 5000 | P19: 5000 | Q19: 5000 | S19: =Q19/P19 -> 1 | T19: =AC19/P19 -> 1 | U19: 0 | AA19: =ROUND(IFERROR(AD19/AC19,0),2) -> 92.5 | AC19: =K19+O19 -> 5000 | AD19: 462500 | AF19: NAP | AG19: NAP | AI19: NAP | AJ19: NAP
A20: Sport | B20: Open Space | C20: 0 | D20: 0 | E20: 0 | F20: 0 | G20: 0 | K20: =SUM(E20:J20) -> 0 | N20: 0 | O20: 10000 | P20: 10000 | Q20: 10000 | S20: =Q20/P20 -> 1 | T20: =AC20/P20 -> 1 | U20: 0 | AA20: =ROUND(IFERROR(AD20/AC20,0),2) -> 97.5 | AC20: =K20+O20 -> 10000 | AD20: 975000 | AF20: NAP | AG20: NAP | AI20: NAP | AJ20: NAP
A21: Skate | B21: Open Space | C21: 0 | D21: 0 | E21: 0 | F21: 0 | G21: 0 | K21: =SUM(E21:J21) -> 0 | N21: 0 | O21: 10000 | P21: 10000 | Q21: 10000 | S21: =Q21/P21 -> 1 | T21: =AC21/P21 -> 1 | U21: 0 | AA21: =ROUND(IFERROR(AD21/AC21,0),2) -> 150 | AC21: =K21+O21 -> 10000 | AD21: 1500000 | AF21: NAP | AG21: NAP | AI21: NAP | AJ21: NAP
A22: Shelter | B22: Community | C22: 3 | D22: 0 | E22: 0 | F22: 0 | G22: 0 | J22: 60000 | K22: =SUM(E22:J22) -> 60000 | N22: 0 | O22: 0 | P22: 20000 | Q22: 20000 | S22: =Q22/P22 -> 1 | T22: =AC22/P22 -> 3 | U22: 0 | AA22: =ROUND(IFERROR(AD22/AC22,0),2) -> 0 | AC22: =K22+O22 -> 60000 | AD22: 0 | AF22: NAP | AG22: NAP | AI22: NAP | AJ22: NAP
A23: END | C23: END | D23: END | E23: END | F23: END | G23: END | H23: END | K23: END | L23: END | M23: END | N23: END | O23: END | P23: END | Q23: END | S23: END | T23: END | U23: END | V23: END | W23: END | X23: END | Y23: END | AA23: END | AC23: END | AD23: END | AE23: END | AF23: END | AG23: END | AH23: END | AI23: END | AJ23: END
AF25: (1) Assumes no affordable housing

Sheet Data Sheet
A3: User Notes
A4: Team Name | C4: =Summary!C4 -> Name
A5: Team Number | C5: =Summary!C5 -> Number
A6: School/Group Location | C6: =Summary!C6 -> Location
A7: B1_TH | C7: ='Block Builder'!C6 -> 0
A8: B2_TH | C8: ='Block Builder'!D6 -> 3
A9: B3_TH | C9: ='Block Builder'!E6 -> 3
A10: B4_TH | C10: ='Block Builder'!F6 -> 0
A11: B5_TH | C11: ='Block Builder'!G6 -> 0
A12: B6_TH | C12: ='Block Builder'!H6 -> 3
A13: B1_POD1 | C13: ='Block Builder'!C7 -> 0
A14: B2_POD1 | C14: ='Block Builder'!D7 -> 0
A15: B3_POD1 | C15: ='Block Builder'!E7 -> 0
A16: B4_POD1 | C16: ='Block Builder'!F7 -> 2
A17: B5_POD1 | C17: ='Block Builder'!G7 -> 0
A18: B6_POD1 | C18: ='Block Builder'!H7 -> 0
A19: B1_POD2 | C19: ='Block Builder'!C8 -> 0
A20: B2_POD2 | C20: ='Block Builder'!D8 -> 1
A21: B3_POD2 | C21: ='Block Builder'!E8 -> 0
A22: B4_POD2 | C22: ='Block Builder'!F8 -> 0
A23: B5_POD2 | C23: ='Block Builder'!G8 -> 0
A24: B6_POD2 | C24: ='Block Builder'!H8 -> 0
A25: B1_LUX1 | C25: ='Block Builder'!C9 -> 0
A26: B2_LUX1 | C26: ='Block Builder'!D9 -> 0
A27: B3_LUX1 | C27: ='Block Builder'!E9 -> 0
A28: B4_LUX1 | C28: ='Block Builder'!F9 -> 0
A29: B5_LUX1 | C29: ='Block Builder'!G9 -> 0
A30: B6_LUX1 | C30: ='Block Builder'!H9 -> 0
A31: B1_LUX2 | C31: ='Block Builder'!C10 -> 0
A32: B2_LUX2 | C32: ='Block Builder'!D10 -> 1
A33: B3_LUX2 | C33: ='Block Builder'!E10 -> 0
A34: B4_LUX2 | C34: ='Block Builder'!F10 -> 0
A35: B5_LUX2 | C35: ='Block Builder'!G10 -> 0
A36: B6_LUX2 | C36: ='Block Builder'!H10 -> 0
A37: B1_LR1 | C37: ='Block Builder'!C12 -> 0
A38: B2_LR1 | C38: ='Block Builder'!D12 -> 0
A39: B3_LR1 | C39: ='Block Builder'!E12 -> 1
A40: B4_LR1 | C40: ='Block Builder'!F12 -> 0
A41: B5_LR1 | C41: ='Block Builder'!G12 -> 0
A42: B6_LR1 | C42: ='Block Builder'!H12 -> 0
A43: B1_LR2 | C43: ='Block Builder'!C13 -> 1
A44: B2_LR2 | C44: ='Block Builder'!D13 -> 0
A45: B3_LR2 | C45: ='Block Builder'!E13 -> 0
A46: B4_LR2 | C46: ='Block Builder'!F13 -> 0
A47: B5_LR2 | C47: ='Block Builder'!G13 -> 0
A48: B6_LR2 | C48: ='Block Builder'!H13 -> 0
A49: B1_MR1 | C49: ='Block Builder'!C14 -> 0
A50: B2_MR1 | C50: ='Block Builder'!D14 -> 0
A51: B3_MR1 | C51: ='Block Builder'!E14 -> 0
A52: B4_MR1 | C52: ='Block Builder'!F14 -> 0
A53: B5_MR1 | C53: ='Block Builder'!G14 -> 0
A54: B6_MR1 | C54: ='Block Builder'!H14 -> 0
A55: B1_MR2 | C55: ='Block Builder'!C15 -> 1
A56: B2_MR2 | C56: ='Block Builder'!D15 -> 0
A57: B3_MR2 | C57: ='Block Builder'!E15 -> 0
A58: B4_MR2 | C58: ='Block Builder'!F15 -> 0
A59: B5_MR2 | C59: ='Block Builder'!G15 -> 0
A60: B6_MR2 | C60: ='Block Builder'!H15 -> 0
A61: B1_RET1 | C61: ='Block Builder'!C17 -> 0
A62: B2_RET1 | C62: ='Block Builder'!D17 -> 0
A63: B3_RET1 | C63: ='Block Builder'!E17 -> 0
A64: B4_RET1 | C64: ='Block Builder'!F17 -> 0
A65: B5_RET1 | C65: ='Block Builder'!G17 -> 0
A66: B6_RET1 | C66: ='Block Builder'!H17 -> 0
A67: B1_RET2 | C67: ='Block Builder'!C18 -> 2
A68: B2_RET2 | C68: ='Block Builder'!D18 -> 2
A69: B3_RET2 | C69: ='Block Builder'!E18 -> 0
A70: B4_RET2 | C70: ='Block Builder'!F18 -> 0
A71: B5_RET2 | C71: ='Block Builder'!G18 -> 0
A72: B6_RET2 | C72: ='Block Builder'!H18 -> 0
A73: B1_SUPER | C73: ='Block Builder'!C19 -> 0
A74: B2_SUPER | C74: ='Block Builder'!D19 -> 0
A75: B3_SUPER | C75: ='Block Builder'!E19 -> 0
A76: B4_SUPER | C76: ='Block Builder'!F19 -> 0
A77: B5_SUPER | C77: ='Block Builder'!G19 -> 1
A78: B1_QMART | C78: ='Block Builder'!C20 -> 0
A79: B2_QMART | C79: ='Block Builder'!D20 -> 0
A80: B2_PHX | C80: ='Block Builder'!D22 -> Demolish
A81: B4_VIC | C81: ='Block Builder'!F24 -> Rehab
A82: B1_NEWSHELTER | C82: ='Block Builder'!C26 -> 1
A83: B2_NEWSHELTER | C83: ='Block Builder'!D26 -> 0
A84: B3_NEWSHELTER | C84: ='Block Builder'!E26 -> 0
A85: B4_NEWSHELTER | C85: ='Block Builder'!F26 -> 0
A86: B5_NEWSHELTER | C86: ='Block Builder'!G26 -> 0
A87: B6_NEWSHELTER | C87: ='Block Builder'!H26 -> 0
A88: B1_PARK | C88: ='Block Builder'!C28 -> 0
A89: B2_PARK | C89: ='Block Builder'!D28 -> 2
A90: B3_PARK | C90: ='Block Builder'!E28 -> 0
A91: B4_PARK | C91: ='Block Builder'!F28 -> 0
A92: B5_PARK | C92: ='Block Builder'!G28 -> 0
A93: B6_PARK | C93: ='Block Builder'!H28 -> 2
A94: B1_SPORT | C94: ='Block Builder'!C29 -> 0
A95: B2_SPORT | C95: ='Block Builder'!D29 -> 0
A96: B3_SPORT | C96: ='Block Builder'!E29 -> 0
A97: B4_SPORT | C97: ='Block Builder'!F29 -> 0
A98: B5_SPORT | C98: ='Block Builder'!G29 -> 1
A99: B6_SPORT | C99: ='Block Builder'!H29 -> 0
A100: B1_SKATE | C100: ='Block Builder'!C30 -> 0
A101: B2_SKATE | C101: ='Block Builder'!D30 -> 0
A102: B3_SKATE | C102: ='Block Builder'!E30 -> 0
...

Sheet Financial Analyst

Sheet EXISTING BUILDINGS

Sheet OPEN SPACE

Sheet NEW BUILDINGS

Sheet Demand Jobs

Sheet FRP

Sheet Site Plan

Sheet Financial Data
B5: Account Code | C5: Building Type | D5: Profit | E5: Site Area | F5: Profit/Site Area | I5: Job Creation (Office)
B6: MRO2 | C6: Mid-Rise Office 2 (Mixed Use) | D6: =_xlfn.XLOOKUP(B6,'Building Summary'!$A:$A,'Building Summary'!$AI:$AI) -> 15975439 | E6: =_xlfn.XLOOKUP(B6,'Building Summary'!$A:$A,'Building Summary'!$P:$P) -> 20000 | F6: =D6/E6 -> 798.77195 | I6: Building Type | J6: Part-Time Entry Level | K6: Full-Time Entry Level | L6: Mid-Paying | M6: High-Paying | N6: Total Jobs
B7: Luxury Condos 2 | C7: Luxury Condo 2 (Mixed Use) | D7: =_xlfn.XLOOKUP(B7,'Building Summary'!$A:$A,'Building Summary'!$AI:$AI) -> 11683887 | E7: =_xlfn.XLOOKUP(B7,'Building Summary'!$A:$A,'Building Summary'!$P:$P) -> 20000 | F7: =D7/E7 -> 584.19435 | I7: Mid-Rise Office | J7: 53 | K7: 160 | L7: 400 | M7: 80 | N7: 693
B8: Luxury Condos 1 | C8: Luxury Condo 1 | D8: =_xlfn.XLOOKUP(B8,'Building Summary'!$A:$A,'Building Summary'!$AI:$AI) -> 11102960 | E8: =_xlfn.XLOOKUP(B8,'Building Summary'!$A:$A,'Building Summary'!$P:$P) -> 20000 | F8: =D8/E8 -> 555.148 | I8: Low-Rise Office | J8: 23 | K8: 70 | L8: 175 | M8: 35 | N8: 303
B9: MRO1 | C9: Mid-Rise Office 1 | D9: =_xlfn.XLOOKUP(B9,'Building Summary'!$A:$A,'Building Summary'!$AI:$AI) -> 17205000 | E9: =_xlfn.XLOOKUP(B9,'Building Summary'!$A:$A,'Building Summary'!$P:$P) -> 40000 | F9: =D9/E9 -> 430.125 | I9: Victorian Row | J9: 3 | K9: 10 | L9: 25 | M9: 5 | N9: 43
B10: Podium Apartments 2 | C10: Podium Apartments 2 (Mixed Use) | D10: =_xlfn.XLOOKUP(B10,'Building Summary'!$A:$A,'Building Summary'!$AI:$AI) -> 4743909 | E10: =_xlfn.XLOOKUP(B10,'Building Summary'!$A:$A,'Building Summary'!$P:$P) -> 20000 | F10: =D10/E10 -> 237.19545 | I10: Phoenix Hotel | J10: 1 | K10: 3 | L10: 8 | M10: 2 | N10: 14
B11: Podium Apartments 1 | C11: Podium Apartments 1 | D11: =_xlfn.XLOOKUP(B11,'Building Summary'!$A:$A,'Building Summary'!$AI:$AI) -> 4032000 | E11: =_xlfn.XLOOKUP(B11,'Building Summary'!$A:$A,'Building Summary'!$P:$P) -> 20000 | F11: =D11/E11 -> 201.6 | I11: York Dry Goods | J11: 0 | K11: 1 | L11: 3 | M11: 1 | N11: 5
B12: LRO1 | C12: Low-Rise Office 1 | D12: =_xlfn.XLOOKUP(B12,'Building Summary'!$A:$A,'Building Summary'!$AI:$AI) -> 4289063 | E12: =_xlfn.XLOOKUP(B12,'Building Summary'!$A:$A,'Building Summary'!$P:$P) -> 30000 | F12: =D12/E12 -> 142.96877
B13: LRO2 | C13: Low-Rise Office 2 | D13: =_xlfn.XLOOKUP(B13,'Building Summary'!$A:$A,'Building Summary'!$AI:$AI) -> 5718750 | E13: =_xlfn.XLOOKUP(B13,'Building Summary'!$A:$A,'Building Summary'!$P:$P) -> 40000 | F13: =D13/E13 -> 142.96875 | I13: Job Creation (Retail)
B14: Townhouses | C14: Townhouses | D14: =_xlfn.XLOOKUP(B14,'Building Summary'!$A:$A,'Building Summary'!$AI:$AI) -> 978000 | E14: =_xlfn.XLOOKUP(B14,'Building Summary'!$A:$A,'Building Summary'!$P:$P) -> 10000 | F14: =D14/E14 -> 97.8 | I14: Building Type | J14: Part-Time Entry Level | K14: Full-Time Entry Level | L14: Mid-Paying | M14: High-Paying | N14: Total Jobs
B15: Supermarket | C15: Supermarket | D15: =_xlfn.XLOOKUP(B15,'Building Summary'!$A:$A,'Building Summary'!$AI:$AI) -> 4124751 | E15: =_xlfn.XLOOKUP(B15,'Building Summary'!$A:$A,'Building Summary'!$P:$P) -> 50000 | F15: =D15/E15 -> 82.49502 | I15: Q-Mart | J15: 140 | K15: 240 | L15: 18 | M15: 2 | N15: 400
B16: Q-Mart | C16: Q-Mart | D16: =_xlfn.XLOOKUP(B16,'Building Summary'!$A:$A,'Building Summary'!$AI:$AI) -> 7500000 | E16: =_xlfn.XLOOKUP(B16,'Building Summary'!$A:$A,'Building Summary'!$P:$P) -> 100000 | F16: =D16/E16 -> 75 | I16: Supermarket | J16: 70 | K16: 120 | L16: 9 | M16: 1 | N16: 200
B17: Retail 1 | C17: Retail 1 | D17: =_xlfn.XLOOKUP(B17,'Building Summary'!$A:$A,'Building Summary'!$AI:$AI) -> 375000 | E17: =_xlfn.XLOOKUP(B17,'Building Summary'!$A:$A,'Building Summary'!$P:$P) -> 10000 | F17: =D17/E17 -> 37.5 | I17: Neighborhood Retail | J17: 24 | K17: 32 | L17: 12 | M17: 0 | N17: 68
B18: Retail 2 | C18: Retail 2 | D18: =_xlfn.XLOOKUP(B18,'Building Summary'!$A:$A,'Building Summary'!$AI:$AI) -> 750000 | E18: =_xlfn.XLOOKUP(B18,'Building Summary'!$A:$A,'Building Summary'!$P:$P) -> 20000 | F18: =D18/E18 -> 37.5 | I18: Phoenix Hotel | J18: 12 | K18: 16 | L18: 6 | M18: 0 | N18: 34
I19: York Dry Goods | J19: 12 | K19: 16 | L19: 6 | M19: 0 | N19: 34
I20: Victorian Row | J20: 12 | K20: 16 | L20: 6 | M20: 0 | N20: 34
I22: Job Creation (Residential)
I23: Building Type | J23: Part-Time Entry Level | K23: Full-Time Entry Level | L23: Mid-Paying | M23: High-Paying | N23: Total Jobs
I24: Luxury Condos 1 | J24: 3 | K24: 4 | L24: 1 | M24: 0 | N24: 8
B25: Residential Construction Subsidy 12% | I25: Luxury Condos 2 | J25: 3 | K25: 4 | L25: 1 | M25: 0 | N25: 8
B26: Building Type | C26: City Subsidy | D26: Affordable SF | E26: Sub Per Affordable SF | I26: Podium Apartments 1 | J26: 2 | K26: 2 | L26: 1 | M26: 0 | N26: 5
B27: Townhouses | C27: =Value!R6 -> 220000 | D27: =_xlfn.XLOOKUP(B27,Model!$B:$B,Model!$AG:$AG) -> 9000 | E27: =IFERROR(C27/D27,"") -> 24.444444 | I27: Podium Apartments 2 | J27: 2 | K27: 2 | L27: 1 | M27: 0 | N27: 5
B28: Podium Apartments 1 | C28: =Value!R7 -> 756000 | D28: =_xlfn.XLOOKUP(B28,Model!$B:$B,Model!$AG:$AG) -> 32000 | E28: =IFERROR(C28/D28,"") -> 23.625 | I28: Phoenix Hotel | J28: 0 | K28: 0 | L28: 0 | M28: 0 | N28: 0
B29: Podium Apartments 2 | C29: =Value!R8 -> 480000 | D29: =_xlfn.XLOOKUP(B29,Model!$B:$B,Model!$AG:$AG) -> 16000 | E29: =IFERROR(C29/D29,"") -> 30 | I29: York Dry Goods | J29: 0 | K29: 0 | L29: 0 | M29: 0 | N29: 0
B30: Phoenix Mixed Use | C30: =Value!R11 -> 0 | D30: =_xlfn.XLOOKUP(B30,Model!$B:$B,Model!$AG:$AG) -> 0 | E30: =IFERROR(C30/D30,"") | I30: Victorian Row | J30: 0 | K30: 0 | L30: 0 | M30: 0 | N30: 0
B31: York Dry Goods | C31: =Value!R12 -> 68000 | D31: =_xlfn.XLOOKUP(B31,Model!$B:$B,Model!$AG:$AG) -> 1800 | E31: =IFERROR(C31/D31,"") -> 37.777778
B32: Victorian Mixed Use | C32: =Value!R13 -> 94000 | D32: =_xlfn.XLOOKUP(B32,Model!$B:$B,Model!$AG:$AG) -> 2500 | E32: =IFERROR(C32/D32,"") -> 37.6
B33: Total/Weighted Average | C33: =SUM(C27:C32) -> 1618000 | D33: =SUM(D27:D32) -> 61300 | E33: =SUMPRODUCT(D27:D32,E27:E32)/D33 -> 26.39478
B36: Building Type | C36: Affordable | D36: Total Units
B37: =Costs!B6 -> Townhouses | C37: =Costs!D6 -> 4 | D37: =Costs!E6 -> 72
B38: =Costs!B7 -> Podium Apartments 1 | C38: =Costs!D7 -> 24 | D38: =Costs!E7 -> 120
B39: =Costs!B8 -> Podium Apartments 2 | C39: =Costs!D8 -> 12 | D39: =Costs!E8 -> 60
B40: =Costs!B9 -> Luxury Condos 1 | C40: =Costs!D9 -> 0 | D40: =Costs!E9 -> 0
B41: =Costs!B10 -> Luxury Condos 2 | C41: =Costs!D10 -> 0 | D41: =Costs!E10 -> 56
B42: =Costs!B11 -> Phoenix Hotel | C42: =Costs!D11 -> 0 | D42: =Costs!E11 -> 0
B43: =Costs!B12 -> York Dry Goods | C43: =Costs!D12 -> 2 | D43: =Costs!E12 -> 30
B44: =Costs!B13 -> Victorian Row | C44: =Costs!D13 -> 2 | D44: =Costs!E13 -> 40
B45: Affordable % | C45: =SUM(C37:C44)/SUM(D37:D44) -> 0.11640212

Sheet POWER POINT

Sheet PSF
C3: =20*5 -> 100
F5: =E13/D13 -> 1875 | Q5: Phoenix Mixed Use
B6: Building Max | C6: Residential Product Type | D6: Units | E6: Total Rentable SF | F6: Development Profit | G6: Total Profit Per Unit | H6: Total Profit PSF | I6: City Construction Cost Subsidy | J6: Per Unit Sub | M6: Residential Product Type | Q6: Phoenix Shelter
B7: 1 | C7: Luxury Condos 2 | D7: 56 | E7: 80000 | F7: 11178118 | G7: =F7/D7 -> 199609.24 | H7: =F7/E7 -> 139.72647 | I7: 0 | J7: =I7/D7 -> 0 | M7: Podium Apartments 1 | Q7: York Dry Goods
B8: 1 | C8: Luxury Condos 1 | D8: 56 | E8: 80000 | F8: 11103000 | G8: =F8/D8 -> 198267.86 | H8: =F8/E8 -> 138.7875 | I8: 0 | J8: =I8/D8 -> 0 | M8: Podium Apartments 2 | Q8: Victorian Mixed Use
B9: 5 | C9: Podium Apartments 2 | D9: 60 | E9: 80000 | F9: 4482764.7 | G9: =F9/D9 -> 74712.745 | H9: =F9/E9 -> 56.034559 | I9: 240000 | J9: =I9/D9 -> 4000 | M9: Luxury Condos 1 | Q9: LRO1
B10: 5 | C10: Podium Apartments 1 | D10: 60 | E10: 80000 | F10: 4032000 | G10: =F10/D10 -> 67200 | H10: =F10/E10 -> 50.4 | I10: 189000 | J10: =I10/D10 -> 3150 | M10: Luxury Condos 2 | Q10: LRO2
B11: 9 | C11: Townhouses | D11: 8 | E11: 10000 | F11: 978000 | G11: =F11/D11 -> 122250 | H11: =F11/E11 -> 97.8 | I11: 49000 | J11: =I11/D11 -> 6125 | M11: Phoenix Hotel | Q11: MRO1
C12: YORK DRY GOODS | D12: 30 | E12: 36000 | F12: 2880000 | G12: =F12/D12 -> 96000 | H12: =F12/E12 -> 80 | I12: 45000 | J12: =I12/D12 -> 1500 | M12: York Dry Goods | Q12: MRO2
C13: Phoenix Hotel | D13: 24 | E13: 45000 | F13: 3600000 | G13: =F13/D13 -> 150000 | H13: =F13/E13 -> 80 | I13: 113000 | J13: =I13/D13 -> 4708.3333 | M13: Victorian Row | Q13: Retail 1
C14: VICTORIAN ROW REHAB | D14: 40 | E14: 75000 | F14: 3375000 | G14: =F14/D14 -> 84375 | H14: =F14/E14 -> 45 | I14: 188000 | J14: =I14/D14 -> 4700 | Q14: Retail 2
Q15: Supermarket
B16: Building Max | C16: Office Product Type | D16: SF | E16: Development Profit | F16: Total Profit Per SF | Q16: Q-Mart
B17: 2 | C17: Mid-Rise Office 1 | D17: 120000 | E17: 17205000 | F17: =E17/D17 -> 143.375 | Q17: Townhouses
B18: 1 | C18: Mid-Rise Office 2 (Mixed Use) | D18: 120000 | E18: 15358000 | F18: =E18/D18 -> 127.98333 | Q18: Podium Apartments 1
B19: 4 | C19: Low-Rise Office 1 | D19: 45000 | E19: 4289500 | F19: =E19/D19 -> 95.322222 | Q19: Podium Apartments 2
B20: 3 | C20: Low-Rise Office 2 | D20: 60000 | E20: 5719000 | F20: =E20/D20 -> 95.316667 | Q20: Luxury Condos 1
Q21: Luxury Condos 2
Q22: Park
B23: Building Max | C23: Retail | D23: SF | E23: Development Profit | F23: Total Profit Per SF | Q23: Sport
B24: N/a | C24: Retail in Mid-Rise Office 2 | D24: 5000 | E24: 617000 | F24: =E24/D24 -> 123.4 | Q24: Skate
B25: 1 | C25: Supermarket | D25: 40000 | E25: 4125000 | F25: =E25/D25 -> 103.125 | Q25: Shelter
B26: N/a | C26: Retail in Luxury Condo 2 | D26: 5000 | E26: 504882.35 | F26: =E26/D26 -> 100.97647
B27: 1 | C27: Q-Mart | D27: 80000 | E27: 7500000 | F27: =E27/D27 -> 93.75
B28: 10 | C28: Retail 1 | D28: 5000 | E28: 375000 | F28: =E28/D28 -> 75
B29: 6 | C29: Retail 2 | D29: 10000 | E29: 750000 | F29: =E29/D29 -> 75
B30: N/a | C30: Retail in Podium Apartments 2 | D30: 5000 | E30: 260735.29 | F30: =E30/D30 -> 52.147059
B33: PHOENIX HOTEL REHAB
B34: Total SF | C34: Retail SF | D34: Office SF | E34: Residential Units | F34: Development Profit Office | G34: Office Profit Per SF | H34: Development Profit Retail | I34: Retail Profit Per SF | J34: Total Profit PSF
B35: 60000 | C35: 15000 | D35: =B35-C35 -> 45000 | E35: 0 | F35: 2813000 | G35: =F35/D35 -> 62.511111 | H35: 1125000 | I35: =H35/C35 -> 75 | J35: =I35+G35 -> 137.51111
B36: 60000 | C36: 10000 | D36: =B36-C36 -> 50000 | E36: 0 | F36: 3125000 | G36: =F36/D36 -> 62.5 | H36: 750000 | I36: =H36/C36 -> 75 | J36: =I36+G36 -> 137.5
B37: 60000 | C37: 5000 | D37: 55000 | E37: 0 | F37: 3438000 | G37: =F37/D37 -> 62.509091 | H37: 375000 | I37: =H37/C37 -> 75 | J37: =I37+G37 -> 137.50909
B38: 60000 | C38: 0 | D38: 60000 | E38: 0 | F38: 3750000 | G38: =F38/D38 -> 62.5 | J38: =I38+G38 -> 62.5
B40: VICTORIAN ROW HOTEL REHAB
B41: Total SF | C41: Retail SF | D41: Office SF | E41: Residential Units | F41: Development Profit Office | G41: Office Profit Per SF | H41: Development Profit Retail | I41: Retail Profit Per SF | J41: Total Profit PSF
B42: 75000 | C42: 0 | D42: =B42-C42 -> 75000 | E42: 0 | F42: 3750000 | G42: =F42/D42 -> 50 | H42: 0 | I42: 0 | J42: =I42+G42 -> 50
B43: 75000 | C43: 5000 | D43: =B43-C43 -> 70000 | E43: 0 | F43: 3500000 | G43: =F43/D43 -> 50 | H43: 313000 | I43: =H43/C43 -> 62.6 | J43: =I43+G43 -> 112.6
B44: 75000 | C44: 10000 | D44: =B44-C44 -> 65000 | E44: 0 | F44: 3250000 | G44: =F44/D44 -> 50 | H44: 625000 | I44: =H44/C44 -> 62.5 | J44: =I44+G44 -> 112.5
B45: 75000 | C45: 15000 | D45: =B45-C45 -> 60000 | E45: 0 | F45: 3000000 | G45: =F45/D45 -> 50 | H45: 938000 | I45: =H45/C45 -> 62.533333 | J45: =I45+G45 -> 112.53333
B46: 75000 | C46: 20000 | D46: =B46-C46 -> 55000 | E46: 0 | F46: 2750000 | G46: =F46/D46 -> 50 | H46: 1250000 | I46: =H46/C46 -> 62.5 | J46: =I46+G46 -> 112.5
B61: York Dry Goods | C61: NAP | E61: NAP
B62: Victorian Mixed Use | C62: NAP | E62: NAP
B63: LRO1 | C63: 4289063 | E63: 142.96877
B64: LRO2 | C64: 5718750 | E64: 142.96875
B65: MRO1 | C65: 17205000 | E65: 430.125
B66: MRO2 | C66: 15975439 | E66: 798.77195
B67: Retail 1 | C67: 375000 | E67: 37.5
B68: Retail 2 | C68: 750000 | E68: 37.5
B69: Supermarket | C69: 4124751 | E69: 82.49502
B70: Q-Mart | C70: 7500000 | E70: 75
B71: Townhouses | C71: 978000 | E71: 97.8
B72: Podium Apartments 1 | C72: 4032000 | E72: 201.6
B73: Podium Apartments 2 | C73: 4743909 | E73: 237.19545
B74: Luxury Condos 1 | C74: 11102960 | E74: 555.148
B75: Luxury Condos 2 | C75: 11683887 | E75: 584.19435
B76: Park | C76: NAP | E76: NAP
B77: Sport | C77: NAP | E77: NAP
B78: Skate | C78: NAP | E78: NAP
B79: Shelter | C79: NAP | E79: NAP
